Workbook

Sheet Bucket Model
A1: Time | D1: Income Goals | H1: Bucket Goals | K1: Buckets | V1: Parameters | Y1: Stochastic Data | AE1: Historic Dow
A2: Age | B2: Year | D2: Income Before Tax | E2: Social Security | F2: Cash Draw Needed | H2: Cash (2 years) | I2: Bonds (3 years) | K2: Draw <- | L2: Cash | M2: <- Transfer <- | N2: Bonds | O2: <- Transfer <- | P2: Deferred Transfer | Q2: Stock Variation | R2: Stocks | S2: Total Assets | T2: Draw Percentage | V2: Variables | Y2: Random Variation | Z2: Historic Variation | AA2: Random Year | AB2: Random Decade | AE2: Dow | AG2: 1
A3: 55 | B3: 2019 | D3: =W5/(1-W7) -> 48338.369 | V3: Inflation | W3: ='[1]Retirement (70)'!$T$4 -> 0.03 | AE3: 1901 | AF3: -0.08689709 | AG3: =AG2*(1+AF3) -> 0.91310291 | AH3: =POWER(AG$120/AG2,1/ROWS(AG2:AG$119))-1 -> 0.053245879
A4: =A3+1 -> 56 | B4: =B3+1 -> 2020 | D4: =D3*(1+W$3) -> 49788.52 | V4: Social Security (2019) | W4: 22000 | AE4: =AE3+1 -> 1902 | AF4: -0.00427716 | AG4: =AG3*(1+AF4) -> 0.90919742 | AH4: =POWER(AG$120/AG3,1/ROWS(AG3:AG$119))-1 -> 0.054532014
A5: =A4+1 -> 57 | B5: =B4+1 -> 2021 | D5: =D4*(1+W$3) -> 51282.175 | V5: After Tax income | W5: 40000 | AE5: =AE4+1 -> 1903 | AF5: -0.23603952 | AG5: =AG4*(1+AF5) -> 0.6945909 | AH5: =POWER(AG$120/AG4,1/ROWS(AG4:AG$119))-1 -> 0.055053804
A6: =A5+1 -> 58 | B6: =B5+1 -> 2022 | D6: =D5*(1+W$3) -> 52820.64 | V6: After Tax income @ 80 | W6: =$W$5 -> 40000 | AE6: =AE5+1 -> 1904 | AF6: 0.42620186 | AG6: =AG5*(1+AF6) -> 0.99062683 | AH6: =POWER(AG$120/AG5,1/ROWS(AG5:AG$119))-1 -> 0.058019739
A7: =A6+1 -> 59 | B7: =B6+1 -> 2023 | D7: =D6*(1+W$3) -> 54405.26 | V7: Tax Rate | W7: ='[1]Retirement (70)'!$T$7 -> 0.1725 | AE7: =AE6+1 -> 1905 | AF7: 0.37847428 | AG7: =AG6*(1+AF7) -> 1.3655536 | AH7: =POWER(AG$120/AG6,1/ROWS(AG6:AG$119))-1 -> 0.055251949
A8: =A7+1 -> 60 | B8: =B7+1 -> 2024 | D8: =D7*(1+W$3) -> 56037.417 | V8: Stock Return | W8: 0.11 | AE8: =AE7+1 -> 1906 | AF8: -0.022880023 | AG8: =AG7*(1+AF8) -> 1.3343097 | AH8: =POWER(AG$120/AG7,1/ROWS(AG7:AG$119))-1 -> 0.052759668
A9: =A8+1 -> 61 | B9: =B8+1 -> 2025 | D9: =D8*(1+W$3) -> 57718.54 | V9: Bond Return | W9: 0.02 | AE9: =AE8+1 -> 1907 | AF9: -0.3772867 | AG9: =AG8*(1+AF9) -> 0.8308924 | AH9: =POWER(AG$120/AG8,1/ROWS(AG8:AG$119))-1 -> 0.053460746
A10: =A9+1 -> 62 | B10: =B9+1 -> 2026 | D10: =D9*(1+W$3) -> 59450.096 | V10: Cash Return | W10: 0.001 | AE10: =AE9+1 -> 1908 | AF10: 0.46627497 | AG10: =AG9*(1+AF10) -> 1.2183167 | AH10: =POWER(AG$120/AG9,1/ROWS(AG9:AG$119))-1 -> 0.058462281
A11: =A10+1 -> 63 | B11: =B10+1 -> 2027 | D11: =D10*(1+W$3) -> 61233.599 | V11: Initial 401(k) Balance | W11: 1000000 | AE11: =AE10+1 -> 1909 | AF11: 0.14986376 | AG11: =AG10*(1+AF11) -> 1.4008983 | AH11: =POWER(AG$120/AG10,1/ROWS(AG10:AG$119))-1 -> 0.055330911
A12: =A11+1 -> 64 | B12: =B11+1 -> 2028 | D12: =D11*(1+W$3) -> 63070.607 | H12: =SUM(F13:F14) -> 131874.33 | I12: =SUM(F15:F17) -> 213021.6 | L12: =M12 -> 131874.33 | M12: =H12 -> 131874.33 | N12: =O12-M12 -> 213021.6 | O12: =H12+I12 -> 344895.93 | R12: =W$11-O12 -> 655104.07 | S12: =L12+N12+R12 -> 1000000 | AE12: =AE11+1 -> 1910 | AF12: -0.1781433 | AG12: =AG11*(1+AF12) -> 1.1513376 | AH12: =POWER(AG$120/AG11,1/ROWS(AG11:AG$119))-1 -> 0.054500633
A13: =A12+1 -> 65 | B13: =B12+1 -> 2029 | D13: =D12*(1+W$3) -> 64962.725 | F13: =D13-E13 -> 64962.725 | H13: =SUM(F14:F15) -> 135830.56 | I13: =SUM(F16:F18) -> 204331.12 | K13: =MIN(F13, L12+M13) -> 64962.725 | L13: =(L12+M13-K13)*(1+W$10) -> 135966.39 | M13: =MIN(H13-L12+F13,N12+O13) -> 68918.955 | N13: =(N12+O13-M13)*(1+W$9) -> 208417.74 | O13: =MIN(I13-N12+(H13-L12+F13),R12)-P13 -> 60228.479 | R13: =(R12-O13)*(1+W$8+Q13) -> 660311.91 | S13: =L13+N13+R13 -> 1004696 | T13: =K13/(MAX(S12,0.001)) -> 0.064962725 | V13: Social Security (July 2034 $) | W13: =$W$4*POWER(1+$W$3, 15) -> 34275.283 | Z13: 1901 | AE13: =AE12+1 -> 1911 | AF13: 0.0020352782 | AG13: =AG12*(1+AF13) -> 1.1536809 | AH13: =POWER(AG$120/AG12,1/ROWS(AG12:AG$119))-1 -> 0.056937158
A14: =A13+1 -> 66 | B14: =B13+1 -> 2030 | D14: =D13*(1+W$3) -> 66911.607 | F14: =D14-E14 -> 66911.607 | H14: =SUM(F15:F16) -> 139905.48 | I14: =SUM(F17:F19) -> 180751.24 | K14: =MIN(F14, L13+M14) -> 66911.607 | L14: =(L13+M14-K14)*(1+W$10) -> 140045.38 | M14: =MIN(H14-L13+F14,N13+O14) -> 70850.693 | N14: =(N13+O14-M14)*(1+W$9) -> 184366.27 | O14: =MIN(I14-N13+(H14-L13+F14),R13)-P14 -> 43184.189 | R14: =(R13-O14)*(1+W$8+Q14) -> 685011.76 | S14: =L14+N14+R14 -> 1009423.4 | T14: =K14/(MAX(S13,0.001)) -> 0.066598856 | V14: Multiplier | W14: 0.88 | Y14: =_xlfn.NORM.INV(RAND(), 0,0.04775) -> -0.0082584956 | Z14: =OFFSET($AF$2,$Z$13+ROW($A1)-1901,0,1,1) -> -0.08689709 | AA14: =OFFSET($AF$3,RANDBETWEEN(1945,2018)-1901,0,1,1) -> 0.02257384 | AB14: =OFFSET($AF$2,$AC$14+ROW($A1)-1901,0,1,1) -> 0.22583565 | AC14: =RANDBETWEEN(1945, 2009) -> 1986 | AE14: =AE13+1 -> 1912 | AF14: 0.07718348 | AG14: =AG13*(1+AF14) -> 1.242726 | AH14: =POWER(AG$120/AG13,1/ROWS(AG13:AG$119))-1 -> 0.057464198
A15: =A14+1 -> 67 | B15: =B14+1 -> 2031 | D15: =D14*(1+W$3) -> 68918.955 | F15: =D15-E15 -> 68918.955 | H15: =SUM(F16:F17) -> 144102.64 | I15: =SUM(F18:F20) -> 156463.96 | K15: =MIN(F15, L14+M15) -> 68918.955 | L15: =(L14+M15-K15)*(1+W$10) -> 144246.75 | M15: =MIN(H15-L14+F15,N14+O15) -> 72976.214 | N15: =(N14+O15-M15)*(1+W$9) -> 159593.24 | O15: =MIN(I15-N14+(H15-L14+F15),R14)-P15 -> 45073.911 | R15: =(R14-O15)*(1+W$8+Q15) -> 710331.02 | S15: =L15+N15+R15 -> 1014171 | T15: =K15/(MAX(S14,0.001)) -> 0.068275566 | V15: Social Security (2034) | W15: =$W$13*$W$14 -> 30162.249 | Y15: =_xlfn.NORM.INV(RAND(), 0,0.04775) -> -0.04889525 | Z15: =OFFSET($AF$2,$Z$13+ROW($A2)-1901,0,1,1) -> -0.00427716 | AA15: =OFFSET($AF$3,RANDBETWEEN(1945,2018)-1901,0,1,1) -> 0.04810095 | AB15: =OFFSET($AF$2,$AC$14+ROW($A2)-1901,0,1,1) -> 0.02257384 | AE15: =AE14+1 -> 1913 | AF15: -0.10339409 | AG15: =AG14*(1+AF15) -> 1.1142355 | AH15: =POWER(AG$120/AG14,1/ROWS(AG14:AG$119))-1 -> 0.057279896
A16: =A15+1 -> 68 | B16: =B15+1 -> 2032 | D16: =D15*(1+W$3) -> 70986.524 | F16: =D16-E16 -> 70986.524 | H16: =SUM(F17:F18) -> 133344.6 | I16: =SUM(F19:F21) -> 146529.19 | K16: =MIN(F16, L15+M16) -> 70986.524 | L16: =(L15+M16-K16)*(1+W$10) -> 133477.94 | M16: =MIN(H16-L15+F16,N15+O16) -> 60084.376 | N16: =(N15+O16-M16)*(1+W$9) -> 149459.77 | O16: =MIN(I16-N15+(H16-L15+F16),R15)-P16 -> 47020.325 | R16: =(R15-O16)*(1+W$8+Q16) -> 736274.87 | S16: =L16+N16+R16 -> 1019212.6 | T16: =K16/(MAX(S15,0.001)) -> 0.06999463 | Y16: =_xlfn.NORM.INV(RAND(), 0,0.04775) -> -0.00869299 | Z16: =OFFSET($AF$2,$Z$13+ROW($A3)-1901,0,1,1) -> -0.23603952 | AA16: =OFFSET($AF$3,RANDBETWEEN(1945,2018)-1901,0,1,1) -> 0.16098276 | AB16: =OFFSET($AF$2,$AC$14+ROW($A3)-1901,0,1,1) -> 0.11852692 | AE16: =AE15+1 -> 1914 | AF16: -0.043463021 | AG16: =AG15*(1+AF16) -> 1.0658075 | AH16: =POWER(AG$120/AG15,1/ROWS(AG15:AG$119))-1 -> 0.058941012
A17: =A16+1 -> 69 | B17: =B16+1 -> 2033 | D17: =D16*(1+W$3) -> 73116.12 | F17: =D17-E17 -> 73116.12 | H17: =SUM(F18:F19) -> 107635.12 | I17: =SUM(F20:F22) -> 150925.07 | K17: =MIN(F17, L16+M17) -> 73116.12 | L17: =(L16+M17-K17)*(1+W$10) -> 107742.76 | M17: =MIN(H17-L16+F17,N16+O17) -> 47273.298 | N17: =(N16+O17-M17)*(1+W$9) -> 153943.57 | O17: =MIN(I17-N16+(H17-L16+F17),R16)-P17 -> 48738.589 | R17: =(R16-O17)*(1+W$8+Q17) -> 763165.27 | S17: =L17+N17+R17 -> 1024851.6 | T17: =K17/(MAX(S16,0.001)) -> 0.07173785 | V17: Transfers Take place at beginning of year | Y17: =_xlfn.NORM.INV(RAND(), 0,0.04775) -> 0.0069796489 | Z17: =OFFSET($AF$2,$Z$13+ROW($A4)-1901,0,1,1) -> 0.42620186 | AA17: =OFFSET($AF$3,RANDBETWEEN(1945,2018)-1901,0,1,1) -> 0.061151508 | AB17: =OFFSET($AF$2,$AC$14+ROW($A4)-1901,0,1,1) -> 0.26957484 | AE17: =AE16+1 -> 1915 | AF17: 0.81659949 | AG17: =AG16*(1+AF17) -> 1.9361453 | AH17: =POWER(AG$120/AG16,1/ROWS(AG16:AG$119))-1 -> 0.059977093
A18: =A17+1 -> 70 | B18: =B17+1 -> 2034 | D18: =D17*(1+W$3) -> 75309.603 | E18: =W$15/2 -> 15081.125 | F18: =D18-E18 -> 60228.479 | H18: =SUM(F19:F20) -> 96235.484 | I18: =SUM(F21:F23) -> 155452.82 | K18: =MIN(F18, L17+M18) -> 60228.479 | L18: =(L17+M18-K18)*(1+W$10) -> 96331.719 | M18: =MIN(H18-L17+F18,N17+O18) -> 48721.206 | N18: =(N17+O18-M18)*(1+W$9) -> 158561.87 | O18: =MIN(I18-N17+(H18-L17+F18),R17)-P18 -> 50230.457 | R18: =(R17-O18)*(1+W$8+Q18) -> 791357.64 | S18: =L18+N18+R18 -> 1046251.2 | T18: =K18/(MAX(S17,0.001)) -> 0.058768 | V18: Transfers/Draw take place right to left | Y18: =_xlfn.NORM.INV(RAND(), 0,0.04775) -> -0.10873197 | Z18: =OFFSET($AF$2,$Z$13+ROW($A5)-1901,0,1,1) -> 0.37847428 | AA18: =OFFSET($AF$3,RANDBETWEEN(1945,2018)-1901,0,1,1) -> 0.042757706 | AB18: =OFFSET($AF$2,$AC$14+ROW($A5)-1901,0,1,1) -> -0.043404039 | AE18: =AE17+1 -> 1916 | AF18: -0.041855774 | AG18: =AG17*(1+AF18) -> 1.8551064 | AH18: =POWER(AG$120/AG17,1/ROWS(AG17:AG$119))-1 -> 0.054447587
A19: =A18+1 -> 71 | B19: =B18+1 -> 2035 | D19: =D18*(1+W$3) -> 77568.891 | E19: =W$15*(1+W$2) -> 30162.249 | F19: =D19-E19 -> 47406.642 | H19: =SUM(F20:F21) -> 99122.548 | I19: =SUM(F22:F24) -> 160116.4 | K19: =MIN(F19, L18+M19) -> 47406.642 | L19: =(L18+M19-K19)*(1+W$10) -> 99221.671 | M19: =MIN(H19-L18+F19,N18+O19) -> 50197.471 | N19: =(N18+O19-M19)*(1+W$9) -> 163318.73 | O19: =MIN(I19-N18+(H19-L18+F19),R18)-P19 -> 51751.999 | R19: =(R18-O19)*(1+W$8+Q19) -> 820962.26 | S19: =L19+N19+R19 -> 1083502.7 | T19: =K19/(MAX(S18,0.001)) -> 0.045310954 | V19: Balance at end of year includes return gains | Y19: =_xlfn.NORM.INV(RAND(), 0,0.04775) -> 0.022658233 | Z19: =OFFSET($AF$2,$Z$13+ROW($A6)-1901,0,1,1) -> -0.022880023 | AA19: =OFFSET($AF$3,RANDBETWEEN(1945,2018)-1901,0,1,1) -> -0.070947825 | AB19: =OFFSET($AF$2,$AC$14+ROW($A6)-1901,0,1,1) -> 0.20317424 | AE19: =AE18+1 -> 1917 | AF19: -0.21705263 | AG19: =AG18*(1+AF19) -> 1.4524507 | AH19: =POWER(AG$120/AG18,1/ROWS(AG18:AG$119))-1 -> 0.055438137
A20: =A19+1 -> 72 | B20: =B19+1 -> 2036 | D20: =D19*(1+W$3) -> 79895.958 | E20: =E19*(1+W$3) -> 31067.117 | F20: =D20-E20 -> 48828.841 | H20: =SUM(F21:F22) -> 102096.22 | I20: =SUM(F23:F25) -> 164919.89 | K20: =MIN(F20, L19+M20) -> 48828.841 | L20: =(L19+M20-K20)*(1+W$10) -> 102198.32 | M20: =MIN(H20-L19+F20,N19+O20) -> 51703.395 | N20: =(N19+O20-M20)*(1+W$9) -> 168218.29 | O20: =MIN(I20-N19+(H20-L19+F20),R19)-P20 -> 53304.559 | R20: =(R19-O20)*(1+W$8+Q20) -> 852100.05 | S20: =L20+N20+R20 -> 1122516.7 | T20: =K20/(MAX(S19,0.001)) -> 0.045065733 | Y20: =_xlfn.NORM.INV(RAND(), 0,0.04775) -> -0.047269702 | Z20: =OFFSET($AF$2,$Z$13+ROW($A7)-1901,0,1,1) -> -0.3772867 | AA20: =OFFSET($AF$3,RANDBETWEEN(1945,2018)-1901,0,1,1) -> 0.14580993 | AB20: =OFFSET($AF$2,$AC$14+ROW($A7)-1901,0,1,1) -> 0.04175082 | AE20: =AE19+1 -> 1918 | AF20: 0.10513579 | AG20: =AG19*(1+AF20) -> 1.6051552 | AH20: =POWER(AG$120/AG19,1/ROWS(AG19:AG$119))-1 -> 0.058563569
A21: =A20+1 -> 73 | B21: =B20+1 -> 2037 | D21: =D20*(1+W$3) -> 82292.837 | E21: =E20*(1+W$3) -> 31999.13 | F21: =D21-E21 -> 50293.707 | H21: =SUM(F22:F23) -> 105159.11 | I21: =SUM(F24:F26) -> 169867.49 | K21: =MIN(F21, L20+M21) -> 50293.707 | L21: =(L20+M21-K21)*(1+W$10) -> 105264.27 | M21: =MIN(H21-L20+F21,N20+O21) -> 53254.497 | N21: =(N20+O21-M21)*(1+W$9) -> 173264.84 | O21: =MIN(I21-N20+(H21-L20+F21),R20)-P21 -> 54903.696 | R21: =(R20-O21)*(1+W$8+Q21) -> 884887.96 | S21: =L21+N21+R21 -> 1163417.1 | T21: =K21/(MAX(S20,0.001)) -> 0.044804419 | Y21: =_xlfn.NORM.INV(RAND(), 0,0.04775) -> -0.054889324 | Z21: =OFFSET($AF$2,$Z$13+ROW($A8)-1901,0,1,1) -> 0.46627497 | AA21: =OFFSET($AF$3,RANDBETWEEN(1945,2018)-1901,0,1,1) -> -0.070947825 | AB21: =OFFSET($AF$2,$AC$14+ROW($A8)-1901,0,1,1) -> 0.13722698 | AE21: =AE20+1 -> 1919 | AF21: 0.30450122 | AG21: =AG20*(1+AF21) -> 2.093927 | AH21: =POWER(AG$120/AG20,1/ROWS(AG20:AG$119))-1 -> 0.058107899
A22: =A21+1 -> 74 | B22: =B21+1 -> 2038 | D22: =D21*(1+W$3) -> 84761.622 | E22: =E21*(1+W$3) -> 32959.104 | F22: =D22-E22 -> 51802.518 | H22: =SUM(F23:F24) -> 108313.88 | I22: =SUM(F25:F27) -> 174963.52 | K22: =MIN(F22, L21+M22) -> 51802.518 | L22: =(L21+M22-K22)*(1+W$10) -> 108422.2 | M22: =MIN(H22-L21+F22,N21+O22) -> 54852.132 | N22: =(N21+O22-M22)*(1+W$9) -> 178462.79 | O22: =MIN(I22-N21+(H22-L21+F22),R21)-P22 -> 56550.807 | R22: =(R21-O22)*(1+W$8+Q22) -> 919454.24 | S22: =L22+N22+R22 -> 1206339.2 | T22: =K22/(MAX(S21,0.001)) -> 0.04452618 | V22: Parameters Adjust the parameters to make different assumptions about needed income, social security, taxes, and investment returns. Since social security will only be able to pay 77 cents on the dollar if nothing is done to fix it, an adjustment can be made to your expected social security. It will likely be fixed by a combination of tax increases and benefit cuts. Stock volitility can be simulated by filling in values in the Stock Variation column. A column of normally distributed random numbers and historic stock data are provided to the right for this purpose. Copy and paste the cells as values, else the random values will keep getting recomputed while you're trying to tweak other parameters. | Y22: =_xlfn.NORM.INV(RAND(), 0,0.04775) -> -0.065112267 | Z22: =OFFSET($AF$2,$Z$13+ROW($A9)-1901,0,1,1) -> 0.14986376 | AA22: =OFFSET($AF$3,RANDBETWEEN(1945,2018)-1901,0,1,1) -> -0.021523179 | AB22: =OFFSET($AF$2,$AC$14+ROW($A9)-1901,0,1,1) -> 0.021389947 | AE22: =AE21+1 -> 1920 | AF22: -0.3290124 | AG22: =AG21*(1+AF22) -> 1.404999 | AH22: =POWER(AG$120/AG21,1/ROWS(AG21:AG$119))-1 -> 0.055872862
A23: =A22+1 -> 75 | B23: =B22+1 -> 2039 | D23: =D22*(1+W$3) -> 87304.471 | E23: =E22*(1+W$3) -> 33947.877 | F23: =D23-E23 -> 53356.593 | H23: =SUM(F24:F25) -> 111563.3 | I23: =SUM(F26:F28) -> 180212.42 | K23: =MIN(F23, L22+M23) -> 53356.593 | L23: =(L22+M23-K23)*(1+W$10) -> 111674.86 | M23: =MIN(H23-L22+F23,N22+O23) -> 56497.696 | N23: =(N22+O23-M23)*(1+W$9) -> 183816.67 | O23: =MIN(I23-N22+(H23-L22+F23),R22)-P23 -> 58247.331 | R23: =(R22-O23)*(1+W$8+Q23) -> 955939.66 | S23: =L23+N23+R23 -> 1251431.2 | T23: =K23/(MAX(S22,0.001)) -> 0.044230174 | Y23: =_xlfn.NORM.INV(RAND(), 0,0.04775) -> -0.0035665695 | Z23: =OFFSET($AF$2,$Z$13+ROW($A10)-1901,0,1,1) -> -0.1781433 | AA23: =OFFSET($AF$3,RANDBETWEEN(1945,2018)-1901,0,1,1) -> 0.27657643 | AB23: =OFFSET($AF$2,$AC$14+ROW($A10)-1901,0,1,1) -> 0.33452431 | AE23: =AE22+1 -> 1921 | AF23: 0.12300208 | AG23: =AG22*(1+AF23) -> 1.5778168 | AH23: =POWER(AG$120/AG22,1/ROWS(AG22:AG$119))-1 -> 0.060768909
A24: =A23+1 -> 76 | B24: =B23+1 -> 2040 | D24: =D23*(1+W$3) -> 89923.605 | E24: =E23*(1+W$3) -> 34966.314 | F24: =D24-E24 -> 54957.291 | H24: =SUM(F25:F26) -> 114910.2 | I24: =SUM(F27:F29) -> 185618.79 | K24: =MIN(F24, L23+M24) -> 54957.291 | L24: =(L23+M24-K24)*(1+W$10) -> 115025.11 | M24: =MIN(H24-L23+F24,N23+O24) -> 58192.627 | N24: =(N23+O24-M24)*(1+W$9) -> 189331.17 | O24: =MIN(I24-N23+(H24-L23+F24),R23)-P24 -> 59994.751 | R24: =(R23-O24)*(1+W$8+Q24) -> 994498.85 | S24: =L24+N24+R24 -> 1298855.1 | T24: =K24/(MAX(S23,0.001)) -> 0.043915551 | Y24: =_xlfn.NORM.INV(RAND(), 0,0.04775) -> 0.023329146 | Z24: =OFFSET($AF$2,$Z$13+ROW($A11)-1901,0,1,1) -> 0.0020352782 | AA24: =OFFSET($AF$3,RANDBETWEEN(1945,2018)-1901,0,1,1) -> 0.20317424 | AB24: =OFFSET($AF$2,$AC$24+ROW($A1)-1901,0,1,1) -> 0.16395409 | AC24: =RANDBETWEEN(1945, 2009) -> 1959 | AE24: =AE23+1 -> 1922 | AF24: 0.21497525 | AG24: =AG23*(1+AF24) -> 1.9170084 | AH24: =POWER(AG$120/AG23,1/ROWS(AG23:AG$119))-1 -> 0.060145628
A25: =A24+1 -> 77 | B25: =B24+1 -> 2041 | D25: =D24*(1+W$3) -> 92621.313 | E25: =E24*(1+W$3) -> 36015.303 | F25: =D25-E25 -> 56606.01 | H25: =SUM(F26:F27) -> 118357.51 | I25: =SUM(F28:F30) -> 191187.36 | K25: =MIN(F25, L24+M25) -> 56606.01 | L25: =(L24+M25-K25)*(1+W$10) -> 118475.86 | M25: =MIN(H25-L24+F25,N24+O25) -> 59938.406 | N25: =(N24+O25-M25)*(1+W$9) -> 195011.11 | O25: =MIN(I25-N24+(H25-L24+F25),R24)-P25 -> 61794.594 | R25: =(R24-O25)*(1+W$8+Q25) -> 1035301.7 | S25: =L25+N25+R25 -> 1348788.7 | T25: =K25/(MAX(S24,0.001)) -> 0.043581465 | Y25: =_xlfn.NORM.INV(RAND(), 0,0.04775) -> 0.0075969424 | Z25: =OFFSET($AF$2,$Z$13+ROW($A12)-1901,0,1,1) -> 0.07718348 | AA25: =OFFSET($AF$3,RANDBETWEEN(1945,2018)-1901,0,1,1) -> 0.18818785 | AB25: =OFFSET($AF$2,$AC$24+ROW($A2)-1901,0,1,1) -> -0.093464822 | AE25: =AE24+1 -> 1923 | AF25: -0.02699399 | AG25: =AG24*(1+AF25) -> 1.8652607 | AH25: =POWER(AG$120/AG24,1/ROWS(AG24:AG$119))-1 -> 0.058641318
A26: =A25+1 -> 78 | B26: =B25+1 -> 2042 | D26: =D25*(1+W$3) -> 95399.952 | E26: =E25*(1+W$3) -> 37095.762 | F26: =D26-E26 -> 58304.19 | H26: =SUM(F27:F28) -> 121908.23 | I26: =SUM(F29:F31) -> 196922.98 | K26: =MIN(F26, L25+M26) -> 58304.19 | L26: =(L25+M26-K26)*(1+W$10) -> 122030.14 | M26: =MIN(H26-L25+F26,N25+O26) -> 61736.558 | N26: =(N25+O26-M26)*(1+W$9) -> 200861.44 | O26: =MIN(I26-N25+(H26-L25+F26),R25)-P26 -> 63648.431 | R26: =(R25-O26)*(1+W$8+Q26) -> 1078535.2 | S26: =L26+N26+R26 -> 1401426.7 | T26: =K26/(MAX(S25,0.001)) -> 0.043227075 | Y26: =_xlfn.NORM.INV(RAND(), 0,0.04775) -> -0.036641738 | Z26: =OFFSET($AF$2,$Z$13+ROW($A13)-1901,0,1,1) -> -0.10339409 | AA26: =OFFSET($AF$3,RANDBETWEEN(1945,2018)-1901,0,1,1) -> 0.17641179 | AB26: =OFFSET($AF$2,$AC$24+ROW($A3)-1901,0,1,1) -> 0.18704335 | AE26: =AE25+1 -> 1924 | AF26: 0.2616206 | AG26: =AG25*(1+AF26) -> 2.3532513 | AH26: =POWER(AG$120/AG25,1/ROWS(AG25:AG$119))-1 -> 0.059581712
A27: =A26+1 -> 79 | B27: =B26+1 -> 2043 | D27: =D26*(1+W$3) -> 98261.951 | E27: =E26*(1+W$3) -> 38208.635 | F27: =D27-E27 -> 60053.316 | H27: =SUM(F28:F29) -> 125565.48 | I27: =SUM(F30:F32) -> 202830.67 | K27: =MIN(F27, L26+M27) -> 60053.316 | L27: =(L26+M27-K27)*(1+W$10) -> 125691.04 | M27: =MIN(H27-L26+F27,N26+O27) -> 63588.655 | N27: =(N26+O27-M27)*(1+W$9) -> 206887.28 | O27: =MIN(I27-N26+(H27-L26+F27),R26)-P27 -> 65557.884 | R27: =(R26-O27)*(1+W$8+Q27) -> 1124404.8 | S27: =L27+N27+R27 -> 1456983.1 | T27: =K27/(MAX(S26,0.001)) -> 0.042851556 | Y27: =_xlfn.NORM.INV(RAND(), 0,0.04775) -> -0.0035455732 | Z27: =OFFSET($AF$2,$Z$13+ROW($A14)-1901,0,1,1) -> -0.043463021 | AA27: =OFFSET($AF$3,RANDBETWEEN(1945,2018)-1901,0,1,1) -> -0.33836997 | AB27: =OFFSET($AF$2,$AC$24+ROW($A4)-1901,0,1,1) -> -0.10805635 | AE27: =AE26+1 -> 1925 | AF27: 0.29997511 | AG27: =AG26*(1+AF27) -> 3.0591681 | AH27: =POWER(AG$120/AG26,1/ROWS(AG26:AG$119))-1 -> 0.05761629
A28: =A27+1 -> 80 | B28: =B27+1 -> 2044 | D28: =D27*(1+W$3)*W$6/W$5 -> 101209.81 | E28: =E27*(1+W$3) -> 39354.894 | F28: =D28-E28 -> 61854.915 | H28: =SUM(F29:F30) -> 129332.44 | I28: =SUM(F31:F33) -> 208915.59 | K28: =MIN(F28, L27+M28) -> 61854.915 | L28: =(L27+M28-K28)*(1+W$10) -> 129461.78 | M28: =MIN(H28-L27+F28,N27+O28) -> 65496.314 | N28: =(N27+O28-M28)*(1+W$9) -> 213093.9 | O28: =MIN(I28-N27+(H28-L27+F28),R27)-P28 -> 67524.621 | R28: =(R27-O28)*(1+W$8+Q28) -> 1173137 | S28: =L28+N28+R28 -> 1515692.6 | T28: =K28/(MAX(S27,0.001)) -> 0.042454106 | Y28: =_xlfn.NORM.INV(RAND(), 0,0.04775) -> 0.054792069 | Z28: =OFFSET($AF$2,$Z$13+ROW($A15)-1901,0,1,1) -> 0.81659949 | AA28: =OFFSET($AF$3,RANDBETWEEN(1945,2018)-1901,0,1,1) -> 0.33968327 | AB28: =OFFSET($AF$2,$AC$24+ROW($A5)-1901,0,1,1) -> 0.17006594 | AE28: =AE27+1 -> 1926 | AF28: 0.0034469552 | AG28: =AG27*(1+AF28) -> 3.0697129 | AH28: =POWER(AG$120/AG27,1/ROWS(AG27:AG$119))-1 -> 0.05527249
A29: =A28+1 -> 81 | B29: =B28+1 -> 2045 | D29: =D28*(1+W$3) -> 104246.1 | E29: =E28*(1+W$3) -> 40535.541 | F29: =D29-E29 -> 63710.563 | H29: =SUM(F30:F31) -> 133212.42 | I29: =SUM(F32:F34) -> 215183.06 | K29: =MIN(F29, L28+M29) -> 63710.563 | L29: =(L28+M29-K29)*(1+W$10) -> 133345.63 | M29: =MIN(H29-L28+F29,N28+O29) -> 67461.204 | N29: =(N28+O29-M29)*(1+W$9) -> 219486.72 | O29: =MIN(I29-N28+(H29-L28+F29),R28)-P29 -> 69550.36 | R29: =(R28-O29)*(1+W$8+Q29) -> 1224981.1 | S29: =L29+N29+R29 -> 1577813.5 | T29: =K29/(MAX(S28,0.001)) -> 0.042033959 | Y29: =_xlfn.NORM.INV(RAND(), 0,0.04775) -> -0.040216043 | Z29: =OFFSET($AF$2,$Z$13+ROW($A16)-1901,0,1,1) -> -0.041855774 | AA29: =OFFSET($AF$3,RANDBETWEEN(1945,2018)-1901,0,1,1) -> 0.196 | AB29: =OFFSET($AF$2,$AC$24+ROW($A6)-1901,0,1,1) -> 0.14560944 | AE29: =AE28+1 -> 1927 | AF29: 0.27671756 | AG29: =AG28*(1+AF29) -> 3.9191564 | AH29: =POWER(AG$120/AG28,1/ROWS(AG28:AG$119))-1 -> 0.055850272
A30: =A29+1 -> 82 | B30: =B29+1 -> 2046 | D30: =D29*(1+W$3) -> 107373.49 | E30: =E29*(1+W$3) -> 41751.607 | F30: =D30-E30 -> 65621.88 | H30: =SUM(F31:F32) -> 137208.79 | I30: =SUM(F33:F35) -> 221638.55 | K30: =MIN(F30, L29+M30) -> 65621.88 | L30: =(L29+M30-K30)*(1+W$10) -> 137346 | M30: =MIN(H30-L29+F30,N29+O30) -> 69485.04 | N30: =(N29+O30-M30)*(1+W$9) -> 226071.32 | O30: =MIN(I30-N29+(H30-L29+F30),R29)-P30 -> 71636.87 | R30: =(R29-O30)*(1+W$8+Q30) -> 1280212.1 | S30: =L30+N30+R30 -> 1643629.5 | T30: =K30/(MAX(S29,0.001)) -> 0.041590391 | Y30: =_xlfn.NORM.INV(RAND(), 0,0.04775) -> -0.00073991862 | Z30: =OFFSET($AF$2,$Z$13+ROW($A17)-1901,0,1,1) -> -0.21705263 | AA30: =OFFSET($AF$3,RANDBETWEEN(1945,2018)-1901,0,1,1) -> 0.20267559 | AB30: =OFFSET($AF$2,$AC$24+ROW($A7)-1901,0,1,1) -> 0.10891202 | AE30: =AE29+1 -> 1928 | AF30: 0.49476831 | AG30: =AG29*(1+AF30) -> 5.8582308 | AH30: =POWER(AG$120/AG29,1/ROWS(AG29:AG$119))-1 -> 0.053648674
A31: =A30+1 -> 83 | B31: =B30+1 -> 2047 | D31: =D30*(1+W$3) -> 110594.69 | E31: =E30*(1+W$3) -> 43004.155 | F31: =D31-E31 -> 67590.536 | H31: =SUM(F32:F33) -> 141325.05 | I31: =SUM(F34:F36) -> 228287.7 | K31: =MIN(F31, L30+M31) -> 67590.536 | L31: =(L30+M31-K31)*(1+W$10) -> 141466.38 | M31: =MIN(H31-L30+F31,N30+O31) -> 71569.591 | N31: =(N30+O31-M31)*(1+W$9) -> 232853.46 | O31: =MIN(I31-N30+(H31-L30+F31),R30)-P31 -> 73785.976 | R31: =(R30-O31)*(1+W$8+Q31) -> 1339133 | S31: =L31+N31+R31 -> 1713452.9 | T31: =K31/(MAX(S30,0.001)) -> 0.041122734 | Y31: =_xlfn.NORM.INV(RAND(), 0,0.04775) -> 0.068793318 | Z31: =OFFSET($AF$2,$Z$13+ROW($A18)-1901,0,1,1) -> 0.10513579 | AA31: =OFFSET($AF$3,RANDBETWEEN(1945,2018)-1901,0,1,1) -> 0.25322029 | AB31: =OFFSET($AF$2,$AC$24+ROW($A8)-1901,0,1,1) -> -0.18941504 | AE31: =AE30+1 -> 1929 | AF31: -0.17166667 | AG31: =AG30*(1+AF31) -> 4.8525679 | AH31: =POWER(AG$120/AG30,1/ROWS(AG30:AG$119))-1 -> 0.049562466
A32: =A31+1 -> 84 | B32: =B31+1 -> 2048 | D32: =D31*(1+W$3) -> 113912.53 | E32: =E31*(1+W$3) -> 44294.28 | F32: =D32-E32 -> 69618.252 | H32: =SUM(F33:F34) -> 145564.8 | I32: =SUM(F35:F37) -> 235136.33 | K32: =MIN(F32, L31+M32) -> 69618.252 | L32: =(L31+M32-K32)*(1+W$10) -> 145710.37 | M32: =MIN(H32-L31+F32,N31+O32) -> 73716.679 | N32: =(N31+O32-M32)*(1+W$9) -> 239839.06 | O32: =MIN(I32-N31+(H32-L31+F32),R31)-P32 -> 75999.556 | R32: =(R31-O32)*(1+W$8+Q32) -> 1402078.2 | S32: =L32+N32+R32 -> 1787627.6 | T32: =K32/(MAX(S31,0.001)) -> 0.040630386 | Y32: =_xlfn.NORM.INV(RAND(), 0,0.04775) -> 0.025413478 | Z32: =OFFSET($AF$2,$Z$13+ROW($A19)-1901,0,1,1) -> 0.30450122 | AA32: =OFFSET($AF$3,RANDBETWEEN(1945,2018)-1901,0,1,1) -> -0.031520693 | AB32: =OFFSET($AF$2,$AC$24+ROW($A9)-1901,0,1,1) -> 0.1519664 | AE32: =AE31+1 -> 1930 | AF32: -0.33762575 | AG32: =AG31*(1+AF32) -> 3.214216 | AH32: =POWER(AG$120/AG31,1/ROWS(AG31:AG$119))-1 -> 0.052357699
A33: =A32+1 -> 85 | B33: =B32+1 -> 2049 | D33: =D32*(1+W$3) -> 117329.91 | E33: =E32*(1+W$3) -> 45623.108 | F33: =D33-E33 -> 71706.8 | H33: =SUM(F34:F35) -> 149931.75 | I33: =SUM(F36:F38) -> 242190.43 | K33: =MIN(F33, L32+M33) -> 71706.8 | L33: =(L32+M33-K33)*(1+W$10) -> 150081.68 | M33: =MIN(H33-L32+F33,N32+O33) -> 75928.179 | N33: =(N32+O33-M33)*(1+W$9) -> 247034.23 | O33: =MIN(I33-N32+(H33-L32+F33),R32)-P33 -> 78279.542 | R33: =(R32-O33)*(1+W$8+Q33) -> 1469416.5 | S33: =L33+N33+R33 -> 1866532.4 | T33: =K33/(MAX(S32,0.001)) -> 0.040112829 | Y33: =_xlfn.NORM.INV(RAND(), 0,0.04775) -> 0.10980428 | Z33: =OFFSET($AF$2,$Z$13+ROW($A20)-1901,0,1,1) -> -0.3290124 | AA33: =OFFSET($AF$3,RANDBETWEEN(1945,2018)-1901,0,1,1) -> -0.061780797 | AB33: =OFFSET($AF$2,$AC$24+ROW($A10)-1901,0,1,1) -> 0.042757706 | AE33: =AE32+1 -> 1931 | AF33: -0.52673147 | AG33: =AG32*(1+AF33) -> 1.5211873 | AH33: =POWER(AG$120/AG32,1/ROWS(AG32:AG$119))-1 -> 0.057908617
A34: =A33+1 -> 86 | B34: =B33+1 -> 2050 | D34: =D33*(1+W$3) -> 120849.81 | E34: =E33*(1+W$3) -> 46991.801 | F34: =D34-E34 -> 73858.004 | H34: =SUM(F35:F36) -> 154429.7 | I34: =SUM(F37:F39) -> 249456.14 | K34: =MIN(F34, L33+M34) -> 73858.004 | L34: =(L33+M34-K34)*(1+W$10) -> 154584.13 | M34: =MIN(H34-L33+F34,N33+O34) -> 78206.024 | N34: =(N33+O34-M34)*(1+W$9) -> 254445.26 | O34: =MIN(I34-N33+(H34-L33+F34),R33)-P34 -> 80627.929 | R34: =(R33-O34)*(1+W$8+Q34) -> 1541555.3 | S34: =L34+N34+R34 -> 1950584.7 | T34: =K34/(MAX(S33,0.001)) -> 0.039569634 | Y34: =_xlfn.NORM.INV(RAND(), 0,0.04775) -> 0.051885538 | Z34: =OFFSET($AF$2,$Z$13+ROW($A21)-1901,0,1,1) -> 0.12300208 | AA34: =OFFSET($AF$3,RANDBETWEEN(1945,2018)-1901,0,1,1) -> 0.16098276 | AB34: =OFFSET($AF$2,$AC$34+ROW($A1)-1901,0,1,1) -> -0.070947825 | AC34: =RANDBETWEEN(1945, 2009) -> 2001 | AE34: =AE33+1 -> 1932 | AF34: -0.23106547 | AG34: =AG33*(1+AF34) -> 1.1696934 | AH34: =POWER(AG$120/AG33,1/ROWS(AG33:AG$119))-1 -> 0.067735207
A35: =A34+1 -> 87 | B35: =B34+1 -> 2051 | D35: =D34*(1+W$3) -> 124475.3 | E35: =E34*(1+W$3) -> 48401.555 | F35: =D35-E35 -> 76073.744 | H35: =SUM(F36:F37) -> 159062.59 | I35: =SUM(F38:F40) -> 256939.82 | K35: =MIN(F35, L34+M35) -> 76073.744 | L35: =(L34+M35-K35)*(1+W$10) -> 159221.65 | M35: =MIN(H35-L34+F35,N34+O35) -> 80552.205 | N35: =(N34+O35-M35)*(1+W$9) -> 262078.62 | O35: =MIN(I35-N34+(H35-L34+F35),R34)-P35 -> 83046.767 | R35: =(R34-O35)*(1+W$8+Q35) -> 1618944.5 | S35: =L35+N35+R35 -> 2040244.7 | T35: =K35/(MAX(S34,0.001)) -> 0.039000483 | Y35: =_xlfn.NORM.INV(RAND(), 0,0.04775) -> -0.0095766604 | Z35: =OFFSET($AF$2,$Z$13+ROW($A22)-1901,0,1,1) -> 0.21497525 | AA35: =OFFSET($AF$3,RANDBETWEEN(1945,2018)-1901,0,1,1) -> 0.18704335 | AB35: =OFFSET($AF$2,$AC$34+ROW($A2)-1901,0,1,1) -> -0.1676266 | AE35: =AE34+1 -> 1933 | AF35: 0.66777963 | AG35: =AG34*(1+AF35) -> 1.9507909 | AH35: =POWER(AG$120/AG34,1/ROWS(AG34:AG$119))-1 -> 0.07181888
A36: =A35+1 -> 88 | B36: =B35+1 -> 2052 | D36: =D35*(1+W$3) -> 128209.56 | E36: =E35*(1+W$3) -> 49853.602 | F36: =D36-E36 -> 78355.956 | H36: =SUM(F37:F38) -> 163834.47 | I36: =SUM(F39:F41) -> 264648.02 | K36: =MIN(F36, L35+M36) -> 78355.956 | L36: =(L35+M36-K36)*(1+W$10) -> 163998.3 | M36: =MIN(H36-L35+F36,N35+O36) -> 82968.771 | N36: =(N35+O36-M36)*(1+W$9) -> 269940.98 | O36: =MIN(I36-N35+(H36-L35+F36),R35)-P36 -> 85538.17 | R36: =(R35-O36)*(1+W$8+Q36) -> 1702081 | S36: =L36+N36+R36 -> 2136020.3 | T36: =K36/(MAX(S35,0.001)) -> 0.038405175 | Y36: =_xlfn.NORM.INV(RAND(), 0,0.04775) -> -0.043832412 | Z36: =OFFSET($AF$2,$Z$13+ROW($A23)-1901,0,1,1) -> -0.02699399 | AA36: =OFFSET($AF$3,RANDBETWEEN(1945,2018)-1901,0,1,1) -> -0.093464822 | AB36: =OFFSET($AF$2,$AC$34+ROW($A3)-1901,0,1,1) -> 0.25322029 | AE36: =AE35+1 -> 1934 | AF36: 0.041041041 | AG36: =AG35*(1+AF36) -> 2.0308533 | AH36: =POWER(AG$120/AG35,1/ROWS(AG35:AG$119))-1 -> 0.06625818
A37: =A36+1 -> 89 | B37: =B36+1 -> 2053 | D37: =D36*(1+W$3) -> 132055.85 | E37: =E36*(1+W$3) -> 51349.21 | F37: =D37-E37 -> 80706.635 | H37: =SUM(F38:F39) -> 168749.5 | I37: =SUM(F40:F42) -> 272587.46 | K37: =MIN(F37, L36+M37) -> 80706.635 | L37: =(L36+M37-K37)*(1+W$10) -> 168918.25 | M37: =MIN(H37-L36+F37,N36+O37) -> 85457.834 | N37: =(N36+O37-M37)*(1+W$9) -> 278039.21 | O37: =MIN(I37-N36+(H37-L36+F37),R36)-P37 -> 88104.315 | R37: =(R36-O37)*(1+W$8+Q37) -> 1791514.1 | S37: =L37+N37+R37 -> 2238471.6 | T37: =K37/(MAX(S36,0.001)) -> 0.037783647 | Y37: =_xlfn.NORM.INV(RAND(), 0,0.04775) -> -0.031967663 | Z37: =OFFSET($AF$2,$Z$13+ROW($A24)-1901,0,1,1) -> 0.2616206 | AA37: =OFFSET($AF$3,RANDBETWEEN(1945,2018)-1901,0,1,1) -> 0.11852692 | AB37: =OFFSET($AF$2,$AC$34+ROW($A4)-1901,0,1,1) -> 0.031481074 | AE37: =AE36+1 -> 1935 | AF37: 0.38557692 | AG37: =AG36*(1+AF37) -> 2.8139035 | AH37: =POWER(AG$120/AG36,1/ROWS(AG36:AG$119))-1 -> 0.066562034
A38: =A37+1 -> 90 | B38: =B37+1 -> 2054 | D38: =D37*(1+W$3) -> 136017.52 | E38: =E37*(1+W$3) -> 52889.687 | F38: =D38-E38 -> 83127.834 | H38: =SUM(F39:F40) -> 173811.99 | I38: =SUM(F41:F43) -> 280765.08 | K38: =MIN(F38, L37+M38) -> 83127.834 | L38: =(L37+M38-K38)*(1+W$10) -> 173985.8 | M38: =MIN(H38-L37+F38,N37+O38) -> 88021.57 | N38: =(N37+O38-M38)*(1+W$9) -> 286380.38 | O38: =MIN(I38-N37+(H38-L37+F38),R37)-P38 -> 90747.444 | R38: =(R37-O38)*(1+W$8+Q38) -> 1887851 | S38: =L38+N38+R38 -> 2348217.2 | T38: =K38/(MAX(S37,0.001)) -> 0.03713598 | Y38: =_xlfn.NORM.INV(RAND(), 0,0.04775) -> 0.024809835 | Z38: =OFFSET($AF$2,$Z$13+ROW($A25)-1901,0,1,1) -> 0.29997511 | AA38: =OFFSET($AF$3,RANDBETWEEN(1945,2018)-1901,0,1,1) -> 0.04175082 | AB38: =OFFSET($AF$2,$AC$34+ROW($A5)-1901,0,1,1) -> -0.0060743763 | AE38: =AE37+1 -> 1936 | AF38: 0.24843858 | AG38: =AG37*(1+AF38) -> 3.5129857 | AH38: =POWER(AG$120/AG37,1/ROWS(AG37:AG$119))-1 -> 0.063204753
A39: =A38+1 -> 91 | B39: =B38+1 -> 2055 | D39: =D38*(1+W$3) -> 140098.05 | E39: =E38*(1+W$3) -> 54476.377 | F39: =D39-E39 -> 85621.669 | H39: =SUM(F40:F41) -> 179026.35 | I39: =SUM(F42:F44) -> 289188.03 | K39: =MIN(F39, L38+M39) -> 85621.669 | L39: =(L38+M39-K39)*(1+W$10) -> 179205.37 | M39: =MIN(H39-L38+F39,N38+O39) -> 90662.217 | N39: =(N38+O39-M39)*(1+W$9) -> 294971.79 | O39: =MIN(I39-N38+(H39-L38+F39),R38)-P39 -> 93469.867 | R39: =(R38-O39)*(1+W$8+Q39) -> 1991763 | S39: =L39+N39+R39 -> 2465940.2 | T39: =K39/(MAX(S38,0.001)) -> 0.036462415 | Y39: =_xlfn.NORM.INV(RAND(), 0,0.04775) -> -0.014852435 | Z39: =OFFSET($AF$2,$Z$13+ROW($A26)-1901,0,1,1) -> 0.0034469552 | AA39: =OFFSET($AF$3,RANDBETWEEN(1945,2018)-1901,0,1,1) -> -0.0060743763 | AB39: =OFFSET($AF$2,$AC$34+ROW($A6)-1901,0,1,1) -> 0.16288314 | AE39: =AE38+1 -> 1937 | AF39: -0.32795998 | AG39: =AG38*(1+AF39) -> 2.360867 | AH39: =POWER(AG$120/AG38,1/ROWS(AG38:AG$119))-1 -> 0.061124388
A40: =A39+1 -> 92 | B40: =B39+1 -> 2056 | D40: =D39*(1+W$3) -> 144300.99 | E40: =E39*(1+W$3) -> 56110.668 | F40: =D40-E40 -> 88190.319 | H40: =SUM(F41:F42) -> 184397.14 | I40: =SUM(F43:F45) -> 297863.67 | K40: =MIN(F40, L39+M40) -> 88190.319 | L40: =(L39+M40-K40)*(1+W$10) -> 184581.54 | M40: =MIN(H40-L39+F40,N39+O40) -> 93382.083 | N40: =(N39+O40-M40)*(1+W$9) -> 303820.95 | O40: =MIN(I40-N39+(H40-L39+F40),R39)-P40 -> 96273.963 | R40: =(R39-O40)*(1+W$8+Q40) -> 2103992.9 | S40: =L40+N40+R40 -> 2592395.4 | T40: =K40/(MAX(S39,0.001)) -> 0.035763365 | Y40: =_xlfn.NORM.INV(RAND(), 0,0.04775) -> -0.089065299 | Z40: =OFFSET($AF$2,$Z$13+ROW($A27)-1901,0,1,1) -> 0.27671756 | AA40: =OFFSET($AF$3,RANDBETWEEN(1945,2018)-1901,0,1,1) -> 0.021389947 | AB40: =OFFSET($AF$2,$AC$34+ROW($A7)-1901,0,1,1) -> 0.06431735 | AE40: =AE39+1 -> 1938 | AF40: 0.28039702 | AG40: =AG39*(1+AF40) -> 3.0228471 | AH40: =POWER(AG$120/AG39,1/ROWS(AG39:AG$119))-1 -> 0.06712507
A41: =A40+1 -> 93 | B41: =B40+1 -> 2057 | D41: =D40*(1+W$3) -> 148630.02 | E41: =E40*(1+W$3) -> 57793.988 | F41: =D41-E41 -> 90836.029 | H41: =SUM(F42:F43) -> 189929.05 | I41: =SUM(F44:F46) -> 306799.58 | K41: =MIN(F41, L40+M41) -> 90836.029 | L41: =(L40+M41-K41)*(1+W$10) -> 190118.98 | M41: =MIN(H41-L40+F41,N40+O41) -> 96183.546 | N41: =(N40+O41-M41)*(1+W$9) -> 312935.58 | O41: =MIN(I41-N40+(H41-L40+F41),R40)-P41 -> 99162.182 | R41: =(R40-O41)*(1+W$8+Q41) -> 2225362.1 | S41: =L41+N41+R41 -> 2728416.6 | T41: =K41/(MAX(S40,0.001)) -> 0.03503942 | Y41: =_xlfn.NORM.INV(RAND(), 0,0.04775) -> -0.012729692 | Z41: =OFFSET($AF$2,$Z$13+ROW($A28)-1901,0,1,1) -> 0.49476831 | AA41: =OFFSET($AF$3,RANDBETWEEN(1945,2018)-1901,0,1,1) -> 0.25221644 | AB41: =OFFSET($AF$2,$AC$34+ROW($A8)-1901,0,1,1) -> -0.33836997 | AE41: =AE40+1 -> 1939 | AF41: -0.029715762 | AG41: =AG40*(1+AF41) -> 2.9330209 | AH41: =POWER(AG$120/AG40,1/ROWS(AG40:AG$119))-1 -> 0.064697431
A42: =A41+1 -> 94 | B42: =B41+1 -> 2058 | D42: =D41*(1+W$3) -> 153088.92 | E42: =E41*(1+W$3) -> 59527.808 | F42: =D42-E42 -> 93561.109 | H42: =SUM(F43:F44) -> 195626.92 | I42: =SUM(F45:F47) -> 316003.57 | K42: =MIN(F42, L41+M42) -> 93561.109 | L42: =(L41+M42-K42)*(1+W$10) -> 195822.55 | M42: =MIN(H42-L41+F42,N41+O42) -> 99069.052 | N42: =(N41+O42-M42)*(1+W$9) -> 322323.64 | O42: =MIN(I42-N41+(H42-L41+F42),R41)-P42 -> 102137.05 | R42: =(R41-O42)*(1+W$8+Q42) -> 2356779.8 | S42: =L42+N42+R42 -> 2874926 | T42: =K42/(MAX(S41,0.001)) -> 0.034291357 | Y42: =_xlfn.NORM.INV(RAND(), 0,0.04775) -> -0.070309731 | Z42: =OFFSET($AF$2,$Z$13+ROW($A29)-1901,0,1,1) -> -0.17166667 | AA42: =OFFSET($AF$3,RANDBETWEEN(1945,2018)-1901,0,1,1) -> 0.196 | AB42: =OFFSET($AF$2,$AC$34+ROW($A9)-1901,0,1,1) -> 0.18818785 | AE42: =AE41+1 -> 1940 | AF42: -0.12716378 | AG42: =AG41*(1+AF42) -> 2.5600469 | AH42: =POWER(AG$120/AG41,1/ROWS(AG41:AG$119))-1 -> 0.065949616
A43: =A42+1 -> 95 | B43: =B42+1 -> 2059 | D43: =D42*(1+W$3) -> 157681.59 | E43: =E42*(1+W$3) -> 61313.642 | F43: =D43-E43 -> 96367.943 | H43: =SUM(F44:F45) -> 201495.73 | I43: =SUM(F46:F48) -> 325483.68 | K43: =MIN(F43, L42+M43) -> 96367.943 | L43: =(L42+M43-K43)*(1+W$10) -> 201697.23 | M43: =MIN(H43-L42+F43,N42+O43) -> 102041.12 | N43: =(N42+O43-M43)*(1+W$9) -> 331993.35 | O43: =MIN(I43-N42+(H43-L42+F43),R42)-P43 -> 105201.16 | R43: =(R42-O43)*(1+W$8+Q43) -> 2499252.3 | S43: =L43+N43+R43 -> 3032942.8 | T43: =K43/(MAX(S42,0.001)) -> 0.033520148 | Y43: =_xlfn.NORM.INV(RAND(), 0,0.04775) -> 0.027860334 | Z43: =OFFSET($AF$2,$Z$13+ROW($A30)-1901,0,1,1) -> -0.33762575 | AA43: =OFFSET($AF$3,RANDBETWEEN(1945,2018)-1901,0,1,1) -> 0.22583565 | AB43: =OFFSET($AF$2,$AC$34+ROW($A10)-1901,0,1,1) -> 0.11023303 | AE43: =AE42+1 -> 1941 | AF43: -0.15331808 | AG43: =AG42*(1+AF43) -> 2.1675454 | AH43: =POWER(AG$120/AG42,1/ROWS(AG42:AG$119))-1 -> 0.068684593
A44: =A43+1 -> 96 | B44: =B43+1 -> 2060 | D44: =D43*(1+W$3) -> 162412.03 | E44: =E43*(1+W$3) -> 63153.052 | F44: =D44-E44 -> 99258.981 | H44: =SUM(F45:F46) -> 207540.6 | I44: =SUM(F47:F49) -> 335248.19 | K44: =MIN(F44, L43+M44) -> 99258.981 | L44: =(L43+M44-K44)*(1+W$10) -> 207748.14 | M44: =MIN(H44-L43+F44,N43+O44) -> 105102.36 | N44: =(N43+O44-M44)*(1+W$9) -> 341953.15 | O44: =MIN(I44-N43+(H44-L43+F44),R43)-P44 -> 108357.19 | R44: =(R43-O44)*(1+W$8+Q44) -> 2653893.5 | S44: =L44+N44+R44 -> 3203594.8 | T44: =K44/(MAX(S43,0.001)) -> 0.032726954 | Y44: =_xlfn.NORM.INV(RAND(), 0,0.04775) -> -0.016938037 | Z44: =OFFSET($AF$2,$Z$13+ROW($A31)-1901,0,1,1) -> -0.52673147 | AA44: =OFFSET($AF$3,RANDBETWEEN(1945,2018)-1901,0,1,1) -> 0.20771513 | AB44: =OFFSET($AF$2,$AC$44+ROW($A1)-1901,0,1,1) -> 0.18704335 | AC44: =RANDBETWEEN(1945, 2009) -> 1961 | AE44: =AE43+1 -> 1942 | AF44: 0.075675676 | AG44: =AG43*(1+AF44) -> 2.3315759 | AH44: =POWER(AG$120/AG43,1/ROWS(AG43:AG$119))-1 -> 0.071921336
A45: =A44+1 -> 97 | B45: =B44+1 -> 2061 | D45: =D44*(1+W$3) -> 167284.39 | E45: =E44*(1+W$3) -> 65047.643 | F45: =D45-E45 -> 102236.75 | H45: =SUM(F46:F47) -> 213766.82 | I45: =SUM(F48:F50) -> 345305.64 | K45: =MIN(F45, L44+M45) -> 102236.75 | L45: =(L44+M45-K45)*(1+W$10) -> 213980.59 | M45: =MIN(H45-L44+F45,N44+O45) -> 108255.43 | N45: =(N44+O45-M45)*(1+W$9) -> 352211.75 | O45: =MIN(I45-N44+(H45-L44+F45),R44)-P45 -> 111607.91 | R45: =(R44-O45)*(1+W$8+Q45) -> 2821937 | S45: =L45+N45+R45 -> 3388129.4 | T45: =K45/(MAX(S44,0.001)) -> 0.031913134 | Y45: =_xlfn.NORM.INV(RAND(), 0,0.04775) -> 0.027672456 | Z45: =OFFSET($AF$2,$Z$13+ROW($A32)-1901,0,1,1) -> -0.23106547 | AA45: =OFFSET($AF$3,RANDBETWEEN(1945,2018)-1901,0,1,1) -> 0.14580993 | AB45: =OFFSET($AF$2,$AC$44+ROW($A2)-1901,0,1,1) -> -0.10805635 | AE45: =AE44+1 -> 1943 | AF45: 0.13819095 | AG45: =AG44*(1+AF45) -> 2.6537786 | AH45: =POWER(AG$120/AG44,1/ROWS(AG44:AG$119))-1 -> 0.071872024
A46: =A45+1 -> 98 | B46: =B45+1 -> 2062 | D46: =D45*(1+W$3) -> 172302.93 | E46: =E45*(1+W$3) -> 66999.072 | F46: =D46-E46 -> 105303.85 | H46: =SUM(F47:F48) -> 220179.83 | I46: =SUM(F49:F51) -> 355664.8 | K46: =MIN(F46, L45+M46) -> 105303.85 | L46: =(L45+M46-K46)*(1+W$10) -> 220400.01 | M46: =MIN(H46-L45+F46,N45+O46) -> 111503.09 | N46: =(N45+O46-M46)*(1+W$9) -> 362778.1 | O46: =MIN(I46-N45+(H46-L45+F46),R45)-P46 -> 114956.15 | R46: =(R45-O46)*(1+W$8+Q46) -> 3004748.8 | S46: =L46+N46+R46 -> 3587926.9 | T46: =K46/(MAX(S45,0.001)) -> 0.031080234 | Y46: =_xlfn.NORM.INV(RAND(), 0,0.04775) -> 0.018350956 | Z46: =OFFSET($AF$2,$Z$13+ROW($A33)-1901,0,1,1) -> 0.66777963 | AA46: =OFFSET($AF$3,RANDBETWEEN(1945,2018)-1901,0,1,1) -> 0.17006594 | AB46: =OFFSET($AF$2,$AC$44+ROW($A3)-1901,0,1,1) -> 0.17006594 | AE46: =AE45+1 -> 1944 | AF46: 0.12067697 | AG46: =AG45*(1+AF46) -> 2.9740285 | AH46: =POWER(AG$120/AG45,1/ROWS(AG45:AG$119))-1 -> 0.071014392
A47: =A46+1 -> 99 | B47: =B46+1 -> 2063 | D47: =D46*(1+W$3) -> 177472.01 | E47: =E46*(1+W$3) -> 69009.045 | F47: =D47-E47 -> 108462.97 | H47: =SUM(F48:F49) -> 226785.22 | I47: =SUM(F50:F52) -> 366334.75 | K47: =MIN(F47, L46+M47) -> 108462.97 | L47: =(L46+M47-K47)*(1+W$10) -> 227012.01 | M47: =MIN(H47-L46+F47,N46+O47) -> 114848.18 | N47: =(N46+O47-M47)*(1+W$9) -> 373661.44 | O47: =MIN(I47-N46+(H47-L46+F47),R46)-P47 -> 118404.83 | R47: =(R46-O47)*(1+W$8+Q47) -> 3203841.8 | S47: =L47+N47+R47 -> 3804515.2 | T47: =K47/(MAX(S46,0.001)) -> 0.030229983 | Y47: =_xlfn.NORM.INV(RAND(), 0,0.04775) -> -0.01549451 | Z47: =OFFSET($AF$2,$Z$13+ROW($A34)-1901,0,1,1) -> 0.041041041 | AA47: =OFFSET($AF$3,RANDBETWEEN(1945,2018)-1901,0,1,1) -> 0.17006594 | AB47: =OFFSET($AF$2,$AC$44+ROW($A4)-1901,0,1,1) -> 0.14560944 | AE47: =AE46+1 -> 1945 | AF47: 0.26657912 | AG47: =AG46*(1+AF47) -> 3.7668424 | AH47: =POWER(AG$120/AG46,1/ROWS(AG46:AG$119))-1 -> 0.070358571
A48: =A47+1 -> 100 | B48: =B47+1 -> 2064 | D48: =D47*(1+W$3) -> 182796.17 | E48: =E47*(1+W$3) -> 71079.316 | F48: =D48-E48 -> 111716.86 | H48: =SUM(F49:F50) -> 233588.78 | I48: =SUM(F51:F53) -> 377324.79 | K48: =MIN(F48, L47+M48) -> 111716.86 | L48: =(L47+M48-K48)*(1+W$10) -> 233822.37 | M48: =MIN(H48-L47+F48,N47+O48) -> 118293.63 | N48: =(N47+O48-M48)*(1+W$9) -> 384871.29 | O48: =MIN(I48-N47+(H48-L47+F48),R47)-P48 -> 121956.98 | R48: =(R47-O48)*(1+W$8+Q48) -> 3420892.1 | S48: =L48+N48+R48 -> 4039585.8 | T48: =K48/(MAX(S47,0.001)) -> 0.029364282 | Y48: =_xlfn.NORM.INV(RAND(), 0,0.04775) -> 0.050091145 | Z48: =OFFSET($AF$2,$Z$13+ROW($A35)-1901,0,1,1) -> 0.38557692 | AA48: =OFFSET($AF$3,RANDBETWEEN(1945,2018)-1901,0,1,1) -> -0.0060743763 | AB48: =OFFSET($AF$2,$AC$44+ROW($A5)-1901,0,1,1) -> 0.10891202 | AE48: =AE47+1 -> 1946 | AF48: -0.081389321 | AG48: =AG47*(1+AF48) -> 3.4602617 | AH48: =POWER(AG$120/AG47,1/ROWS(AG47:AG$119))-1 -> 0.067893344
A49: =A48+1 -> 101 | B49: =B48+1 -> 2065 | D49: =D48*(1+W$3) -> 188280.06 | E49: =E48*(1+W$3) -> 73211.695 | F49: =D49-E49 -> 115068.36 | H49: =SUM(F50:F51) -> 240596.44 | I49: =SUM(F52:F54) -> 388644.53 | K49: =MIN(F49, L48+M49) -> 115068.36 | L49: =(L48+M49-K49)*(1+W$10) -> 240837.04 | M49: =MIN(H49-L48+F49,N48+O49) -> 121842.44 | N49: =(N48+O49-M49)*(1+W$9) -> 396417.43 | O49: =MIN(I49-N48+(H49-L48+F49),R48)-P49 -> 125615.69 | R49: =(R48-O49)*(1+W$8+Q49) -> 3657756.8 | S49: =L49+N49+R49 -> 4295011.3 | T49: =K49/(MAX(S48,0.001)) -> 0.028485189 | Y49: =_xlfn.NORM.INV(RAND(), 0,0.04775) -> -0.04385354 | Z49: =OFFSET($AF$2,$Z$13+ROW($A36)-1901,0,1,1) -> 0.24843858 | AA49: =OFFSET($AF$3,RANDBETWEEN(1945,2018)-1901,0,1,1) -> 0.04810095 | AB49: =OFFSET($AF$2,$AC$44+ROW($A6)-1901,0,1,1) -> -0.18941504 | AE49: =AE48+1 -> 1947 | AF49: 0.022573363 | AG49: =AG48*(1+AF49) -> 3.5383714 | AH49: =POWER(AG$120/AG48,1/ROWS(AG48:AG$119))-1 -> 0.070129073
A50: =A49+1 -> 102 | B50: =B49+1 -> 2066 | D50: =D49*(1+W$3) -> 193928.46 | E50: =E49*(1+W$3) -> 75408.046 | F50: =D50-E50 -> 118520.41 | H50: =SUM(F51:F52) -> 247814.33 | I50: =SUM(F53:F55) -> 400303.87 | K50: =MIN(F50, L49+M50) -> 118520.41 | L50: =(L49+M50-K50)*(1+W$10) -> 248062.15 | M50: =MIN(H50-L49+F50,N49+O50) -> 125497.71 | N50: =(N49+O50-M50)*(1+W$9) -> 408309.95 | O50: =MIN(I50-N49+(H50-L49+F50),R49)-P50 -> 129384.16 | R50: =(R49-O50)*(1+W$8+Q50) -> 3916493.7 | S50: =L50+N50+R50 -> 4572865.8 | T50: =K50/(MAX(S49,0.001)) -> 0.027594902 | Y50: =_xlfn.NORM.INV(RAND(), 0,0.04775) -> -0.078007288 | Z50: =OFFSET($AF$2,$Z$13+ROW($A37)-1901,0,1,1) -> -0.32795998 | AA50: =OFFSET($AF$3,RANDBETWEEN(1945,2018)-1901,0,1,1) -> 0.10891202 | AB50: =OFFSET($AF$2,$AC$44+ROW($A7)-1901,0,1,1) -> 0.1519664 | AE50: =AE49+1 -> 1948 | AF50: -0.021523179 | AG50: =AG49*(1+AF50) -> 3.4622144 | AH50: =POWER(AG$120/AG49,1/ROWS(AG49:AG$119))-1 -> 0.07081443
A51: =A50+1 -> 103 | B51: =B50+1 -> 2067 | D51: =D50*(1+W$3) -> 199746.31 | E51: =E50*(1+W$3) -> 77670.288 | F51: =D51-E51 -> 122076.03 | H51: =SUM(F52:F53) -> 255248.76 | I51: =SUM(F54:F56) -> 412312.99 | K51: =MIN(F51, L50+M51) -> 122076.03 | L51: =(L50+M51-K51)*(1+W$10) -> 255504.01 | M51: =MIN(H51-L50+F51,N50+O51) -> 129262.64 | N51: =(N50+O51-M51)*(1+W$9) -> 420559.25 | O51: =MIN(I51-N50+(H51-L50+F51),R50)-P51 -> 133265.68 | R51: =(R50-O51)*(1+W$8+Q51) -> 4199383.1 | S51: =L51+N51+R51 -> 4875446.3 | T51: =K51/(MAX(S50,0.001)) -> 0.026695738 | Y51: =_xlfn.NORM.INV(RAND(), 0,0.04775) -> 0.011133346 | Z51: =OFFSET($AF$2,$Z$13+ROW($A38)-1901,0,1,1) -> 0.28039702 | AA51: =OFFSET($AF$3,RANDBETWEEN(1945,2018)-1901,0,1,1) -> 0.11852692 | AB51: =OFFSET($AF$2,$AC$44+ROW($A8)-1901,0,1,1) -> 0.042757706 | AE51: =AE50+1 -> 1949 | AF51: 0.1285956 | AG51: =AG50*(1+AF51) -> 3.90744 | AH51: =POWER(AG$120/AG50,1/ROWS(AG50:AG$119))-1 -> 0.072194798
A52: =A51+1 -> 104 | B52: =B51+1 -> 2068 | D52: =D51*(1+W$3) -> 205738.7 | E52: =E51*(1+W$3) -> 80000.396 | F52: =D52-E52 -> 125738.31 | H52: =SUM(F53:F54) -> 262906.23 | I52: =SUM(F55:F57) -> 424682.38 | K52: =MIN(F52, L51+M52) -> 125738.31 | L52: =(L51+M52-K52)*(1+W$10) -> 263169.13 | M52: =MIN(H52-L51+F52,N51+O52) -> 133140.52 | N52: =(N51+O52-M52)*(1+W$9) -> 433176.02 | O52: =MIN(I52-N51+(H52-L51+F52),R51)-P52 -> 137263.65 | R52: =(R51-O52)*(1+W$8+Q52) -> 4508952.6 | S52: =L52+N52+R52 -> 5205297.7 | T52: =K52/(MAX(S51,0.001)) -> 0.025790112 | Y52: =_xlfn.NORM.INV(RAND(), 0,0.04775) -> -0.022575321 | Z52: =OFFSET($AF$2,$Z$13+ROW($A39)-1901,0,1,1) -> -0.029715762 | AA52: =OFFSET($AF$3,RANDBETWEEN(1945,2018)-1901,0,1,1) -> 0.10891202 | AB52: =OFFSET($AF$2,$AC$44+ROW($A9)-1901,0,1,1) -> -0.15193897 | AE52: =AE51+1 -> 1950 | AF52: 0.17641179 | AG52: =AG51*(1+AF52) -> 4.5967584 | AH52: =POWER(AG$120/AG51,1/ROWS(AG51:AG$119))-1 -> 0.071398465
A53: =A52+1 -> 105 | B53: =B52+1 -> 2069 | D53: =D52*(1+W$3) -> 211910.86 | E53: =E52*(1+W$3) -> 82400.408 | F53: =D53-E53 -> 129510.46 | H53: =SUM(F54:F55) -> 270793.41 | I53: =SUM(F56:F58) -> 437422.85 | K53: =MIN(F53, L52+M53) -> 129510.46 | L53: =(L52+M53-K53)*(1+W$10) -> 271064.21 | M53: =MIN(H53-L52+F53,N52+O53) -> 137134.74 | N53: =(N52+O53-M53)*(1+W$9) -> 446171.3 | O53: =MIN(I53-N52+(H53-L52+F53),R52)-P53 -> 141381.56 | R53: =(R52-O53)*(1+W$8+Q53) -> 4848003.8 | S53: =L53+N53+R53 -> 5565239.3 | T53: =K53/(MAX(S52,0.001)) -> 0.024880509 | Y53: =_xlfn.NORM.INV(RAND(), 0,0.04775) -> -0.03549616 | Z53: =OFFSET($AF$2,$Z$13+ROW($A40)-1901,0,1,1) -> -0.12716378 | AA53: =OFFSET($AF$3,RANDBETWEEN(1945,2018)-1901,0,1,1) -> 0.18704335 | AB53: =OFFSET($AF$2,$AC$44+ROW($A10)-1901,0,1,1) -> 0.04810095 | AE53: =AE52+1 -> 1951 | AF53: 0.14358539 | AG53: =AG52*(1+AF53) -> 5.2567858 | AH53: =POWER(AG$120/AG52,1/ROWS(AG52:AG$119))-1 -> 0.069926239
A54: =A53+1 -> 106 | B54: =B53+1 -> 2070 | D54: =D53*(1+W$3) -> 218268.19 | E54: =E53*(1+W$3) -> 84872.421 | F54: =D54-E54 -> 133395.77 | H54: =SUM(F55:F56) -> 278917.22 | I54: =SUM(F57:F59) -> 450545.53 | K54: =MIN(F54, L53+M54) -> 133395.77 | L54: =(L53+M54-K54)*(1+W$10) -> 279196.13 | M54: =MIN(H54-L53+F54,N53+O54) -> 141248.78 | N54: =(N53+O54-M54)*(1+W$9) -> 459556.44 | O54: =MIN(I54-N53+(H54-L53+F54),R53)-P54 -> 145623.01 | R54: =(R53-O54)*(1+W$8+Q54) -> 5219642.7 | S54: =L54+N54+R54 -> 5958395.3 | T54: =K54/(MAX(S53,0.001)) -> 0.023969458 | Y54: =_xlfn.NORM.INV(RAND(), 0,0.04775) -> 0.11624098 | Z54: =OFFSET($AF$2,$Z$13+ROW($A41)-1901,0,1,1) -> -0.15331808 | AA54: =OFFSET($AF$3,RANDBETWEEN(1945,2018)-1901,0,1,1) -> 0.042757706 | AB54: =OFFSET($AF$2,$AC$54+ROW($A1)-1901,0,1,1) -> 0.031481074 | AC54: =RANDBETWEEN(1945, 2009) -> 2004 | AE54: =AE53+1 -> 1952 | AF54: 0.084323923 | AG54: =AG53*(1+AF54) -> 5.7000586 | AH54: =POWER(AG$120/AG53,1/ROWS(AG53:AG$119))-1 -> 0.068863568
A55: =A54+1 -> 107 | B55: =B54+1 -> 2071 | D55: =D54*(1+W$3) -> 224816.24 | E55: =E54*(1+W$3) -> 87418.593 | F55: =D55-E55 -> 137397.64 | H55: =SUM(F56:F57) -> 287284.73 | I55: =SUM(F58:F60) -> 464061.9 | K55: =MIN(F55, L54+M55) -> 137397.64 | L55: =(L54+M55-K55)*(1+W$10) -> 287572.02 | M55: =MIN(H55-L54+F55,N54+O55) -> 145486.24 | N55: =(N54+O55-M55)*(1+W$9) -> 473343.14 | O55: =MIN(I55-N54+(H55-L54+F55),R54)-P55 -> 149991.7 | R55: =(R54-O55)*(1+W$8+Q55) -> 5627312.6 | S55: =L55+N55+R55 -> 6388227.8 | T55: =K55/(MAX(S54,0.001)) -> 0.023059505 | Y55: =_xlfn.NORM.INV(RAND(), 0,0.04775) -> -0.045847817 | Z55: =OFFSET($AF$2,$Z$13+ROW($A42)-1901,0,1,1) -> 0.075675676 | AA55: =OFFSET($AF$3,RANDBETWEEN(1945,2018)-1901,0,1,1) -> 0.14560944 | AB55: =OFFSET($AF$2,$AC$54+ROW($A2)-1901,0,1,1) -> -0.0060743763 | AE55: =AE54+1 -> 1953 | AF55: -0.037684138 | AG55: =AG54*(1+AF55) -> 5.4852568 | AH55: =POWER(AG$120/AG54,1/ROWS(AG54:AG$119))-1 -> 0.068631024
A56: =A55+1 -> 108 | B56: =B55+1 -> 2072 | D56: =D55*(1+W$3) -> 231560.72 | E56: =E55*(1+W$3) -> 90041.151 | F56: =D56-E56 -> 141519.57 | H56: =SUM(F57:F58) -> 295903.27 | I56: =SUM(F59:F61) -> 477983.76 | K56: =MIN(F56, L55+M56) -> 141519.57 | L56: =(L55+M56-K56)*(1+W$10) -> 296199.18 | M56: =MIN(H56-L55+F56,N55+O56) -> 149850.83 | N56: =(N55+O56-M56)*(1+W$9) -> 487543.43 | O56: =MIN(I56-N55+(H56-L55+F56),R55)-P56 -> 154491.45 | R56: =(R55-O56)*(1+W$8+Q56) -> 6074831.5 | S56: =L56+N56+R56 -> 6858574.1 | T56: =K56/(MAX(S55,0.001)) -> 0.022153182 | Y56: =_xlfn.NORM.INV(RAND(), 0,0.04775) -> 0.078413554 | Z56: =OFFSET($AF$2,$Z$13+ROW($A43)-1901,0,1,1) -> 0.13819095 | AA56: =OFFSET($AF$3,RANDBETWEEN(1945,2018)-1901,0,1,1) -> 0.1285956 | AB56: =OFFSET($AF$2,$AC$54+ROW($A3)-1901,0,1,1) -> 0.16288314 | AE56: =AE55+1 -> 1954 | AF56: 0.43965824 | AG56: =AG55*(1+AF56) -> 7.8968951 | AH56: =POWER(AG$120/AG55,1/ROWS(AG55:AG$119))-1 -> 0.070355227
A57: =A56+1 -> 109 | B57: =B56+1 -> 2073 | D57: =D56*(1+W$3) -> 238507.55 | E57: =E56*(1+W$3) -> 92742.385 | F57: =D57-E57 -> 145765.16 | H57: =SUM(F58:F59) -> 304780.37 | I57: =SUM(F60:F62) -> 492323.27 | K57: =MIN(F57, L56+M57) -> 145765.16 | L57: =(L56+M57-K57)*(1+W$10) -> 305085.15 | M57: =MIN(H57-L56+F57,N56+O57) -> 154346.35 | N57: =(N56+O57-M57)*(1+W$9) -> 502169.73 | O57: =MIN(I57-N56+(H57-L56+F57),R56)-P57 -> 159126.19 | R57: =(R56-O57)*(1+W$8+Q57) -> 6566432.9 | S57: =L57+N57+R57 -> 7373687.8 | T57: =K57/(MAX(S56,0.001)) -> 0.021252983 | Y57: =_xlfn.NORM.INV(RAND(), 0,0.04775) -> 0.057369629 | Z57: =OFFSET($AF$2,$Z$13+ROW($A44)-1901,0,1,1) -> 0.12067697 | AA57: =OFFSET($AF$3,RANDBETWEEN(1945,2018)-1901,0,1,1) -> 0.16395409 | AB57: =OFFSET($AF$2,$AC$54+ROW($A4)-1901,0,1,1) -> 0.06431735 | AE57: =AE56+1 -> 1955 | AF57: 0.20771513 | AG57: =AG56*(1+AF57) -> 9.5371998 | AH57: =POWER(AG$120/AG56,1/ROWS(AG56:AG$119))-1 -> 0.065409352
A58: =A57+1 -> 110 | B58: =B57+1 -> 2074 | D58: =D57*(1+W$3) -> 245662.77 | E58: =E57*(1+W$3) -> 95524.657 | F58: =D58-E58 -> 150138.11 | H58: =SUM(F59:F60) -> 313923.78 | I58: =SUM(F61:F63) -> 507092.97 | K58: =MIN(F58, L57+M58) -> 150138.11 | L58: =(L57+M58-K58)*(1+W$10) -> 314237.71 | M58: =MIN(H58-L57+F58,N57+O58) -> 158976.75 | N58: =(N57+O58-M58)*(1+W$9) -> 517234.83 | O58: =MIN(I58-N57+(H58-L57+F58),R57)-P58 -> 163899.98 | R58: =(R57-O58)*(1+W$8+Q58) -> 7106811.5 | S58: =L58+N58+R58 -> 7938284.1 | T58: =K58/(MAX(S57,0.001)) -> 0.020361333 | Y58: =_xlfn.NORM.INV(RAND(), 0,0.04775) -> 0.060799843 | Z58: =OFFSET($AF$2,$Z$13+ROW($A45)-1901,0,1,1) -> 0.26657912 | AA58: =OFFSET($AF$3,RANDBETWEEN(1945,2018)-1901,0,1,1) -> 0.26014735 | AB58: =OFFSET($AF$2,$AC$54+ROW($A5)-1901,0,1,1) -> -0.33836997 | AE58: =AE57+1 -> 1956 | AF58: 0.022727273 | AG58: =AG57*(1+AF58) -> 9.7539543 | AH58: =POWER(AG$120/AG57,1/ROWS(AG57:AG$119))-1 -> 0.063291276
A59: =A58+1 -> 111 | B59: =B58+1 -> 2075 | D59: =D58*(1+W$3) -> 253032.65 | E59: =E58*(1+W$3) -> 98390.397 | F59: =D59-E59 -> 154642.26 | H59: =SUM(F60:F61) -> 323341.5 | I59: =SUM(F62:F64) -> 522305.76 | K59: =MIN(F59, L58+M59) -> 154642.26 | L59: =(L58+M59-K59)*(1+W$10) -> 323664.84 | M59: =MIN(H59-L58+F59,N58+O59) -> 163746.05 | N59: =(N58+O59-M59)*(1+W$9) -> 532751.87 | O59: =MIN(I59-N58+(H59-L58+F59),R58)-P59 -> 168816.98 | R59: =(R58-O59)*(1+W$8+Q59) -> 7701174 | S59: =L59+N59+R59 -> 8557590.7 | T59: =K59/(MAX(S58,0.001)) -> 0.019480565 | Y59: =_xlfn.NORM.INV(RAND(), 0,0.04775) -> -0.0060872505 | Z59: =OFFSET($AF$2,$Z$13+ROW($A46)-1901,0,1,1) -> -0.081389321 | AA59: =OFFSET($AF$3,RANDBETWEEN(1945,2018)-1901,0,1,1) -> 0.13415013 | AB59: =OFFSET($AF$2,$AC$54+ROW($A6)-1901,0,1,1) -> 0.18818785 | AE59: =AE58+1 -> 1957 | AF59: -0.12772773 | AG59: =AG58*(1+AF59) -> 8.5081039 | AH59: =POWER(AG$120/AG58,1/ROWS(AG58:AG$119))-1 -> 0.06395855
A60: =A59+1 -> 112 | B60: =B59+1 -> 2076 | D60: =D59*(1+W$3) -> 260623.63 | E60: =E59*(1+W$3) -> 101342.11 | F60: =D60-E60 -> 159281.53 | H60: =SUM(F61:F62) -> 333041.74 | I60: =SUM(F63:F65) -> 537974.93 | K60: =MIN(F60, L59+M60) -> 159281.53 | L60: =(L59+M60-K60)*(1+W$10) -> 333374.78 | M60: =MIN(H60-L59+F60,N59+O60) -> 168658.43 | N60: =(N59+O60-M60)*(1+W$9) -> 548734.43 | O60: =MIN(I60-N59+(H60-L59+F60),R59)-P60 -> 173881.49 | R60: =(R59-O60)*(1+W$8+Q60) -> 8355294.6 | S60: =L60+N60+R60 -> 9237403.9 | T60: =K60/(MAX(S59,0.001)) -> 0.018612894 | Y60: =_xlfn.NORM.INV(RAND(), 0,0.04775) -> 0.027751195 | Z60: =OFFSET($AF$2,$Z$13+ROW($A47)-1901,0,1,1) -> 0.022573363 | AA60: =OFFSET($AF$3,RANDBETWEEN(1945,2018)-1901,0,1,1) -> 0.25322029 | AB60: =OFFSET($AF$2,$AC$54+ROW($A7)-1901,0,1,1) -> 0.11023303 | AE60: =AE59+1 -> 1958 | AF60: 0.33968327 | AG60: =AG59*(1+AF60) -> 11.398164 | AH60: =POWER(AG$120/AG59,1/ROWS(AG59:AG$119))-1 -> 0.067429042
A61: =A60+1 -> 113 | B61: =B60+1 -> 2077 | D61: =D60*(1+W$3) -> 268442.34 | E61: =E60*(1+W$3) -> 104382.37 | F61: =D61-E61 -> 164059.97 | H61: =SUM(F62:F63) -> 343032.99 | I61: =SUM(F64:F66) -> 554114.18 | K61: =MIN(F61, L60+M61) -> 164059.97 | L61: =(L60+M61-K61)*(1+W$10) -> 343376.03 | M61: =MIN(H61-L60+F61,N60+O61) -> 173718.18 | N61: =(N60+O61-M61)*(1+W$9) -> 565196.46 | O61: =MIN(I61-N60+(H61-L60+F61),R60)-P61 -> 179097.93 | R61: =(R60-O61)*(1+W$8+Q61) -> 9075578.3 | S61: =L61+N61+R61 -> 9984150.8 | T61: =K61/(MAX(S60,0.001)) -> 0.017760398 | Y61: =_xlfn.NORM.INV(RAND(), 0,0.04775) -> 0.0042125585 | Z61: =OFFSET($AF$2,$Z$13+ROW($A48)-1901,0,1,1) -> -0.021523179 | AA61: =OFFSET($AF$3,RANDBETWEEN(1945,2018)-1901,0,1,1) -> 0.1285956 | AB61: =OFFSET($AF$2,$AC$54+ROW($A8)-1901,0,1,1) -> 0.055283908 | AE61: =AE60+1 -> 1959 | AF61: 0.16395409 | AG61: =AG60*(1+AF61) -> 13.26694 | AH61: =POWER(AG$120/AG60,1/ROWS(AG60:AG$119))-1 -> 0.063395038
A62: =A61+1 -> 114 | B62: =B61+1 -> 2078 | D62: =D61*(1+W$3) -> 276495.61 | E62: =E61*(1+W$3) -> 107513.84 | F62: =D62-E62 -> 168981.77 | H62: =SUM(F63:F64) -> 353323.98 | I62: =SUM(F65:F67) -> 570737.6 | K62: =MIN(F62, L61+M62) -> 168981.77 | L62: =(L61+M62-K62)*(1+W$10) -> 353677.31 | M62: =MIN(H62-L61+F62,N61+O62) -> 178929.73 | N62: =(N61+O62-M62)*(1+W$9) -> 582152.35 | O62: =MIN(I62-N61+(H62-L61+F62),R61)-P62 -> 184470.87 | R62: =(R61-O62)*(1+W$8+Q62) -> 9869129.3 | S62: =L62+N62+R62 -> 10804959 | T62: =K62/(MAX(S61,0.001)) -> 0.016925002 | Y62: =_xlfn.NORM.INV(RAND(), 0,0.04775) -> 0.0019833665 | Z62: =OFFSET($AF$2,$Z$13+ROW($A49)-1901,0,1,1) -> 0.1285956 | AA62: =OFFSET($AF$3,RANDBETWEEN(1945,2018)-1901,0,1,1) -> 0.11023303 | AB62: =OFFSET($AF$2,$AC$54+ROW($A9)-1901,0,1,1) -> 0.072566044 | AE62: =AE61+1 -> 1960 | AF62: -0.093464822 | AG62: =AG61*(1+AF62) -> 12.026948 | AH62: =POWER(AG$120/AG61,1/ROWS(AG61:AG$119))-1 -> 0.061767735
A63: =A62+1 -> 115 | B63: =B62+1 -> 2079 | D63: =D62*(1+W$3) -> 284790.48 | E63: =E62*(1+W$3) -> 110739.26 | F63: =D63-E63 -> 174051.22 | H63: =SUM(F64:F65) -> 363923.7 | I63: =SUM(F66:F68) -> 587859.73 | K63: =MIN(F63, L62+M63) -> 174051.22 | L63: =(L62+M63-K63)*(1+W$10) -> 364287.63 | M63: =MIN(H63-L62+F63,N62+O63) -> 184297.62 | N63: =(N62+O63-M63)*(1+W$9) -> 599616.92 | O63: =MIN(I63-N62+(H63-L62+F63),R62)-P63 -> 190005 | R63: =(R62-O63)*(1+W$8+Q63) -> 10743828 | S63: =L63+N63+R63 -> 11707733 | T63: =K63/(MAX(S62,0.001)) -> 0.016108458 | Y63: =_xlfn.NORM.INV(RAND(), 0,0.04775) -> -0.040471837 | Z63: =OFFSET($AF$2,$Z$13+ROW($A50)-1901,0,1,1) -> 0.17641179 | AA63: =OFFSET($AF$3,RANDBETWEEN(1945,2018)-1901,0,1,1) -> 0.17006594 | AB63: =OFFSET($AF$2,$AC$54+ROW($A10)-1901,0,1,1) -> 0.26499412 | AE63: =AE62+1 -> 1961 | AF63: 0.18704335 | AG63: =AG62*(1+AF63) -> 14.276508 | AH63: =POWER(AG$120/AG62,1/ROWS(AG62:AG$119))-1 -> 0.064665193
A64: =A63+1 -> 116 | B64: =B63+1 -> 2080 | D64: =D63*(1+W$3) -> 293334.2 | E64: =E63*(1+W$3) -> 114061.44 | F64: =D64-E64 -> 179272.76 | H64: =SUM(F65:F66) -> 374841.42 | I64: =SUM(F67:F69) -> 605495.52 | K64: =MIN(F64, L63+M64) -> 179272.76 | L64: =(L63+M64-K64)*(1+W$10) -> 375216.26 | M64: =MIN(H64-L63+F64,N63+O64) -> 189826.55 | N64: =(N63+O64-M64)*(1+W$9) -> 617605.43 | O64: =MIN(I64-N63+(H64-L63+F64),R63)-P64 -> 195705.15 | R64: =(R63-O64)*(1+W$8+Q64) -> 11708416 | S64: =L64+N64+R64 -> 12701238 | T64: =K64/(MAX(S63,0.001)) -> 0.015312338 | Y64: =_xlfn.NORM.INV(RAND(), 0,0.04775) -> -0.0058299532 | Z64: =OFFSET($AF$2,$Z$13+ROW($A51)-1901,0,1,1) -> 0.14358539 | AA64: =OFFSET($AF$3,RANDBETWEEN(1945,2018)-1901,0,1,1) -> 0.084323923 | AB64: =OFFSET($AF$2,$AC$64+ROW($A1)-1901,0,1,1) -> -0.061780797 | AC64: =RANDBETWEEN(1945, 2009) -> 2000 | AE64: =AE63+1 -> 1962 | AF64: -0.10805635 | AG64: =AG63*(1+AF64) -> 12.733841 | AH64: =POWER(AG$120/AG63,1/ROWS(AG63:AG$119))-1 -> 0.06263483
A65: =A64+1 -> 117 | B65: =B64+1 -> 2081 | D65: =D64*(1+W$3) -> 302134.22 | E65: =E64*(1+W$3) -> 117483.28 | F65: =D65-E65 -> 184650.94 | H65: =SUM(F66:F67) -> 386086.66 | I65: =SUM(F68:F70) -> 623660.39 | K65: =MIN(F65, L64+M65) -> 184650.94 | L65: =(L64+M65-K65)*(1+W$10) -> 386472.74 | M65: =MIN(H65-L64+F65,N64+O65) -> 195521.34 | N65: =(N64+O65-M65)*(1+W$9) -> 636133.59 | O65: =MIN(I65-N64+(H65-L64+F65),R64)-P65 -> 201576.3 | R65: =(R64-O65)*(1+W$8+Q65) -> 12772592 | S65: =L65+N65+R65 -> 13795199 | T65: =K65/(MAX(S64,0.001)) -> 0.014538027 | Y65: =_xlfn.NORM.INV(RAND(), 0,0.04775) -> -0.013852152 | Z65: =OFFSET($AF$2,$Z$13+ROW($A52)-1901,0,1,1) -> 0.084323923 | AA65: =OFFSET($AF$3,RANDBETWEEN(1945,2018)-1901,0,1,1) -> 0.11852692 | AB65: =OFFSET($AF$2,$AC$64+ROW($A2)-1901,0,1,1) -> -0.070947825 | AE65: =AE64+1 -> 1963 | AF65: 0.17006594 | AG65: =AG64*(1+AF65) -> 14.899434 | AH65: =POWER(AG$120/AG64,1/ROWS(AG64:AG$119))-1 -> 0.065962735
A66: =A65+1 -> 118 | B66: =B65+1 -> 2082 | D66: =D65*(1+W$3) -> 311198.25 | E66: =E65*(1+W$3) -> 121007.78 | F66: =D66-E66 -> 190190.47 | H66: =SUM(F67:F68) -> 397669.26 | I66: =SUM(F69:F71) -> 642370.2 | K66: =MIN(F66, L65+M66) -> 190190.47 | L66: =(L65+M66-K66)*(1+W$10) -> 398066.93 | M66: =MIN(H66-L65+F66,N65+O66) -> 201386.98 | N66: =(N65+O66-M66)*(1+W$9) -> 655217.6 | O66: =MIN(I66-N65+(H66-L65+F66),R65)-P66 -> 207623.59 | R66: =(R65-O66)*(1+W$8+Q66) -> 13947115 | S66: =L66+N66+R66 -> 15000400 | T66: =K66/(MAX(S65,0.001)) -> 0.013786715 | Y66: =_xlfn.NORM.INV(RAND(), 0,0.04775) -> 0.066467982 | Z66: =OFFSET($AF$2,$Z$13+ROW($A53)-1901,0,1,1) -> -0.037684138 | AA66: =OFFSET($AF$3,RANDBETWEEN(1945,2018)-1901,0,1,1) -> 0.20771513 | AB66: =OFFSET($AF$2,$AC$64+ROW($A3)-1901,0,1,1) -> -0.1676266 | AE66: =AE65+1 -> 1964 | AF66: 0.14560944 | AG66: =AG65*(1+AF66) -> 17.068932 | AH66: =POWER(AG$120/AG65,1/ROWS(AG65:AG$119))-1 -> 0.064158295
A67: =A66+1 -> 119 | B67: =B66+1 -> 2083 | D67: =D66*(1+W$3) -> 320534.2 | E67: =E66*(1+W$3) -> 124638.01 | F67: =D67-E67 -> 195896.19 | H67: =SUM(F68:F69) -> 409599.34 | I67: =SUM(F70:F72) -> 661641.3 | K67: =MIN(F67, L66+M67) -> 195896.19 | L67: =(L66+M67-K67)*(1+W$10) -> 410008.93 | M67: =MIN(H67-L66+F67,N66+O67) -> 207428.59 | N67: =(N66+O67-M67)*(1+W$9) -> 674874.13 | O67: =MIN(I67-N66+(H67-L66+F67),R66)-P67 -> 213852.3 | R67: =(R66-O67)*(1+W$8+Q67) -> 15243922 | S67: =L67+N67+R67 -> 16328805 | T67: =K67/(MAX(S66,0.001)) -> 0.013059398 | Y67: =_xlfn.NORM.INV(RAND(), 0,0.04775) -> 0.049818215 | Z67: =OFFSET($AF$2,$Z$13+ROW($A54)-1901,0,1,1) -> 0.43965824 | AA67: =OFFSET($AF$3,RANDBETWEEN(1945,2018)-1901,0,1,1) -> -0.33836997 | AB67: =OFFSET($AF$2,$AC$64+ROW($A4)-1901,0,1,1) -> 0.25322029 | AE67: =AE66+1 -> 1965 | AF67: 0.10891202 | AG67: =AG66*(1+AF67) -> 18.927944 | AH67: =POWER(AG$120/AG66,1/ROWS(AG66:AG$119))-1 -> 0.062705872
A68: =A67+1 -> 120 | B68: =B67+1 -> 2084 | D68: =D67*(1+W$3) -> 330150.22 | E68: =E67*(1+W$3) -> 128377.15 | F68: =D68-E68 -> 201773.07 | H68: =SUM(F69:F70) -> 421887.32 | I68: =SUM(F71:F73) -> 681490.54 | K68: =MIN(F68, L67+M68) -> 201773.07 | L68: =(L67+M68-K68)*(1+W$10) -> 422309.2 | M68: =MIN(H68-L67+F68,N67+O68) -> 213651.45 | N68: =(N67+O68-M68)*(1+W$9) -> 695120.35 | O68: =MIN(I68-N67+(H68-L67+F68),R67)-P68 -> 220267.87 | R68: =(R67-O68)*(1+W$8+Q68) -> 16676256 | S68: =L68+N68+R68 -> 17793686 | T68: =K68/(MAX(S67,0.001)) -> 0.012356879 | Y68: =_xlfn.NORM.INV(RAND(), 0,0.04775) -> 0.0036070156 | Z68: =OFFSET($AF$2,$Z$13+ROW($A55)-1901,0,1,1) -> 0.20771513 | AA68: =OFFSET($AF$3,RANDBETWEEN(1945,2018)-1901,0,1,1) -> 0.27657643 | AB68: =OFFSET($AF$2,$AC$64+ROW($A5)-1901,0,1,1) -> 0.031481074 | AE68: =AE67+1 -> 1966 | AF68: -0.18941504 | AG68: =AG67*(1+AF68) -> 15.342707 | AH68: =POWER(AG$120/AG67,1/ROWS(AG67:AG$119))-1 -> 0.061852821
A69: =A68+1 -> 121 | B69: =B68+1 -> 2085 | D69: =D68*(1+W$3) -> 340054.73 | E69: =E68*(1+W$3) -> 132228.47 | F69: =D69-E69 -> 207826.26 | H69: =SUM(F70:F71) -> 434543.93 | I69: =SUM(F72:F74) -> 701935.26 | K69: =MIN(F69, L68+M69) -> 207826.26 | L69: =(L68+M69-K69)*(1+W$10) -> 434978.48 | M69: =MIN(H69-L68+F69,N68+O69) -> 220061 | N69: =(N68+O69-M69)*(1+W$9) -> 715973.97 | O69: =MIN(I69-N68+(H69-L68+F69),R68)-P69 -> 226875.9 | R69: =(R68-O69)*(1+W$8+Q69) -> 18258812 | S69: =L69+N69+R69 -> 19409765 | T69: =K69/(MAX(S68,0.001)) -> 0.011679776 | Y69: =_xlfn.NORM.INV(RAND(), 0,0.04775) -> 0.012319351 | Z69: =OFFSET($AF$2,$Z$13+ROW($A56)-1901,0,1,1) -> 0.022727273 | AA69: =OFFSET($AF$3,RANDBETWEEN(1945,2018)-1901,0,1,1) -> 0.04175082 | AB69: =OFFSET($AF$2,$AC$64+ROW($A6)-1901,0,1,1) -> -0.0060743763 | AE69: =AE68+1 -> 1967 | AF69: 0.1519664 | AG69: =AG68*(1+AF69) -> 17.674282 | AH69: =POWER(AG$120/AG68,1/ROWS(AG68:AG$119))-1 -> 0.067380923
A70: =A69+1 -> 122 | B70: =B69+1 -> 2086 | D70: =D69*(1+W$3) -> 350256.37 | E70: =E69*(1+W$3) -> 136195.32 | F70: =D70-E70 -> 214061.05 | H70: =SUM(F71:F72) -> 447580.25 | I70: =SUM(F73:F75) -> 722993.32 | K70: =MIN(F70, L69+M70) -> 214061.05 | L70: =(L69+M70-K70)*(1+W$10) -> 448027.83 | M70: =MIN(H70-L69+F70,N69+O70) -> 226662.83 | N70: =(N69+O70-M70)*(1+W$9) -> 737453.18 | O70: =MIN(I70-N69+(H70-L69+F70),R69)-P70 -> 233682.18 | R70: =(R69-O70)*(1+W$8+Q70) -> 20007894 | S70: =L70+N70+R70 -> 21193375 | T70: =K70/(MAX(S69,0.001)) -> 0.011028524 | Y70: =_xlfn.NORM.INV(RAND(), 0,0.04775) -> 0.013816346 | Z70: =OFFSET($AF$2,$Z$13+ROW($A57)-1901,0,1,1) -> -0.12772773 | AA70: =OFFSET($AF$3,RANDBETWEEN(1945,2018)-1901,0,1,1) -> 0.031481074 | AB70: =OFFSET($AF$2,$AC$64+ROW($A7)-1901,0,1,1) -> 0.16288314 | AE70: =AE69+1 -> 1968 | AF70: 0.042757706 | AG70: =AG69*(1+AF70) -> 18.429994 | AH70: =POWER(AG$120/AG69,1/ROWS(AG69:AG$119))-1 -> 0.065786015
A71: =A70+1 -> 123 | B71: =B70+1 -> 2087 | D71: =D70*(1+W$3) -> 360764.06 | E71: =E70*(1+W$3) -> 140281.18 | F71: =D71-E71 -> 220482.88 | H71: =SUM(F72:F73) -> 461007.66 | I71: =SUM(F74:F76) -> 744683.12 | K71: =MIN(F71, L70+M71) -> 220482.88 | L71: =(L70+M71-K71)*(1+W$10) -> 461468.67 | M71: =MIN(H71-L70+F71,N70+O71) -> 233462.71 | N71: =(N70+O71-M71)*(1+W$9) -> 759576.78 | O71: =MIN(I71-N70+(H71-L70+F71),R70)-P71 -> 240692.64 | R71: =(R70-O71)*(1+W$8+Q71) -> 21941594 | S71: =L71+N71+R71 -> 23162639 | T71: =K71/(MAX(S70,0.001)) -> 0.010403387 | Y71: =_xlfn.NORM.INV(RAND(), 0,0.04775) -> 0.0028918922 | Z71: =OFFSET($AF$2,$Z$13+ROW($A58)-1901,0,1,1) -> 0.33968327 | AA71: =OFFSET($AF$3,RANDBETWEEN(1945,2018)-1901,0,1,1) -> 0.061151508 | AB71: =OFFSET($AF$2,$AC$64+ROW($A8)-1901,0,1,1) -> 0.06431735 | AE71: =AE70+1 -> 1969 | AF71: -0.15193897 | AG71: =AG70*(1+AF71) -> 15.62976 | AH71: =POWER(AG$120/AG70,1/ROWS(AG70:AG$119))-1 -> 0.066251732
A72: =A71+1 -> 124 | B72: =B71+1 -> 2088 | D72: =D71*(1+W$3) -> 371586.98 | E72: =E71*(1+W$3) -> 144489.61 | F72: =D72-E72 -> 227097.37 | H72: =SUM(F73:F74) -> 474837.89 | I72: =SUM(F75:F77) -> 767023.61 | K72: =MIN(F72, L71+M72) -> 227097.37 | L72: =(L71+M72-K72)*(1+W$10) -> 475312.73 | M72: =MIN(H72-L71+F72,N71+O72) -> 240466.59 | N72: =(N71+O72-M72)*(1+W$9) -> 782364.08 | O72: =MIN(I72-N71+(H72-L71+F72),R71)-P72 -> 247913.42 | R72: =(R71-O72)*(1+W$8+Q72) -> 24079985 | S72: =L72+N72+R72 -> 25337662 | T72: =K72/(MAX(S71,0.001)) -> 0.0098044686 | Y72: =_xlfn.NORM.INV(RAND(), 0,0.04775) -> 0.064778879 | Z72: =OFFSET($AF$2,$Z$13+ROW($A59)-1901,0,1,1) -> 0.16395409 | AA72: =OFFSET($AF$3,RANDBETWEEN(1945,2018)-1901,0,1,1) -> 0.25080809 | AB72: =OFFSET($AF$2,$AC$64+ROW($A9)-1901,0,1,1) -> -0.33836997 | AE72: =AE71+1 -> 1970 | AF72: 0.04810095 | AG72: =AG71*(1+AF72) -> 16.381566 | AH72: =POWER(AG$120/AG71,1/ROWS(AG71:AG$119))-1 -> 0.071245442
A73: =A72+1 -> 125 | B73: =B72+1 -> 2089 | D73: =D72*(1+W$3) -> 382734.59 | E73: =E72*(1+W$3) -> 148824.3 | F73: =D73-E73 -> 233910.29 | H73: =SUM(F74:F75) -> 489083.03 | I73: =SUM(F76:F78) -> 790034.32 | K73: =MIN(F73, L72+M73) -> 233910.29 | L73: =(L72+M73-K73)*(1+W$10) -> 489572.11 | M73: =MIN(H73-L72+F73,N72+O73) -> 247680.59 | N73: =(N72+O73-M73)*(1+W$9) -> 805835.01 | O73: =MIN(I73-N72+(H73-L72+F73),R72)-P73 -> 255350.83 | R73: =(R72-O73)*(1+W$8+Q73) -> 26445344 | S73: =L73+N73+R73 -> 27740751 | T73: =K73/(MAX(S72,0.001)) -> 0.0092317236 | Y73: =_xlfn.NORM.INV(RAND(), 0,0.04775) -> -0.054009102 | Z73: =OFFSET($AF$2,$Z$13+ROW($A60)-1901,0,1,1) -> -0.093464822 | AA73: =OFFSET($AF$3,RANDBETWEEN(1945,2018)-1901,0,1,1) -> 0.16288314 | AB73: =OFFSET($AF$2,$AC$64+ROW($A10)-1901,0,1,1) -> 0.18818785 | AE73: =AE72+1 -> 1971 | AF73: 0.061151508 | AG73: =AG72*(1+AF73) -> 17.383324 | AH73: =POWER(AG$120/AG72,1/ROWS(AG72:AG$119))-1 -> 0.071733015
D74: =D73*(1+W$3) -> 394216.63 | E74: =E73*(1+W$3) -> 153289.03 | F74: =D74-E74 -> 240927.6 | T74: =K74/(MAX(S73,0.001)) -> 0 | Y74: =_xlfn.NORM.INV(RAND(), 0,0.04775) -> -0.017346522 | Z74: =OFFSET($AF$2,$Z$13+ROW($A89)-1901,0,1,1) -> 0.26957484 | AA74: =OFFSET($AF$3,RANDBETWEEN(1945,2018)-1901,0,1,1) -> 0.14580993 | AB74: =OFFSET($AF$2,$AC$74+ROW($A1)-1901,0,1,1) -> 0.084323923 | AC74: =RANDBETWEEN(1945, 2009) -> 1952 | AE74: =AE73+1 -> 1972 | AF74: 0.14580993 | AG74: =AG73*(1+AF74) -> 19.917985 | AH74: =POWER(AG$120/AG73,1/ROWS(AG73:AG$119))-1 -> 0.071959296
D75: =D74*(1+W$3) -> 406043.13 | E75: =E74*(1+W$3) -> 157887.7 | F75: =D75-E75 -> 248155.43 | T75: =K75/(MAX(S74,0.001)) -> 0 | Y75: =_xlfn.NORM.INV(RAND(), 0,0.04775) -> -0.010804889 | Z75: =OFFSET($AF$2,$Z$13+ROW($A90)-1901,0,1,1) -> -0.043404039 | AA75: =OFFSET($AF$3,RANDBETWEEN(1945,2018)-1901,0,1,1) -> 0.11852692 | AB75: =OFFSET($AF$2,$AC$74+ROW($A2)-1901,0,1,1) -> -0.037684138 | AE75: =AE74+1 -> 1973 | AF75: -0.16578431 | AG75: =AG74*(1+AF75) -> 16.615895 | AH75: =POWER(AG$120/AG74,1/ROWS(AG74:AG$119))-1 -> 0.070407858
D76: =D75*(1+W$3) -> 418224.42 | E76: =E75*(1+W$3) -> 162624.33 | F76: =D76-E76 -> 255600.09 | T76: =K76/(MAX(S75,0.001)) -> 0 | Y76: =_xlfn.NORM.INV(RAND(), 0,0.04775) -> 0.0053942934 | Z76: =OFFSET($AF$2,$Z$13+ROW($A91)-1901,0,1,1) -> 0.20317424 | AA76: =OFFSET($AF$3,RANDBETWEEN(1945,2018)-1901,0,1,1) -> 0.18704335 | AB76: =OFFSET($AF$2,$AC$74+ROW($A3)-1901,0,1,1) -> 0.43965824 | AE76: =AE75+1 -> 1974 | AF76: -0.2758256 | AG76: =AG75*(1+AF76) -> 12.032806 | AH76: =POWER(AG$120/AG75,1/ROWS(AG75:AG$119))-1 -> 0.076354447
D77: =D76*(1+W$3) -> 430771.16 | E77: =E76*(1+W$3) -> 167503.06 | F77: =D77-E77 -> 263268.09 | T77: =K77/(MAX(S76,0.001)) -> 0 | Y77: =_xlfn.NORM.INV(RAND(), 0,0.04775) -> -0.015356616 | Z77: =OFFSET($AF$2,$Z$13+ROW($A92)-1901,0,1,1) -> 0.04175082 | AA77: =OFFSET($AF$3,RANDBETWEEN(1945,2018)-1901,0,1,1) -> 0.22583565 | AB77: =OFFSET($AF$2,$AC$74+ROW($A4)-1901,0,1,1) -> 0.20771513 | AE77: =AE76+1 -> 1975 | AF77: 0.3833171 | AG77: =AG76*(1+AF77) -> 16.645186 | AH77: =POWER(AG$120/AG76,1/ROWS(AG76:AG$119))-1 -> 0.086092836
D78: =D77*(1+W$3) -> 443694.29 | E78: =E77*(1+W$3) -> 172528.16 | F78: =D78-E78 -> 271166.14 | T78: =K78/(MAX(S77,0.001)) -> 0 | Y78: =_xlfn.NORM.INV(RAND(), 0,0.04775) -> -0.083391274 | Z78: =OFFSET($AF$2,$Z$13+ROW($A93)-1901,0,1,1) -> 0.13722698 | AA78: =OFFSET($AF$3,RANDBETWEEN(1945,2018)-1901,0,1,1) -> 0.20771513 | AB78: =OFFSET($AF$2,$AC$74+ROW($A5)-1901,0,1,1) -> 0.022727273 | AE78: =AE77+1 -> 1976 | AF78: 0.17867198 | AG78: =AG77*(1+AF78) -> 19.619215 | AH78: =POWER(AG$120/AG77,1/ROWS(AG77:AG$119))-1 -> 0.080000146
T79: =K79/(MAX(S78,0.001)) -> 0 | Y79: =_xlfn.NORM.INV(RAND(), 0,0.04775) -> -0.037793711 | Z79: =OFFSET($AF$2,$Z$13+ROW($A94)-1901,0,1,1) -> 0.021389947 | AA79: =OFFSET($AF$3,RANDBETWEEN(1945,2018)-1901,0,1,1) -> 0.25322029 | AB79: =OFFSET($AF$2,$AC$74+ROW($A6)-1901,0,1,1) -> -0.12772773 | AE79: =AE78+1 -> 1977 | AF79: -0.17268836 | AG79: =AG78*(1+AF79) -> 16.231205 | AH79: =POWER(AG$120/AG78,1/ROWS(AG78:AG$119))-1 -> 0.077754356
T80: =K80/(MAX(S79,0.001)) -> 0 | AE80: =AE79+1 -> 1978 | AF80: -0.031520693 | AG80: =AG79*(1+AF80) -> 15.719586 | AH80: =POWER(AG$120/AG79,1/ROWS(AG79:AG$119))-1 -> 0.084728429
T81: =K81/(MAX(S80,0.001)) -> 0 | AE81: =AE80+1 -> 1979 | AF81: 0.041863354 | AG81: =AG80*(1+AF81) -> 16.377661 | AH81: =POWER(AG$120/AG80,1/ROWS(AG80:AG$119))-1 -> 0.08780685
T82: =K82/(MAX(S81,0.001)) -> 0 | AE82: =AE81+1 -> 1980 | AF82: 0.14939788 | AG82: =AG81*(1+AF82) -> 18.824448 | AH82: =POWER(AG$120/AG81,1/ROWS(AG81:AG$119))-1 -> 0.089011155
R83: =(R82-O83)*(1+W$8+Q83) -> 0 | S83: =L83+N83+R83 -> 0 | T83: =K83/(MAX(S82,0.001)) -> 0 | AE83: =AE82+1 -> 1981 | AF83: -0.092323651 | AG83: =AG82*(1+AF83) -> 17.086507 | AH83: =POWER(AG$120/AG82,1/ROWS(AG82:AG$119))-1 -> 0.087465624
R84: =(R83-O84)*(1+W$8+Q84) -> 0 | S84: =L84+N84+R84 -> 0 | T84: =K84/(MAX(S83,0.001)) -> 0 | AE84: =AE83+1 -> 1982 | AF84: 0.196 | AG84: =AG83*(1+AF84) -> 20.435462 | AH84: =POWER(AG$120/AG83,1/ROWS(AG83:AG$119))-1 -> 0.092790071
R85: =(R84-O85)*(1+W$8+Q85) -> 0 | S85: =L85+N85+R85 -> 0 | T85: =K85/(MAX(S84,0.001)) -> 0 | AE85: =AE84+1 -> 1983 | AF85: 0.20267559 | AG85: =AG84*(1+AF85) -> 24.577231 | AH85: =POWER(AG$120/AG84,1/ROWS(AG84:AG$119))-1 -> 0.090053983
AE86: =AE85+1 -> 1984 | AF86: -0.03734308 | AG86: =AG85*(1+AF86) -> 23.659442 | AH86: =POWER(AG$120/AG85,1/ROWS(AG85:AG$119))-1 -> 0.086996116
AE87: =AE86+1 -> 1985 | AF87: 0.27657643 | AG87: =AG86*(1+AF87) -> 30.203085 | AH87: =POWER(AG$120/AG86,1/ROWS(AG86:AG$119))-1 -> 0.090886714
AE88: =AE87+1 -> 1986 | AF88: 0.22583565 | AG88: =AG87*(1+AF88) -> 37.024019 | AH88: =POWER(AG$120/AG87,1/ROWS(AG87:AG$119))-1 -> 0.085702782
A89: Age and Date This shows the age I turn each year and starts with the current year. You'll need to adjust this by insert or deleting rows for your current age and planned retirement year. | D89: Income Goals These columns calculate the inflation adjusted amount of income you'll need from social security and savings from the values filled in in Parameters. Note that the Before Tax Income column has an adjustment at age 80 assuming you slow down and need less money at that point. You'll need to move that adjustment to another row if you want to change that age. | H89: Bucket Goals These columns calculate the goals for the Cash and Bonds buckets from the Cash Draw Needed column. The Cash Goal is the draw needed in the first and second following years. The Bonds goals are sum of the third through fifth following years. | K89: Cash Bucket At the beginning of each year, the amount defined in Cash Draw Needed is deducted from the Cash balance until there's no more cash left. The final draw will probably fall short of the needed amount. A very small amount of interest defined in the parameters is added to Cash at the end of the year. | M89: Bonds Bucket After cash is drawn from the Cash bucket, enough money is transferred from Bonds to Cash to bring the cash balance back up to its goal. This is done until the money in Bonds is depleted. Interest defined in the parameters is added to Bonds at the end of the year. | O89: Stocks Bucket After money is transferred from the Bonds bucket, enough money is transferred from Stocks to Bonds to bring the Bonds balance back up to its goal. This will be done until the money in Stocks is depleted. When the marget is down, you can defer transfering money from Stocks to Bonds by entering values in the Deferred Transfer column. When money is deffered in a given year, it will be transferred the following year unless deferred again then. When copy-pasting values from the transfer column to the deferred column, be sure to paste the value in as a value, otherwise unpredictable results may occur. Stocks grow by the percentage defined in the Parameters each year. Additionally, or instead, a value may be specified in the Stock Variation column to simulate stock volitility. Set the percentage in the parameters to zero to enter the specific growth rates. Or leave a non-zero value there to specify a deviation from that percentage. | AE89: =AE88+1 -> 1987 | AF89: 0.02257384 | AG89: =AG88*(1+AF89) -> 37.859793 | AH89: =POWER(AG$120/AG88,1/ROWS(AG88:AG$119))-1 -> 0.08159186
AE90: =AE89+1 -> 1988 | AF90: 0.11852692 | AG90: =AG89*(1+AF90) -> 42.347198 | AH90: =POWER(AG$120/AG89,1/ROWS(AG89:AG$119))-1 -> 0.083551351
AE91: =AE90+1 -> 1989 | AF91: 0.26957484 | AG91: =AG90*(1+AF91) -> 53.762937 | AH91: =POWER(AG$120/AG90,1/ROWS(AG90:AG$119))-1 -> 0.082404527
AE92: =AE91+1 -> 1990 | AF92: -0.043404039 | AG92: =AG91*(1+AF92) -> 51.429408 | AH92: =POWER(AG$120/AG91,1/ROWS(AG91:AG$119))-1 -> 0.076467751
AE93: =AE92+1 -> 1991 | AF93: 0.20317424 | AG93: =AG92*(1+AF93) -> 61.878539 | AH93: =POWER(AG$120/AG92,1/ROWS(AG92:AG$119))-1 -> 0.081016154
AE94: =AE93+1 -> 1992 | AF94: 0.04175082 | AG94: =AG93*(1+AF94) -> 64.462019 | AH94: =POWER(AG$120/AG93,1/ROWS(AG93:AG$119))-1 -> 0.076738141
AE95: =AE94+1 -> 1993 | AF95: 0.13722698 | AG95: =AG94*(1+AF95) -> 73.307948 | AH95: =POWER(AG$120/AG94,1/ROWS(AG94:AG$119))-1 -> 0.078107025
AE96: =AE95+1 -> 1994 | AF96: 0.021389947 | AG96: =AG95*(1+AF96) -> 74.876001 | AH96: =POWER(AG$120/AG95,1/ROWS(AG95:AG$119))-1 -> 0.075807245
AE97: =AE96+1 -> 1995 | AF97: 0.33452431 | AG97: =AG96*(1+AF97) -> 99.923843 | AH97: =POWER(AG$120/AG96,1/ROWS(AG96:AG$119))-1 -> 0.078136506
AE98: =AE97+1 -> 1996 | AF98: 0.26014735 | AG98: =AG97*(1+AF98) -> 125.91877 | AH98: =POWER(AG$120/AG97,1/ROWS(AG97:AG$119))-1 -> 0.068182286
AE99: =AE98+1 -> 1997 | AF99: 0.22641626 | AG99: =AG98*(1+AF99) -> 154.42882 | AH99: =POWER(AG$120/AG98,1/ROWS(AG98:AG$119))-1 -> 0.060187863
AE100: =AE99+1 -> 1998 | AF100: 0.16098276 | AG100: =AG99*(1+AF100) -> 179.2892 | AH100: =POWER(AG$120/AG99,1/ROWS(AG99:AG$119))-1 -> 0.052860134
...

Sheet Random Decades
A1: Time | D1: Income Goals | H1: Bucket Goals | K1: Buckets | V1: Parameters | Y1: Stochastic Data | AE1: Historic Dow
A2: Age | B2: Year | D2: Income Before Tax | E2: Social Security | F2: Cash Draw Needed | H2: Cash (2 years) | I2: Bonds (3 years) | K2: Draw <- | L2: Cash | M2: <- Transfer <- | N2: Bonds | O2: <- Transfer <- | P2: Deferred Transfer | Q2: Stock Variation | R2: Stocks | S2: Total Assets | T2: Draw Percentage | V2: Variables | Y2: Random Variation | Z2: Historic Variation | AA2: Random Year | AB2: Random Decade | AE2: Dow | AG2: 1
A3: 55 | B3: 2019 | D3: =W5/(1-W7) -> 48338.369 | V3: Inflation | W3: ='[1]Retirement (70)'!$T$4 -> 0.03 | AE3: 1901 | AF3: -0.08689709 | AG3: =AG2*(1+AF3) -> 0.91310291 | AH3: =POWER(AG$120/AG2,1/ROWS(AG2:AG$119))-1 -> 0.053245879
A4: =A3+1 -> 56 | B4: =B3+1 -> 2020 | D4: =D3*(1+W$3) -> 49788.52 | V4: Social Security (2019) | W4: 22000 | AE4: =AE3+1 -> 1902 | AF4: -0.00427716 | AG4: =AG3*(1+AF4) -> 0.90919742 | AH4: =POWER(AG$120/AG3,1/ROWS(AG3:AG$119))-1 -> 0.054532014
A5: =A4+1 -> 57 | B5: =B4+1 -> 2021 | D5: =D4*(1+W$3) -> 51282.175 | V5: After Tax income | W5: 40000 | AE5: =AE4+1 -> 1903 | AF5: -0.23603952 | AG5: =AG4*(1+AF5) -> 0.6945909 | AH5: =POWER(AG$120/AG4,1/ROWS(AG4:AG$119))-1 -> 0.055053804
A6: =A5+1 -> 58 | B6: =B5+1 -> 2022 | D6: =D5*(1+W$3) -> 52820.64 | V6: After Tax income @ 80 | W6: =$W$5 -> 40000 | AE6: =AE5+1 -> 1904 | AF6: 0.42620186 | AG6: =AG5*(1+AF6) -> 0.99062683 | AH6: =POWER(AG$120/AG5,1/ROWS(AG5:AG$119))-1 -> 0.058019739
A7: =A6+1 -> 59 | B7: =B6+1 -> 2023 | D7: =D6*(1+W$3) -> 54405.26 | V7: Tax Rate | W7: ='[1]Retirement (70)'!$T$7 -> 0.1725 | AE7: =AE6+1 -> 1905 | AF7: 0.37847428 | AG7: =AG6*(1+AF7) -> 1.3655536 | AH7: =POWER(AG$120/AG6,1/ROWS(AG6:AG$119))-1 -> 0.055251949
A8: =A7+1 -> 60 | B8: =B7+1 -> 2024 | D8: =D7*(1+W$3) -> 56037.417 | V8: Stock Return | W8: 0.01 | AE8: =AE7+1 -> 1906 | AF8: -0.022880023 | AG8: =AG7*(1+AF8) -> 1.3343097 | AH8: =POWER(AG$120/AG7,1/ROWS(AG7:AG$119))-1 -> 0.052759668
A9: =A8+1 -> 61 | B9: =B8+1 -> 2025 | D9: =D8*(1+W$3) -> 57718.54 | V9: Bond Return | W9: 0.02 | AE9: =AE8+1 -> 1907 | AF9: -0.3772867 | AG9: =AG8*(1+AF9) -> 0.8308924 | AH9: =POWER(AG$120/AG8,1/ROWS(AG8:AG$119))-1 -> 0.053460746
A10: =A9+1 -> 62 | B10: =B9+1 -> 2026 | D10: =D9*(1+W$3) -> 59450.096 | V10: Cash Return | W10: 0.001 | AE10: =AE9+1 -> 1908 | AF10: 0.46627497 | AG10: =AG9*(1+AF10) -> 1.2183167 | AH10: =POWER(AG$120/AG9,1/ROWS(AG9:AG$119))-1 -> 0.058462281
A11: =A10+1 -> 63 | B11: =B10+1 -> 2027 | D11: =D10*(1+W$3) -> 61233.599 | V11: Initial 401(k) Balance | W11: 1000000 | AE11: =AE10+1 -> 1909 | AF11: 0.14986376 | AG11: =AG10*(1+AF11) -> 1.4008983 | AH11: =POWER(AG$120/AG10,1/ROWS(AG10:AG$119))-1 -> 0.055330911
A12: =A11+1 -> 64 | B12: =B11+1 -> 2028 | D12: =D11*(1+W$3) -> 63070.607 | H12: =SUM(F13:F14) -> 131874.33 | I12: =SUM(F15:F17) -> 213021.6 | L12: =M12 -> 131874.33 | M12: =H12 -> 131874.33 | N12: =O12-M12 -> 213021.6 | O12: =H12+I12 -> 344895.93 | R12: =W$11-O12 -> 655104.07 | S12: =L12+N12+R12 -> 1000000 | AE12: =AE11+1 -> 1910 | AF12: -0.1781433 | AG12: =AG11*(1+AF12) -> 1.1513376 | AH12: =POWER(AG$120/AG11,1/ROWS(AG11:AG$119))-1 -> 0.054500633
A13: =A12+1 -> 65 | B13: =B12+1 -> 2029 | D13: =D12*(1+W$3) -> 64962.725 | F13: =D13-E13 -> 64962.725 | H13: =SUM(F14:F15) -> 135830.56 | I13: =SUM(F16:F18) -> 204331.12 | K13: =MIN(F13, L12+M13) -> 64962.725 | L13: =(L12+M13-K13)*(1+W$10) -> 135966.39 | M13: =MIN(H13-L12+F13,N12+O13) -> 68918.955 | N13: =(N12+O13-M13)*(1+W$9) -> 208417.74 | O13: =MIN(I13-N12+(H13-L12+F13),R12)-P13 -> 60228.479 | Q13: 0.04810095 | R13: =(R12-O13)*(1+W$8+Q13) -> 629438.43 | S13: =L13+N13+R13 -> 973822.56 | T13: =K13/(MAX(S12,0.001)) -> 0.064962725 | V13: Social Security (July 2034 $) | W13: =$W$4*POWER(1+$W$3, 15) -> 34275.283 | Z13: 1901 | AE13: =AE12+1 -> 1911 | AF13: 0.0020352782 | AG13: =AG12*(1+AF13) -> 1.1536809 | AH13: =POWER(AG$120/AG12,1/ROWS(AG12:AG$119))-1 -> 0.056937158
A14: =A13+1 -> 66 | B14: =B13+1 -> 2030 | D14: =D13*(1+W$3) -> 66911.607 | F14: =D14-E14 -> 66911.607 | H14: =SUM(F15:F16) -> 139905.48 | I14: =SUM(F17:F19) -> 180751.24 | K14: =MIN(F14, L13+M14) -> 66911.607 | L14: =(L13+M14-K14)*(1+W$10) -> 140045.38 | M14: =MIN(H14-L13+F14,N13+O14) -> 70850.693 | N14: =(N13+O14-M14)*(1+W$9) -> 184366.27 | O14: =MIN(I14-N13+(H14-L13+F14),R13)-P14 -> 43184.189 | Q14: 0.061151508 | R14: =(R13-O14)*(1+W$8+Q14) -> 627967.11 | S14: =L14+N14+R14 -> 952378.76 | T14: =K14/(MAX(S13,0.001)) -> 0.068710266 | V14: Multiplier | W14: 0.88 | Y14: =_xlfn.NORM.INV(RAND(), 0,0.04775) -> -0.038084538 | Z14: =OFFSET($AF$2,$Z$13+ROW($A1)-1901,0,1,1) -> -0.08689709 | AA14: =OFFSET($AF$3,RANDBETWEEN(1945,2018)-1901,0,1,1) -> 0.33452431 | AB14: =OFFSET($AF$2,$AC$14+ROW($A1)-1901,0,1,1) -> -0.070947825 | AC14: =RANDBETWEEN(1945, 2009) -> 2001 | AE14: =AE13+1 -> 1912 | AF14: 0.07718348 | AG14: =AG13*(1+AF14) -> 1.242726 | AH14: =POWER(AG$120/AG13,1/ROWS(AG13:AG$119))-1 -> 0.057464198
A15: =A14+1 -> 67 | B15: =B14+1 -> 2031 | D15: =D14*(1+W$3) -> 68918.955 | F15: =D15-E15 -> 68918.955 | H15: =SUM(F16:F17) -> 144102.64 | I15: =SUM(F18:F20) -> 156463.96 | K15: =MIN(F15, L14+M15) -> 68918.955 | L15: =(L14+M15-K15)*(1+W$10) -> 144246.75 | M15: =MIN(H15-L14+F15,N14+O15) -> 72976.214 | N15: =(N14+O15-M15)*(1+W$9) -> 159593.24 | O15: =MIN(I15-N14+(H15-L14+F15),R14)-P15 -> 45073.911 | Q15: 0.14580993 | R15: =(R14-O15)*(1+W$8+Q15) -> 673713.75 | S15: =L15+N15+R15 -> 977553.74 | T15: =K15/(MAX(S14,0.001)) -> 0.07236507 | V15: Social Security (2034) | W15: =$W$13*$W$14 -> 30162.249 | Y15: =_xlfn.NORM.INV(RAND(), 0,0.04775) -> -0.022018974 | Z15: =OFFSET($AF$2,$Z$13+ROW($A2)-1901,0,1,1) -> -0.00427716 | AA15: =OFFSET($AF$3,RANDBETWEEN(1945,2018)-1901,0,1,1) -> -0.17268836 | AB15: =OFFSET($AF$2,$AC$14+ROW($A2)-1901,0,1,1) -> -0.1676266 | AE15: =AE14+1 -> 1913 | AF15: -0.10339409 | AG15: =AG14*(1+AF15) -> 1.1142355 | AH15: =POWER(AG$120/AG14,1/ROWS(AG14:AG$119))-1 -> 0.057279896
A16: =A15+1 -> 68 | B16: =B15+1 -> 2032 | D16: =D15*(1+W$3) -> 70986.524 | F16: =D16-E16 -> 70986.524 | H16: =SUM(F17:F18) -> 133344.6 | I16: =SUM(F19:F21) -> 146529.19 | K16: =MIN(F16, L15+M16) -> 70986.524 | L16: =(L15+M16-K16)*(1+W$10) -> 133477.94 | M16: =MIN(H16-L15+F16,N15+O16) -> 60084.376 | N16: =(N15+O16-M16)*(1+W$9) -> 149459.77 | O16: =MIN(I16-N15+(H16-L15+F16),R15)-P16 -> 47020.325 | Q16: -0.16578431 | R16: =(R15-O16)*(1+W$8+Q16) -> 529064.42 | S16: =L16+N16+R16 -> 812002.14 | T16: =K16/(MAX(S15,0.001)) -> 0.072616493 | Y16: =_xlfn.NORM.INV(RAND(), 0,0.04775) -> 0.032100422 | Z16: =OFFSET($AF$2,$Z$13+ROW($A3)-1901,0,1,1) -> -0.23603952 | AA16: =OFFSET($AF$3,RANDBETWEEN(1945,2018)-1901,0,1,1) -> 0.084323923 | AB16: =OFFSET($AF$2,$AC$14+ROW($A3)-1901,0,1,1) -> 0.25322029 | AE16: =AE15+1 -> 1914 | AF16: -0.043463021 | AG16: =AG15*(1+AF16) -> 1.0658075 | AH16: =POWER(AG$120/AG15,1/ROWS(AG15:AG$119))-1 -> 0.058941012
A17: =A16+1 -> 69 | B17: =B16+1 -> 2033 | D17: =D16*(1+W$3) -> 73116.12 | F17: =D17-E17 -> 73116.12 | H17: =SUM(F18:F19) -> 107635.12 | I17: =SUM(F20:F22) -> 150925.07 | K17: =MIN(F17, L16+M17) -> 73116.12 | L17: =(L16+M17-K17)*(1+W$10) -> 107742.76 | M17: =MIN(H17-L16+F17,N16+O17) -> 47273.298 | N17: =(N16+O17-M17)*(1+W$9) -> 153943.57 | O17: =MIN(I17-N16+(H17-L16+F17),R16)-P17 -> 48738.589 | Q17: -0.2758256 | R17: =(R16-O17)*(1+W$8+Q17) -> 352642.93 | S17: =L17+N17+R17 -> 614329.25 | T17: =K17/(MAX(S16,0.001)) -> 0.090044245 | V17: Transfers Take place at beginning of year | Y17: =_xlfn.NORM.INV(RAND(), 0,0.04775) -> 0.02860915 | Z17: =OFFSET($AF$2,$Z$13+ROW($A4)-1901,0,1,1) -> 0.42620186 | AA17: =OFFSET($AF$3,RANDBETWEEN(1945,2018)-1901,0,1,1) -> -0.0060743763 | AB17: =OFFSET($AF$2,$AC$14+ROW($A4)-1901,0,1,1) -> 0.031481074 | AE17: =AE16+1 -> 1915 | AF17: 0.81659949 | AG17: =AG16*(1+AF17) -> 1.9361453 | AH17: =POWER(AG$120/AG16,1/ROWS(AG16:AG$119))-1 -> 0.059977093
A18: =A17+1 -> 70 | B18: =B17+1 -> 2034 | D18: =D17*(1+W$3) -> 75309.603 | E18: =W$15/2 -> 15081.125 | F18: =D18-E18 -> 60228.479 | H18: =SUM(F19:F20) -> 96235.484 | I18: =SUM(F21:F23) -> 155452.82 | K18: =MIN(F18, L17+M18) -> 60228.479 | L18: =(L17+M18-K18)*(1+W$10) -> 96331.719 | M18: =MIN(H18-L17+F18,N17+O18) -> 48721.206 | N18: =(N17+O18-M18)*(1+W$9) -> 158561.87 | O18: =MIN(I18-N17+(H18-L17+F18),R17)-P18 -> 50230.457 | Q18: 0.3833171 | R18: =(R17-O18)*(1+W$8+Q18) -> 421356.47 | S18: =L18+N18+R18 -> 676250.06 | T18: =K18/(MAX(S17,0.001)) -> 0.098039412 | V18: Transfers/Draw take place right to left | Y18: =_xlfn.NORM.INV(RAND(), 0,0.04775) -> -0.057148723 | Z18: =OFFSET($AF$2,$Z$13+ROW($A5)-1901,0,1,1) -> 0.37847428 | AA18: =OFFSET($AF$3,RANDBETWEEN(1945,2018)-1901,0,1,1) -> -0.070947825 | AB18: =OFFSET($AF$2,$AC$14+ROW($A5)-1901,0,1,1) -> -0.0060743763 | AE18: =AE17+1 -> 1916 | AF18: -0.041855774 | AG18: =AG17*(1+AF18) -> 1.8551064 | AH18: =POWER(AG$120/AG17,1/ROWS(AG17:AG$119))-1 -> 0.054447587
A19: =A18+1 -> 71 | B19: =B18+1 -> 2035 | D19: =D18*(1+W$3) -> 77568.891 | E19: =W$15*(1+W$2) -> 30162.249 | F19: =D19-E19 -> 47406.642 | H19: =SUM(F20:F21) -> 99122.548 | I19: =SUM(F22:F24) -> 160116.4 | K19: =MIN(F19, L18+M19) -> 47406.642 | L19: =(L18+M19-K19)*(1+W$10) -> 99221.671 | M19: =MIN(H19-L18+F19,N18+O19) -> 50197.471 | N19: =(N18+O19-M19)*(1+W$9) -> 163318.73 | O19: =MIN(I19-N18+(H19-L18+F19),R18)-P19 -> 51751.999 | Q19: 0.17867198 | R19: =(R18-O19)*(1+W$8+Q19) -> 439338.48 | S19: =L19+N19+R19 -> 701878.88 | T19: =K19/(MAX(S18,0.001)) -> 0.070102237 | V19: Balance at end of year includes return gains | Y19: =_xlfn.NORM.INV(RAND(), 0,0.04775) -> -0.042960912 | Z19: =OFFSET($AF$2,$Z$13+ROW($A6)-1901,0,1,1) -> -0.022880023 | AA19: =OFFSET($AF$3,RANDBETWEEN(1945,2018)-1901,0,1,1) -> 0.33968327 | AB19: =OFFSET($AF$2,$AC$14+ROW($A6)-1901,0,1,1) -> 0.16288314 | AE19: =AE18+1 -> 1917 | AF19: -0.21705263 | AG19: =AG18*(1+AF19) -> 1.4524507 | AH19: =POWER(AG$120/AG18,1/ROWS(AG18:AG$119))-1 -> 0.055438137
A20: =A19+1 -> 72 | B20: =B19+1 -> 2036 | D20: =D19*(1+W$3) -> 79895.958 | E20: =E19*(1+W$3) -> 31067.117 | F20: =D20-E20 -> 48828.841 | H20: =SUM(F21:F22) -> 102096.22 | I20: =SUM(F23:F25) -> 164919.89 | K20: =MIN(F20, L19+M20) -> 48828.841 | L20: =(L19+M20-K20)*(1+W$10) -> 102198.32 | M20: =MIN(H20-L19+F20,N19+O20) -> 51703.395 | N20: =(N19+O20-M20)*(1+W$9) -> 168218.29 | O20: =MIN(I20-N19+(H20-L19+F20),R19)-P20 -> 53304.559 | Q20: -0.17268836 | R20: =(R19-O20)*(1+W$8+Q20) -> 323230.69 | S20: =L20+N20+R20 -> 593647.31 | T20: =K20/(MAX(S19,0.001)) -> 0.069568757 | Y20: =_xlfn.NORM.INV(RAND(), 0,0.04775) -> -0.029182688 | Z20: =OFFSET($AF$2,$Z$13+ROW($A7)-1901,0,1,1) -> -0.3772867 | AA20: =OFFSET($AF$3,RANDBETWEEN(1945,2018)-1901,0,1,1) -> -0.031520693 | AB20: =OFFSET($AF$2,$AC$14+ROW($A7)-1901,0,1,1) -> 0.06431735 | AE20: =AE19+1 -> 1918 | AF20: 0.10513579 | AG20: =AG19*(1+AF20) -> 1.6051552 | AH20: =POWER(AG$120/AG19,1/ROWS(AG19:AG$119))-1 -> 0.058563569
A21: =A20+1 -> 73 | B21: =B20+1 -> 2037 | D21: =D20*(1+W$3) -> 82292.837 | E21: =E20*(1+W$3) -> 31999.13 | F21: =D21-E21 -> 50293.707 | H21: =SUM(F22:F23) -> 105159.11 | I21: =SUM(F24:F26) -> 169867.49 | K21: =MIN(F21, L20+M21) -> 50293.707 | L21: =(L20+M21-K21)*(1+W$10) -> 105264.27 | M21: =MIN(H21-L20+F21,N20+O21) -> 53254.497 | N21: =(N20+O21-M21)*(1+W$9) -> 173264.84 | O21: =MIN(I21-N20+(H21-L20+F21),R20)-P21 -> 54903.696 | Q21: -0.031520693 | R21: =(R20-O21)*(1+W$8+Q21) -> 262552.41 | S21: =L21+N21+R21 -> 541081.53 | T21: =K21/(MAX(S20,0.001)) -> 0.084719843 | Y21: =_xlfn.NORM.INV(RAND(), 0,0.04775) -> -0.037253763 | Z21: =OFFSET($AF$2,$Z$13+ROW($A8)-1901,0,1,1) -> 0.46627497 | AA21: =OFFSET($AF$3,RANDBETWEEN(1945,2018)-1901,0,1,1) -> 0.084323923 | AB21: =OFFSET($AF$2,$AC$14+ROW($A8)-1901,0,1,1) -> -0.33836997 | AE21: =AE20+1 -> 1919 | AF21: 0.30450122 | AG21: =AG20*(1+AF21) -> 2.093927 | AH21: =POWER(AG$120/AG20,1/ROWS(AG20:AG$119))-1 -> 0.058107899
A22: =A21+1 -> 74 | B22: =B21+1 -> 2038 | D22: =D21*(1+W$3) -> 84761.622 | E22: =E21*(1+W$3) -> 32959.104 | F22: =D22-E22 -> 51802.518 | H22: =SUM(F23:F24) -> 108313.88 | I22: =SUM(F25:F27) -> 174963.52 | K22: =MIN(F22, L21+M22) -> 51802.518 | L22: =(L21+M22-K22)*(1+W$10) -> 108422.2 | M22: =MIN(H22-L21+F22,N21+O22) -> 54852.132 | N22: =(N21+O22-M22)*(1+W$9) -> 178462.79 | O22: =MIN(I22-N21+(H22-L21+F22),R21)-P22 -> 56550.807 | Q22: 0.041863354 | R22: =(R21-O22)*(1+W$8+Q22) -> 216685.54 | S22: =L22+N22+R22 -> 503570.53 | T22: =K22/(MAX(S21,0.001)) -> 0.09573884 | V22: Parameters Adjust the parameters to make different assumptions about needed income, social security, taxes, and investment returns. Since social security will only be able to pay 77 cents on the dollar if nothing is done to fix it, an adjustment can be made to your expected social security. It will likely be fixed by a combination of tax increases and benefit cuts. Stock volitility can be simulated by filling in values in the Stock Variation column. A column of normally distributed random numbers and historic stock data are provided to the right for this purpose. Copy and paste the cells as values, else the random values will keep getting recomputed while you're trying to tweak other parameters. | Y22: =_xlfn.NORM.INV(RAND(), 0,0.04775) -> 0.023584281 | Z22: =OFFSET($AF$2,$Z$13+ROW($A9)-1901,0,1,1) -> 0.14986376 | AA22: =OFFSET($AF$3,RANDBETWEEN(1945,2018)-1901,0,1,1) -> 0.13415013 | AB22: =OFFSET($AF$2,$AC$14+ROW($A9)-1901,0,1,1) -> 0.18818785 | AE22: =AE21+1 -> 1920 | AF22: -0.3290124 | AG22: =AG21*(1+AF22) -> 1.404999 | AH22: =POWER(AG$120/AG21,1/ROWS(AG21:AG$119))-1 -> 0.055872862
A23: =A22+1 -> 75 | B23: =B22+1 -> 2039 | D23: =D22*(1+W$3) -> 87304.471 | E23: =E22*(1+W$3) -> 33947.877 | F23: =D23-E23 -> 53356.593 | H23: =SUM(F24:F25) -> 111563.3 | I23: =SUM(F26:F28) -> 180212.42 | K23: =MIN(F23, L22+M23) -> 53356.593 | L23: =(L22+M23-K23)*(1+W$10) -> 111674.86 | M23: =MIN(H23-L22+F23,N22+O23) -> 56497.696 | N23: =(N22+O23-M23)*(1+W$9) -> 183816.67 | O23: =MIN(I23-N22+(H23-L22+F23),R22)-P23 -> 58247.331 | Q23: 0.22583565 | R23: =(R22-O23)*(1+W$8+Q23) -> 195803.59 | S23: =L23+N23+R23 -> 491295.12 | T23: =K23/(MAX(S22,0.001)) -> 0.10595655 | Y23: =_xlfn.NORM.INV(RAND(), 0,0.04775) -> -0.0037295126 | Z23: =OFFSET($AF$2,$Z$13+ROW($A10)-1901,0,1,1) -> -0.1781433 | AA23: =OFFSET($AF$3,RANDBETWEEN(1945,2018)-1901,0,1,1) -> 0.10891202 | AB23: =OFFSET($AF$2,$AC$14+ROW($A10)-1901,0,1,1) -> 0.11023303 | AE23: =AE22+1 -> 1921 | AF23: 0.12300208 | AG23: =AG22*(1+AF23) -> 1.5778168 | AH23: =POWER(AG$120/AG22,1/ROWS(AG22:AG$119))-1 -> 0.060768909
A24: =A23+1 -> 76 | B24: =B23+1 -> 2040 | D24: =D23*(1+W$3) -> 89923.605 | E24: =E23*(1+W$3) -> 34966.314 | F24: =D24-E24 -> 54957.291 | H24: =SUM(F25:F26) -> 114910.2 | I24: =SUM(F27:F29) -> 185618.79 | K24: =MIN(F24, L23+M24) -> 54957.291 | L24: =(L23+M24-K24)*(1+W$10) -> 115025.11 | M24: =MIN(H24-L23+F24,N23+O24) -> 58192.627 | N24: =(N23+O24-M24)*(1+W$9) -> 189331.17 | O24: =MIN(I24-N23+(H24-L23+F24),R23)-P24 -> 59994.751 | Q24: 0.02257384 | R24: =(R23-O24)*(1+W$8+Q24) -> 140232.65 | S24: =L24+N24+R24 -> 444588.93 | T24: =K24/(MAX(S23,0.001)) -> 0.11186207 | Y24: =_xlfn.NORM.INV(RAND(), 0,0.04775) -> 0.01372789 | Z24: =OFFSET($AF$2,$Z$13+ROW($A11)-1901,0,1,1) -> 0.0020352782 | AA24: =OFFSET($AF$3,RANDBETWEEN(1945,2018)-1901,0,1,1) -> -0.03734308 | AB24: =OFFSET($AF$2,$AC$24+ROW($A1)-1901,0,1,1) -> 0.26657912 | AC24: =RANDBETWEEN(1945, 2009) -> 1945 | AE24: =AE23+1 -> 1922 | AF24: 0.21497525 | AG24: =AG23*(1+AF24) -> 1.9170084 | AH24: =POWER(AG$120/AG23,1/ROWS(AG23:AG$119))-1 -> 0.060145628
A25: =A24+1 -> 77 | B25: =B24+1 -> 2041 | D25: =D24*(1+W$3) -> 92621.313 | E25: =E24*(1+W$3) -> 36015.303 | F25: =D25-E25 -> 56606.01 | H25: =SUM(F26:F27) -> 118357.51 | I25: =SUM(F28:F30) -> 191187.36 | K25: =MIN(F25, L24+M25) -> 56606.01 | L25: =(L24+M25-K25)*(1+W$10) -> 118475.86 | M25: =MIN(H25-L24+F25,N24+O25) -> 59938.406 | N25: =(N24+O25-M25)*(1+W$9) -> 195011.11 | O25: =MIN(I25-N24+(H25-L24+F25),R24)-P25 -> 61794.594 | Q25: 0.11852692 | R25: =(R24-O25)*(1+W$8+Q25) -> 88519.462 | S25: =L25+N25+R25 -> 402006.43 | T25: =K25/(MAX(S24,0.001)) -> 0.12732213 | Y25: =_xlfn.NORM.INV(RAND(), 0,0.04775) -> -0.036899314 | Z25: =OFFSET($AF$2,$Z$13+ROW($A12)-1901,0,1,1) -> 0.07718348 | AA25: =OFFSET($AF$3,RANDBETWEEN(1945,2018)-1901,0,1,1) -> -0.1676266 | AB25: =OFFSET($AF$2,$AC$24+ROW($A2)-1901,0,1,1) -> -0.081389321 | AE25: =AE24+1 -> 1923 | AF25: -0.02699399 | AG25: =AG24*(1+AF25) -> 1.8652607 | AH25: =POWER(AG$120/AG24,1/ROWS(AG24:AG$119))-1 -> 0.058641318
A26: =A25+1 -> 78 | B26: =B25+1 -> 2042 | D26: =D25*(1+W$3) -> 95399.952 | E26: =E25*(1+W$3) -> 37095.762 | F26: =D26-E26 -> 58304.19 | H26: =SUM(F27:F28) -> 121908.23 | I26: =SUM(F29:F31) -> 196922.98 | K26: =MIN(F26, L25+M26) -> 58304.19 | L26: =(L25+M26-K26)*(1+W$10) -> 122030.14 | M26: =MIN(H26-L25+F26,N25+O26) -> 61736.558 | N26: =(N25+O26-M26)*(1+W$9) -> 200861.44 | O26: =MIN(I26-N25+(H26-L25+F26),R25)-P26 -> 63648.431 | Q26: 0.26957484 | R26: =(R25-O26)*(1+W$8+Q26) -> 31824.346 | S26: =L26+N26+R26 -> 354715.92 | T26: =K26/(MAX(S25,0.001)) -> 0.14503298 | Y26: =_xlfn.NORM.INV(RAND(), 0,0.04775) -> 0.076738067 | Z26: =OFFSET($AF$2,$Z$13+ROW($A13)-1901,0,1,1) -> -0.10339409 | AA26: =OFFSET($AF$3,RANDBETWEEN(1945,2018)-1901,0,1,1) -> 0.25080809 | AB26: =OFFSET($AF$2,$AC$24+ROW($A3)-1901,0,1,1) -> 0.022573363 | AE26: =AE25+1 -> 1924 | AF26: 0.2616206 | AG26: =AG25*(1+AF26) -> 2.3532513 | AH26: =POWER(AG$120/AG25,1/ROWS(AG25:AG$119))-1 -> 0.059581712
A27: =A26+1 -> 79 | B27: =B26+1 -> 2043 | D27: =D26*(1+W$3) -> 98261.951 | E27: =E26*(1+W$3) -> 38208.635 | F27: =D27-E27 -> 60053.316 | H27: =SUM(F28:F29) -> 125565.48 | I27: =SUM(F30:F32) -> 202830.67 | K27: =MIN(F27, L26+M27) -> 60053.316 | L27: =(L26+M27-K27)*(1+W$10) -> 125691.04 | M27: =MIN(H27-L26+F27,N26+O27) -> 63588.655 | N27: =(N26+O27-M27)*(1+W$9) -> 172479.07 | O27: =MIN(I27-N26+(H27-L26+F27),R26)-P27 -> 31824.346 | Q27: -0.043404039 | R27: =(R26-O27)*(1+W$8+Q27) -> 0 | S27: =L27+N27+R27 -> 298170.12 | T27: =K27/(MAX(S26,0.001)) -> 0.16929975 | Y27: =_xlfn.NORM.INV(RAND(), 0,0.04775) -> 0.034088689 | Z27: =OFFSET($AF$2,$Z$13+ROW($A14)-1901,0,1,1) -> -0.043463021 | AA27: =OFFSET($AF$3,RANDBETWEEN(1945,2018)-1901,0,1,1) -> 0.18704335 | AB27: =OFFSET($AF$2,$AC$24+ROW($A4)-1901,0,1,1) -> -0.021523179 | AE27: =AE26+1 -> 1925 | AF27: 0.29997511 | AG27: =AG26*(1+AF27) -> 3.0591681 | AH27: =POWER(AG$120/AG26,1/ROWS(AG26:AG$119))-1 -> 0.05761629
A28: =A27+1 -> 80 | B28: =B27+1 -> 2044 | D28: =D27*(1+W$3)*W$6/W$5 -> 101209.81 | E28: =E27*(1+W$3) -> 39354.894 | F28: =D28-E28 -> 61854.915 | H28: =SUM(F29:F30) -> 129332.44 | I28: =SUM(F31:F33) -> 208915.59 | K28: =MIN(F28, L27+M28) -> 61854.915 | L28: =(L27+M28-K28)*(1+W$10) -> 129461.78 | M28: =MIN(H28-L27+F28,N27+O28) -> 65496.314 | N28: =(N27+O28-M28)*(1+W$9) -> 109122.41 | O28: =MIN(I28-N27+(H28-L27+F28),R27)-P28 -> 0 | Q28: 0.20317424 | R28: =(R27-O28)*(1+W$8+Q28) -> 0 | S28: =L28+N28+R28 -> 238584.19 | T28: =K28/(MAX(S27,0.001)) -> 0.20744841 | Y28: =_xlfn.NORM.INV(RAND(), 0,0.04775) -> -0.017300109 | Z28: =OFFSET($AF$2,$Z$13+ROW($A15)-1901,0,1,1) -> 0.81659949 | AA28: =OFFSET($AF$3,RANDBETWEEN(1945,2018)-1901,0,1,1) -> 0.13722698 | AB28: =OFFSET($AF$2,$AC$24+ROW($A5)-1901,0,1,1) -> 0.1285956 | AE28: =AE27+1 -> 1926 | AF28: 0.0034469552 | AG28: =AG27*(1+AF28) -> 3.0697129 | AH28: =POWER(AG$120/AG27,1/ROWS(AG27:AG$119))-1 -> 0.05527249
A29: =A28+1 -> 81 | B29: =B28+1 -> 2045 | D29: =D28*(1+W$3) -> 104246.1 | E29: =E28*(1+W$3) -> 40535.541 | F29: =D29-E29 -> 63710.563 | H29: =SUM(F30:F31) -> 133212.42 | I29: =SUM(F32:F34) -> 215183.06 | K29: =MIN(F29, L28+M29) -> 63710.563 | L29: =(L28+M29-K29)*(1+W$10) -> 133345.63 | M29: =MIN(H29-L28+F29,N28+O29) -> 67461.204 | N29: =(N28+O29-M29)*(1+W$9) -> 42494.433 | O29: =MIN(I29-N28+(H29-L28+F29),R28)-P29 -> 0 | Q29: 0.04175082 | R29: =(R28-O29)*(1+W$8+Q29) -> 0 | S29: =L29+N29+R29 -> 175840.06 | T29: =K29/(MAX(S28,0.001)) -> 0.26703598 | Y29: =_xlfn.NORM.INV(RAND(), 0,0.04775) -> 0.0031282897 | Z29: =OFFSET($AF$2,$Z$13+ROW($A16)-1901,0,1,1) -> -0.041855774 | AA29: =OFFSET($AF$3,RANDBETWEEN(1945,2018)-1901,0,1,1) -> -0.031520693 | AB29: =OFFSET($AF$2,$AC$24+ROW($A6)-1901,0,1,1) -> 0.17641179 | AE29: =AE28+1 -> 1927 | AF29: 0.27671756 | AG29: =AG28*(1+AF29) -> 3.9191564 | AH29: =POWER(AG$120/AG28,1/ROWS(AG28:AG$119))-1 -> 0.055850272
A30: =A29+1 -> 82 | B30: =B29+1 -> 2046 | D30: =D29*(1+W$3) -> 107373.49 | E30: =E29*(1+W$3) -> 41751.607 | F30: =D30-E30 -> 65621.88 | H30: =SUM(F31:F32) -> 137208.79 | I30: =SUM(F33:F35) -> 221638.55 | K30: =MIN(F30, L29+M30) -> 65621.88 | L30: =(L29+M30-K30)*(1+W$10) -> 110328.4 | M30: =MIN(H30-L29+F30,N29+O30) -> 42494.433 | N30: =(N29+O30-M30)*(1+W$9) -> 0 | O30: =MIN(I30-N29+(H30-L29+F30),R29)-P30 -> 0 | Q30: 0.13722698 | R30: =(R29-O30)*(1+W$8+Q30) -> 0 | S30: =L30+N30+R30 -> 110328.4 | T30: =K30/(MAX(S29,0.001)) -> 0.37319072 | Y30: =_xlfn.NORM.INV(RAND(), 0,0.04775) -> -0.0019271668 | Z30: =OFFSET($AF$2,$Z$13+ROW($A17)-1901,0,1,1) -> -0.21705263 | AA30: =OFFSET($AF$3,RANDBETWEEN(1945,2018)-1901,0,1,1) -> -0.16578431 | AB30: =OFFSET($AF$2,$AC$24+ROW($A7)-1901,0,1,1) -> 0.14358539 | AE30: =AE29+1 -> 1928 | AF30: 0.49476831 | AG30: =AG29*(1+AF30) -> 5.8582308 | AH30: =POWER(AG$120/AG29,1/ROWS(AG29:AG$119))-1 -> 0.053648674
A31: =A30+1 -> 83 | B31: =B30+1 -> 2047 | D31: =D30*(1+W$3) -> 110594.69 | E31: =E30*(1+W$3) -> 43004.155 | F31: =D31-E31 -> 67590.536 | H31: =SUM(F32:F33) -> 141325.05 | I31: =SUM(F34:F36) -> 228287.7 | K31: =MIN(F31, L30+M31) -> 67590.536 | L31: =(L30+M31-K31)*(1+W$10) -> 42780.602 | M31: =MIN(H31-L30+F31,N30+O31) -> 0 | N31: =(N30+O31-M31)*(1+W$9) -> 0 | O31: =MIN(I31-N30+(H31-L30+F31),R30)-P31 -> 0 | Q31: 0.021389947 | R31: =(R30-O31)*(1+W$8+Q31) -> 0 | S31: =L31+N31+R31 -> 42780.602 | T31: =K31/(MAX(S30,0.001)) -> 0.61263044 | Y31: =_xlfn.NORM.INV(RAND(), 0,0.04775) -> 0.021427953 | Z31: =OFFSET($AF$2,$Z$13+ROW($A18)-1901,0,1,1) -> 0.10513579 | AA31: =OFFSET($AF$3,RANDBETWEEN(1945,2018)-1901,0,1,1) -> 0.061151508 | AB31: =OFFSET($AF$2,$AC$24+ROW($A8)-1901,0,1,1) -> 0.084323923 | AE31: =AE30+1 -> 1929 | AF31: -0.17166667 | AG31: =AG30*(1+AF31) -> 4.8525679 | AH31: =POWER(AG$120/AG30,1/ROWS(AG30:AG$119))-1 -> 0.049562466
A32: =A31+1 -> 84 | B32: =B31+1 -> 2048 | D32: =D31*(1+W$3) -> 113912.53 | E32: =E31*(1+W$3) -> 44294.28 | F32: =D32-E32 -> 69618.252 | H32: =SUM(F33:F34) -> 145564.8 | I32: =SUM(F35:F37) -> 235136.33 | K32: =MIN(F32, L31+M32) -> 42780.602 | L32: =(L31+M32-K32)*(1+W$10) -> 0 | M32: =MIN(H32-L31+F32,N31+O32) -> 0 | N32: =(N31+O32-M32)*(1+W$9) -> 0 | O32: =MIN(I32-N31+(H32-L31+F32),R31)-P32 -> 0 | Q32: 0.33452431 | R32: =(R31-O32)*(1+W$8+Q32) -> 0 | S32: =L32+N32+R32 -> 0 | T32: =K32/(MAX(S31,0.001)) -> 1 | Y32: =_xlfn.NORM.INV(RAND(), 0,0.04775) -> -0.028571865 | Z32: =OFFSET($AF$2,$Z$13+ROW($A19)-1901,0,1,1) -> 0.30450122 | AA32: =OFFSET($AF$3,RANDBETWEEN(1945,2018)-1901,0,1,1) -> -0.1676266 | AB32: =OFFSET($AF$2,$AC$24+ROW($A9)-1901,0,1,1) -> -0.037684138 | AE32: =AE31+1 -> 1930 | AF32: -0.33762575 | AG32: =AG31*(1+AF32) -> 3.214216 | AH32: =POWER(AG$120/AG31,1/ROWS(AG31:AG$119))-1 -> 0.052357699
A33: =A32+1 -> 85 | B33: =B32+1 -> 2049 | D33: =D32*(1+W$3) -> 117329.91 | E33: =E32*(1+W$3) -> 45623.108 | F33: =D33-E33 -> 71706.8 | H33: =SUM(F34:F35) -> 149931.75 | I33: =SUM(F36:F38) -> 242190.43 | K33: =MIN(F33, L32+M33) -> 0 | L33: =(L32+M33-K33)*(1+W$10) -> 0 | M33: =MIN(H33-L32+F33,N32+O33) -> 0 | N33: =(N32+O33-M33)*(1+W$9) -> 0 | O33: =MIN(I33-N32+(H33-L32+F33),R32)-P33 -> 0 | Q33: 0.25221644 | R33: =(R32-O33)*(1+W$8+Q33) -> 0 | S33: =L33+N33+R33 -> 0 | T33: =K33/(MAX(S32,0.001)) -> 0 | Y33: =_xlfn.NORM.INV(RAND(), 0,0.04775) -> -0.01978511 | Z33: =OFFSET($AF$2,$Z$13+ROW($A20)-1901,0,1,1) -> -0.3290124 | AA33: =OFFSET($AF$3,RANDBETWEEN(1945,2018)-1901,0,1,1) -> 0.25322029 | AB33: =OFFSET($AF$2,$AC$24+ROW($A10)-1901,0,1,1) -> 0.43965824 | AE33: =AE32+1 -> 1931 | AF33: -0.52673147 | AG33: =AG32*(1+AF33) -> 1.5211873 | AH33: =POWER(AG$120/AG32,1/ROWS(AG32:AG$119))-1 -> 0.057908617
A34: =A33+1 -> 86 | B34: =B33+1 -> 2050 | D34: =D33*(1+W$3) -> 120849.81 | E34: =E33*(1+W$3) -> 46991.801 | F34: =D34-E34 -> 73858.004 | H34: =SUM(F35:F36) -> 154429.7 | I34: =SUM(F37:F39) -> 249456.14 | K34: =MIN(F34, L33+M34) -> 0 | L34: =(L33+M34-K34)*(1+W$10) -> 0 | M34: =MIN(H34-L33+F34,N33+O34) -> 0 | N34: =(N33+O34-M34)*(1+W$9) -> 0 | O34: =MIN(I34-N33+(H34-L33+F34),R33)-P34 -> 0 | Q34: -0.061780797 | R34: =(R33-O34)*(1+W$8+Q34) -> 0 | S34: =L34+N34+R34 -> 0 | T34: =K34/(MAX(S33,0.001)) -> 0 | Y34: =_xlfn.NORM.INV(RAND(), 0,0.04775) -> 0.025921083 | Z34: =OFFSET($AF$2,$Z$13+ROW($A21)-1901,0,1,1) -> 0.12300208 | AA34: =OFFSET($AF$3,RANDBETWEEN(1945,2018)-1901,0,1,1) -> 0.14358539 | AB34: =OFFSET($AF$2,$AC$34+ROW($A1)-1901,0,1,1) -> 0.06431735 | AC34: =RANDBETWEEN(1945, 2009) -> 2007 | AE34: =AE33+1 -> 1932 | AF34: -0.23106547 | AG34: =AG33*(1+AF34) -> 1.1696934 | AH34: =POWER(AG$120/AG33,1/ROWS(AG33:AG$119))-1 -> 0.067735207
A35: =A34+1 -> 87 | B35: =B34+1 -> 2051 | D35: =D34*(1+W$3) -> 124475.3 | E35: =E34*(1+W$3) -> 48401.555 | F35: =D35-E35 -> 76073.744 | H35: =SUM(F36:F37) -> 159062.59 | I35: =SUM(F38:F40) -> 256939.82 | K35: =MIN(F35, L34+M35) -> 0 | L35: =(L34+M35-K35)*(1+W$10) -> 0 | M35: =MIN(H35-L34+F35,N34+O35) -> 0 | N35: =(N34+O35-M35)*(1+W$9) -> 0 | O35: =MIN(I35-N34+(H35-L34+F35),R34)-P35 -> 0 | Q35: -0.070947825 | R35: =(R34-O35)*(1+W$8+Q35) -> 0 | S35: =L35+N35+R35 -> 0 | T35: =K35/(MAX(S34,0.001)) -> 0 | Y35: =_xlfn.NORM.INV(RAND(), 0,0.04775) -> 0.064186912 | Z35: =OFFSET($AF$2,$Z$13+ROW($A22)-1901,0,1,1) -> 0.21497525 | AA35: =OFFSET($AF$3,RANDBETWEEN(1945,2018)-1901,0,1,1) -> 0.196 | AB35: =OFFSET($AF$2,$AC$34+ROW($A2)-1901,0,1,1) -> -0.33836997 | AE35: =AE34+1 -> 1933 | AF35: 0.66777963 | AG35: =AG34*(1+AF35) -> 1.9507909 | AH35: =POWER(AG$120/AG34,1/ROWS(AG34:AG$119))-1 -> 0.07181888
A36: =A35+1 -> 88 | B36: =B35+1 -> 2052 | D36: =D35*(1+W$3) -> 128209.56 | E36: =E35*(1+W$3) -> 49853.602 | F36: =D36-E36 -> 78355.956 | H36: =SUM(F37:F38) -> 163834.47 | I36: =SUM(F39:F41) -> 264648.02 | K36: =MIN(F36, L35+M36) -> 0 | L36: =(L35+M36-K36)*(1+W$10) -> 0 | M36: =MIN(H36-L35+F36,N35+O36) -> 0 | N36: =(N35+O36-M36)*(1+W$9) -> 0 | O36: =MIN(I36-N35+(H36-L35+F36),R35)-P36 -> 0 | Q36: -0.1676266 | R36: =(R35-O36)*(1+W$8+Q36) -> 0 | S36: =L36+N36+R36 -> 0 | T36: =K36/(MAX(S35,0.001)) -> 0 | Y36: =_xlfn.NORM.INV(RAND(), 0,0.04775) -> 0.092372673 | Z36: =OFFSET($AF$2,$Z$13+ROW($A23)-1901,0,1,1) -> -0.02699399 | AA36: =OFFSET($AF$3,RANDBETWEEN(1945,2018)-1901,0,1,1) -> 0.18818785 | AB36: =OFFSET($AF$2,$AC$34+ROW($A3)-1901,0,1,1) -> 0.18818785 | AE36: =AE35+1 -> 1934 | AF36: 0.041041041 | AG36: =AG35*(1+AF36) -> 2.0308533 | AH36: =POWER(AG$120/AG35,1/ROWS(AG35:AG$119))-1 -> 0.06625818
A37: =A36+1 -> 89 | B37: =B36+1 -> 2053 | D37: =D36*(1+W$3) -> 132055.85 | E37: =E36*(1+W$3) -> 51349.21 | F37: =D37-E37 -> 80706.635 | H37: =SUM(F38:F39) -> 168749.5 | I37: =SUM(F40:F42) -> 272587.46 | K37: =MIN(F37, L36+M37) -> 0 | L37: =(L36+M37-K37)*(1+W$10) -> 0 | M37: =MIN(H37-L36+F37,N36+O37) -> 0 | N37: =(N36+O37-M37)*(1+W$9) -> 0 | O37: =MIN(I37-N36+(H37-L36+F37),R36)-P37 -> 0 | Q37: 0.25322029 | R37: =(R36-O37)*(1+W$8+Q37) -> 0 | S37: =L37+N37+R37 -> 0 | T37: =K37/(MAX(S36,0.001)) -> 0 | Y37: =_xlfn.NORM.INV(RAND(), 0,0.04775) -> 0.011382519 | Z37: =OFFSET($AF$2,$Z$13+ROW($A24)-1901,0,1,1) -> 0.2616206 | AA37: =OFFSET($AF$3,RANDBETWEEN(1945,2018)-1901,0,1,1) -> 0.14560944 | AB37: =OFFSET($AF$2,$AC$34+ROW($A4)-1901,0,1,1) -> 0.11023303 | AE37: =AE36+1 -> 1935 | AF37: 0.38557692 | AG37: =AG36*(1+AF37) -> 2.8139035 | AH37: =POWER(AG$120/AG36,1/ROWS(AG36:AG$119))-1 -> 0.066562034
A38: =A37+1 -> 90 | B38: =B37+1 -> 2054 | D38: =D37*(1+W$3) -> 136017.52 | E38: =E37*(1+W$3) -> 52889.687 | F38: =D38-E38 -> 83127.834 | H38: =SUM(F39:F40) -> 173811.99 | I38: =SUM(F41:F43) -> 280765.08 | K38: =MIN(F38, L37+M38) -> 0 | L38: =(L37+M38-K38)*(1+W$10) -> 0 | M38: =MIN(H38-L37+F38,N37+O38) -> 0 | N38: =(N37+O38-M38)*(1+W$9) -> 0 | O38: =MIN(I38-N37+(H38-L37+F38),R37)-P38 -> 0 | Q38: 0.031481074 | R38: =(R37-O38)*(1+W$8+Q38) -> 0 | S38: =L38+N38+R38 -> 0 | T38: =K38/(MAX(S37,0.001)) -> 0 | Y38: =_xlfn.NORM.INV(RAND(), 0,0.04775) -> 0.016507825 | Z38: =OFFSET($AF$2,$Z$13+ROW($A25)-1901,0,1,1) -> 0.29997511 | AA38: =OFFSET($AF$3,RANDBETWEEN(1945,2018)-1901,0,1,1) -> 0.14358539 | AB38: =OFFSET($AF$2,$AC$34+ROW($A5)-1901,0,1,1) -> 0.055283908 | AE38: =AE37+1 -> 1936 | AF38: 0.24843858 | AG38: =AG37*(1+AF38) -> 3.5129857 | AH38: =POWER(AG$120/AG37,1/ROWS(AG37:AG$119))-1 -> 0.063204753
A39: =A38+1 -> 91 | B39: =B38+1 -> 2055 | D39: =D38*(1+W$3) -> 140098.05 | E39: =E38*(1+W$3) -> 54476.377 | F39: =D39-E39 -> 85621.669 | H39: =SUM(F40:F41) -> 179026.35 | I39: =SUM(F42:F44) -> 289188.03 | K39: =MIN(F39, L38+M39) -> 0 | L39: =(L38+M39-K39)*(1+W$10) -> 0 | M39: =MIN(H39-L38+F39,N38+O39) -> 0 | N39: =(N38+O39-M39)*(1+W$9) -> 0 | O39: =MIN(I39-N38+(H39-L38+F39),R38)-P39 -> 0 | Q39: -0.0060743763 | R39: =(R38-O39)*(1+W$8+Q39) -> 0 | S39: =L39+N39+R39 -> 0 | T39: =K39/(MAX(S38,0.001)) -> 0 | Y39: =_xlfn.NORM.INV(RAND(), 0,0.04775) -> -0.072783126 | Z39: =OFFSET($AF$2,$Z$13+ROW($A26)-1901,0,1,1) -> 0.0034469552 | AA39: =OFFSET($AF$3,RANDBETWEEN(1945,2018)-1901,0,1,1) -> 0.02257384 | AB39: =OFFSET($AF$2,$AC$34+ROW($A6)-1901,0,1,1) -> 0.072566044 | AE39: =AE38+1 -> 1937 | AF39: -0.32795998 | AG39: =AG38*(1+AF39) -> 2.360867 | AH39: =POWER(AG$120/AG38,1/ROWS(AG38:AG$119))-1 -> 0.061124388
A40: =A39+1 -> 92 | B40: =B39+1 -> 2056 | D40: =D39*(1+W$3) -> 144300.99 | E40: =E39*(1+W$3) -> 56110.668 | F40: =D40-E40 -> 88190.319 | H40: =SUM(F41:F42) -> 184397.14 | I40: =SUM(F43:F45) -> 297863.67 | K40: =MIN(F40, L39+M40) -> 0 | L40: =(L39+M40-K40)*(1+W$10) -> 0 | M40: =MIN(H40-L39+F40,N39+O40) -> 0 | N40: =(N39+O40-M40)*(1+W$9) -> 0 | O40: =MIN(I40-N39+(H40-L39+F40),R39)-P40 -> 0 | Q40: 0.16288314 | R40: =(R39-O40)*(1+W$8+Q40) -> 0 | S40: =L40+N40+R40 -> 0 | T40: =K40/(MAX(S39,0.001)) -> 0 | Y40: =_xlfn.NORM.INV(RAND(), 0,0.04775) -> 0.022036726 | Z40: =OFFSET($AF$2,$Z$13+ROW($A27)-1901,0,1,1) -> 0.27671756 | AA40: =OFFSET($AF$3,RANDBETWEEN(1945,2018)-1901,0,1,1) -> 0.1285956 | AB40: =OFFSET($AF$2,$AC$34+ROW($A7)-1901,0,1,1) -> 0.26499412 | AE40: =AE39+1 -> 1938 | AF40: 0.28039702 | AG40: =AG39*(1+AF40) -> 3.0228471 | AH40: =POWER(AG$120/AG39,1/ROWS(AG39:AG$119))-1 -> 0.06712507
A41: =A40+1 -> 93 | B41: =B40+1 -> 2057 | D41: =D40*(1+W$3) -> 148630.02 | E41: =E40*(1+W$3) -> 57793.988 | F41: =D41-E41 -> 90836.029 | H41: =SUM(F42:F43) -> 189929.05 | I41: =SUM(F44:F46) -> 306799.58 | K41: =MIN(F41, L40+M41) -> 0 | L41: =(L40+M41-K41)*(1+W$10) -> 0 | M41: =MIN(H41-L40+F41,N40+O41) -> 0 | N41: =(N40+O41-M41)*(1+W$9) -> 0 | O41: =MIN(I41-N40+(H41-L40+F41),R40)-P41 -> 0 | Q41: 0.06431735 | R41: =(R40-O41)*(1+W$8+Q41) -> 0 | S41: =L41+N41+R41 -> 0 | T41: =K41/(MAX(S40,0.001)) -> 0 | Y41: =_xlfn.NORM.INV(RAND(), 0,0.04775) -> 0.11680513 | Z41: =OFFSET($AF$2,$Z$13+ROW($A28)-1901,0,1,1) -> 0.49476831 | AA41: =OFFSET($AF$3,RANDBETWEEN(1945,2018)-1901,0,1,1) -> -0.022332853 | AB41: =OFFSET($AF$2,$AC$34+ROW($A8)-1901,0,1,1) -> 0.07519066 | AE41: =AE40+1 -> 1939 | AF41: -0.029715762 | AG41: =AG40*(1+AF41) -> 2.9330209 | AH41: =POWER(AG$120/AG40,1/ROWS(AG40:AG$119))-1 -> 0.064697431
A42: =A41+1 -> 94 | B42: =B41+1 -> 2058 | D42: =D41*(1+W$3) -> 153088.92 | E42: =E41*(1+W$3) -> 59527.808 | F42: =D42-E42 -> 93561.109 | H42: =SUM(F43:F44) -> 195626.92 | I42: =SUM(F45:F47) -> 316003.57 | K42: =MIN(F42, L41+M42) -> 0 | L42: =(L41+M42-K42)*(1+W$10) -> 0 | M42: =MIN(H42-L41+F42,N41+O42) -> 0 | N42: =(N41+O42-M42)*(1+W$9) -> 0 | O42: =MIN(I42-N41+(H42-L41+F42),R41)-P42 -> 0 | Q42: -0.33836997 | R42: =(R41-O42)*(1+W$8+Q42) -> 0 | S42: =L42+N42+R42 -> 0 | T42: =K42/(MAX(S41,0.001)) -> 0 | Y42: =_xlfn.NORM.INV(RAND(), 0,0.04775) -> -0.068545433 | Z42: =OFFSET($AF$2,$Z$13+ROW($A29)-1901,0,1,1) -> -0.17166667 | AA42: =OFFSET($AF$3,RANDBETWEEN(1945,2018)-1901,0,1,1) -> 0.26014735 | AB42: =OFFSET($AF$2,$AC$34+ROW($A9)-1901,0,1,1) -> -0.022332853 | AE42: =AE41+1 -> 1940 | AF42: -0.12716378 | AG42: =AG41*(1+AF42) -> 2.5600469 | AH42: =POWER(AG$120/AG41,1/ROWS(AG41:AG$119))-1 -> 0.065949616
A43: =A42+1 -> 95 | B43: =B42+1 -> 2059 | D43: =D42*(1+W$3) -> 157681.59 | E43: =E42*(1+W$3) -> 61313.642 | F43: =D43-E43 -> 96367.943 | H43: =SUM(F44:F45) -> 201495.73 | I43: =SUM(F46:F48) -> 325483.68 | K43: =MIN(F43, L42+M43) -> 0 | L43: =(L42+M43-K43)*(1+W$10) -> 0 | M43: =MIN(H43-L42+F43,N42+O43) -> 0 | N43: =(N42+O43-M43)*(1+W$9) -> 0 | O43: =MIN(I43-N42+(H43-L42+F43),R42)-P43 -> 0 | Q43: -0.10805635 | R43: =(R42-O43)*(1+W$8+Q43) -> 0 | S43: =L43+N43+R43 -> 0 | T43: =K43/(MAX(S42,0.001)) -> 0 | Y43: =_xlfn.NORM.INV(RAND(), 0,0.04775) -> 0.072024893 | Z43: =OFFSET($AF$2,$Z$13+ROW($A30)-1901,0,1,1) -> -0.33762575 | AA43: =OFFSET($AF$3,RANDBETWEEN(1945,2018)-1901,0,1,1) -> 0.17641179 | AB43: =OFFSET($AF$2,$AC$34+ROW($A10)-1901,0,1,1) -> 0.13415013 | AE43: =AE42+1 -> 1941 | AF43: -0.15331808 | AG43: =AG42*(1+AF43) -> 2.1675454 | AH43: =POWER(AG$120/AG42,1/ROWS(AG42:AG$119))-1 -> 0.068684593
A44: =A43+1 -> 96 | B44: =B43+1 -> 2060 | D44: =D43*(1+W$3) -> 162412.03 | E44: =E43*(1+W$3) -> 63153.052 | F44: =D44-E44 -> 99258.981 | H44: =SUM(F45:F46) -> 207540.6 | I44: =SUM(F47:F49) -> 335248.19 | K44: =MIN(F44, L43+M44) -> 0 | L44: =(L43+M44-K44)*(1+W$10) -> 0 | M44: =MIN(H44-L43+F44,N43+O44) -> 0 | N44: =(N43+O44-M44)*(1+W$9) -> 0 | O44: =MIN(I44-N43+(H44-L43+F44),R43)-P44 -> 0 | Q44: 0.17006594 | R44: =(R43-O44)*(1+W$8+Q44) -> 0 | S44: =L44+N44+R44 -> 0 | T44: =K44/(MAX(S43,0.001)) -> 0 | Y44: =_xlfn.NORM.INV(RAND(), 0,0.04775) -> -0.020721386 | Z44: =OFFSET($AF$2,$Z$13+ROW($A31)-1901,0,1,1) -> -0.52673147 | AA44: =OFFSET($AF$3,RANDBETWEEN(1945,2018)-1901,0,1,1) -> 0.061151508 | AB44: =OFFSET($AF$2,$AC$44+ROW($A1)-1901,0,1,1) -> -0.33836997 | AC44: =RANDBETWEEN(1945, 2009) -> 2008 | AE44: =AE43+1 -> 1942 | AF44: 0.075675676 | AG44: =AG43*(1+AF44) -> 2.3315759 | AH44: =POWER(AG$120/AG43,1/ROWS(AG43:AG$119))-1 -> 0.071921336
A45: =A44+1 -> 97 | B45: =B44+1 -> 2061 | D45: =D44*(1+W$3) -> 167284.39 | E45: =E44*(1+W$3) -> 65047.643 | F45: =D45-E45 -> 102236.75 | H45: =SUM(F46:F47) -> 213766.82 | I45: =SUM(F48:F50) -> 345305.64 | K45: =MIN(F45, L44+M45) -> 0 | L45: =(L44+M45-K45)*(1+W$10) -> 0 | M45: =MIN(H45-L44+F45,N44+O45) -> 0 | N45: =(N44+O45-M45)*(1+W$9) -> 0 | O45: =MIN(I45-N44+(H45-L44+F45),R44)-P45 -> 0 | Q45: 0.14560944 | R45: =(R44-O45)*(1+W$8+Q45) -> 0 | S45: =L45+N45+R45 -> 0 | T45: =K45/(MAX(S44,0.001)) -> 0 | Y45: =_xlfn.NORM.INV(RAND(), 0,0.04775) -> -0.049582512 | Z45: =OFFSET($AF$2,$Z$13+ROW($A32)-1901,0,1,1) -> -0.23106547 | AA45: =OFFSET($AF$3,RANDBETWEEN(1945,2018)-1901,0,1,1) -> -0.18941504 | AB45: =OFFSET($AF$2,$AC$44+ROW($A2)-1901,0,1,1) -> 0.18818785 | AE45: =AE44+1 -> 1943 | AF45: 0.13819095 | AG45: =AG44*(1+AF45) -> 2.6537786 | AH45: =POWER(AG$120/AG44,1/ROWS(AG44:AG$119))-1 -> 0.071872024
A46: =A45+1 -> 98 | B46: =B45+1 -> 2062 | D46: =D45*(1+W$3) -> 172302.93 | E46: =E45*(1+W$3) -> 66999.072 | F46: =D46-E46 -> 105303.85 | H46: =SUM(F47:F48) -> 220179.83 | I46: =SUM(F49:F51) -> 355664.8 | K46: =MIN(F46, L45+M46) -> 0 | L46: =(L45+M46-K46)*(1+W$10) -> 0 | M46: =MIN(H46-L45+F46,N45+O46) -> 0 | N46: =(N45+O46-M46)*(1+W$9) -> 0 | O46: =MIN(I46-N45+(H46-L45+F46),R45)-P46 -> 0 | Q46: 0.10891202 | R46: =(R45-O46)*(1+W$8+Q46) -> 0 | S46: =L46+N46+R46 -> 0 | T46: =K46/(MAX(S45,0.001)) -> 0 | Y46: =_xlfn.NORM.INV(RAND(), 0,0.04775) -> 0.10673142 | Z46: =OFFSET($AF$2,$Z$13+ROW($A33)-1901,0,1,1) -> 0.66777963 | AA46: =OFFSET($AF$3,RANDBETWEEN(1945,2018)-1901,0,1,1) -> 0.16098276 | AB46: =OFFSET($AF$2,$AC$44+ROW($A3)-1901,0,1,1) -> 0.11023303 | AE46: =AE45+1 -> 1944 | AF46: 0.12067697 | AG46: =AG45*(1+AF46) -> 2.9740285 | AH46: =POWER(AG$120/AG45,1/ROWS(AG45:AG$119))-1 -> 0.071014392
A47: =A46+1 -> 99 | B47: =B46+1 -> 2063 | D47: =D46*(1+W$3) -> 177472.01 | E47: =E46*(1+W$3) -> 69009.045 | F47: =D47-E47 -> 108462.97 | H47: =SUM(F48:F49) -> 226785.22 | I47: =SUM(F50:F52) -> 366334.75 | K47: =MIN(F47, L46+M47) -> 0 | L47: =(L46+M47-K47)*(1+W$10) -> 0 | M47: =MIN(H47-L46+F47,N46+O47) -> 0 | N47: =(N46+O47-M47)*(1+W$9) -> 0 | O47: =MIN(I47-N46+(H47-L46+F47),R46)-P47 -> 0 | Q47: -0.18941504 | R47: =(R46-O47)*(1+W$8+Q47) -> 0 | S47: =L47+N47+R47 -> 0 | T47: =K47/(MAX(S46,0.001)) -> 0 | Y47: =_xlfn.NORM.INV(RAND(), 0,0.04775) -> -0.036622995 | Z47: =OFFSET($AF$2,$Z$13+ROW($A34)-1901,0,1,1) -> 0.041041041 | AA47: =OFFSET($AF$3,RANDBETWEEN(1945,2018)-1901,0,1,1) -> 0.27657643 | AB47: =OFFSET($AF$2,$AC$44+ROW($A4)-1901,0,1,1) -> 0.055283908 | AE47: =AE46+1 -> 1945 | AF47: 0.26657912 | AG47: =AG46*(1+AF47) -> 3.7668424 | AH47: =POWER(AG$120/AG46,1/ROWS(AG46:AG$119))-1 -> 0.070358571
A48: =A47+1 -> 100 | B48: =B47+1 -> 2064 | D48: =D47*(1+W$3) -> 182796.17 | E48: =E47*(1+W$3) -> 71079.316 | F48: =D48-E48 -> 111716.86 | H48: =SUM(F49:F50) -> 233588.78 | I48: =SUM(F51:F53) -> 377324.79 | K48: =MIN(F48, L47+M48) -> 0 | L48: =(L47+M48-K48)*(1+W$10) -> 0 | M48: =MIN(H48-L47+F48,N47+O48) -> 0 | N48: =(N47+O48-M48)*(1+W$9) -> 0 | O48: =MIN(I48-N47+(H48-L47+F48),R47)-P48 -> 0 | Q48: 0.1519664 | R48: =(R47-O48)*(1+W$8+Q48) -> 0 | S48: =L48+N48+R48 -> 0 | T48: =K48/(MAX(S47,0.001)) -> 0 | Y48: =_xlfn.NORM.INV(RAND(), 0,0.04775) -> -0.039969753 | Z48: =OFFSET($AF$2,$Z$13+ROW($A35)-1901,0,1,1) -> 0.38557692 | AA48: =OFFSET($AF$3,RANDBETWEEN(1945,2018)-1901,0,1,1) -> -0.33836997 | AB48: =OFFSET($AF$2,$AC$44+ROW($A5)-1901,0,1,1) -> 0.072566044 | AE48: =AE47+1 -> 1946 | AF48: -0.081389321 | AG48: =AG47*(1+AF48) -> 3.4602617 | AH48: =POWER(AG$120/AG47,1/ROWS(AG47:AG$119))-1 -> 0.067893344
A49: =A48+1 -> 101 | B49: =B48+1 -> 2065 | D49: =D48*(1+W$3) -> 188280.06 | E49: =E48*(1+W$3) -> 73211.695 | F49: =D49-E49 -> 115068.36 | H49: =SUM(F50:F51) -> 240596.44 | I49: =SUM(F52:F54) -> 388644.53 | K49: =MIN(F49, L48+M49) -> 0 | L49: =(L48+M49-K49)*(1+W$10) -> 0 | M49: =MIN(H49-L48+F49,N48+O49) -> 0 | N49: =(N48+O49-M49)*(1+W$9) -> 0 | O49: =MIN(I49-N48+(H49-L48+F49),R48)-P49 -> 0 | Q49: 0.042757706 | R49: =(R48-O49)*(1+W$8+Q49) -> 0 | S49: =L49+N49+R49 -> 0 | T49: =K49/(MAX(S48,0.001)) -> 0 | Y49: =_xlfn.NORM.INV(RAND(), 0,0.04775) -> -0.016653666 | Z49: =OFFSET($AF$2,$Z$13+ROW($A36)-1901,0,1,1) -> 0.24843858 | AA49: =OFFSET($AF$3,RANDBETWEEN(1945,2018)-1901,0,1,1) -> -0.031520693 | AB49: =OFFSET($AF$2,$AC$44+ROW($A6)-1901,0,1,1) -> 0.26499412 | AE49: =AE48+1 -> 1947 | AF49: 0.022573363 | AG49: =AG48*(1+AF49) -> 3.5383714 | AH49: =POWER(AG$120/AG48,1/ROWS(AG48:AG$119))-1 -> 0.070129073
A50: =A49+1 -> 102 | B50: =B49+1 -> 2066 | D50: =D49*(1+W$3) -> 193928.46 | E50: =E49*(1+W$3) -> 75408.046 | F50: =D50-E50 -> 118520.41 | H50: =SUM(F51:F52) -> 247814.33 | I50: =SUM(F53:F55) -> 400303.87 | K50: =MIN(F50, L49+M50) -> 0 | L50: =(L49+M50-K50)*(1+W$10) -> 0 | M50: =MIN(H50-L49+F50,N49+O50) -> 0 | N50: =(N49+O50-M50)*(1+W$9) -> 0 | O50: =MIN(I50-N49+(H50-L49+F50),R49)-P50 -> 0 | Q50: -0.15193897 | R50: =(R49-O50)*(1+W$8+Q50) -> 0 | S50: =L50+N50+R50 -> 0 | T50: =K50/(MAX(S49,0.001)) -> 0 | Y50: =_xlfn.NORM.INV(RAND(), 0,0.04775) -> -0.012664197 | Z50: =OFFSET($AF$2,$Z$13+ROW($A37)-1901,0,1,1) -> -0.32795998 | AA50: =OFFSET($AF$3,RANDBETWEEN(1945,2018)-1901,0,1,1) -> -0.043404039 | AB50: =OFFSET($AF$2,$AC$44+ROW($A7)-1901,0,1,1) -> 0.07519066 | AE50: =AE49+1 -> 1948 | AF50: -0.021523179 | AG50: =AG49*(1+AF50) -> 3.4622144 | AH50: =POWER(AG$120/AG49,1/ROWS(AG49:AG$119))-1 -> 0.07081443
A51: =A50+1 -> 103 | B51: =B50+1 -> 2067 | D51: =D50*(1+W$3) -> 199746.31 | E51: =E50*(1+W$3) -> 77670.288 | F51: =D51-E51 -> 122076.03 | H51: =SUM(F52:F53) -> 255248.76 | I51: =SUM(F54:F56) -> 412312.99 | K51: =MIN(F51, L50+M51) -> 0 | L51: =(L50+M51-K51)*(1+W$10) -> 0 | M51: =MIN(H51-L50+F51,N50+O51) -> 0 | N51: =(N50+O51-M51)*(1+W$9) -> 0 | O51: =MIN(I51-N50+(H51-L50+F51),R50)-P51 -> 0 | Q51: 0.04810095 | R51: =(R50-O51)*(1+W$8+Q51) -> 0 | S51: =L51+N51+R51 -> 0 | T51: =K51/(MAX(S50,0.001)) -> 0 | Y51: =_xlfn.NORM.INV(RAND(), 0,0.04775) -> -0.086829697 | Z51: =OFFSET($AF$2,$Z$13+ROW($A38)-1901,0,1,1) -> 0.28039702 | AA51: =OFFSET($AF$3,RANDBETWEEN(1945,2018)-1901,0,1,1) -> 0.3833171 | AB51: =OFFSET($AF$2,$AC$44+ROW($A8)-1901,0,1,1) -> -0.022332853 | AE51: =AE50+1 -> 1949 | AF51: 0.1285956 | AG51: =AG50*(1+AF51) -> 3.90744 | AH51: =POWER(AG$120/AG50,1/ROWS(AG50:AG$119))-1 -> 0.072194798
A52: =A51+1 -> 104 | B52: =B51+1 -> 2068 | D52: =D51*(1+W$3) -> 205738.7 | E52: =E51*(1+W$3) -> 80000.396 | F52: =D52-E52 -> 125738.31 | H52: =SUM(F53:F54) -> 262906.23 | I52: =SUM(F55:F57) -> 424682.38 | K52: =MIN(F52, L51+M52) -> 0 | L52: =(L51+M52-K52)*(1+W$10) -> 0 | M52: =MIN(H52-L51+F52,N51+O52) -> 0 | N52: =(N51+O52-M52)*(1+W$9) -> 0 | O52: =MIN(I52-N51+(H52-L51+F52),R51)-P52 -> 0 | Q52: 0.061151508 | R52: =(R51-O52)*(1+W$8+Q52) -> 0 | S52: =L52+N52+R52 -> 0 | T52: =K52/(MAX(S51,0.001)) -> 0 | Y52: =_xlfn.NORM.INV(RAND(), 0,0.04775) -> 0.12006961 | Z52: =OFFSET($AF$2,$Z$13+ROW($A39)-1901,0,1,1) -> -0.029715762 | AA52: =OFFSET($AF$3,RANDBETWEEN(1945,2018)-1901,0,1,1) -> 0.20267559 | AB52: =OFFSET($AF$2,$AC$44+ROW($A9)-1901,0,1,1) -> 0.13415013 | AE52: =AE51+1 -> 1950 | AF52: 0.17641179 | AG52: =AG51*(1+AF52) -> 4.5967584 | AH52: =POWER(AG$120/AG51,1/ROWS(AG51:AG$119))-1 -> 0.071398465
A53: =A52+1 -> 105 | B53: =B52+1 -> 2069 | D53: =D52*(1+W$3) -> 211910.86 | E53: =E52*(1+W$3) -> 82400.408 | F53: =D53-E53 -> 129510.46 | H53: =SUM(F54:F55) -> 270793.41 | I53: =SUM(F56:F58) -> 437422.85 | K53: =MIN(F53, L52+M53) -> 0 | L53: =(L52+M53-K53)*(1+W$10) -> 0 | M53: =MIN(H53-L52+F53,N52+O53) -> 0 | N53: =(N52+O53-M53)*(1+W$9) -> 0 | O53: =MIN(I53-N52+(H53-L52+F53),R52)-P53 -> 0 | Q53: 0.3833171 | R53: =(R52-O53)*(1+W$8+Q53) -> 0 | S53: =L53+N53+R53 -> 0 | T53: =K53/(MAX(S52,0.001)) -> 0 | Y53: =_xlfn.NORM.INV(RAND(), 0,0.04775) -> 0.076410369 | Z53: =OFFSET($AF$2,$Z$13+ROW($A40)-1901,0,1,1) -> -0.12716378 | AA53: =OFFSET($AF$3,RANDBETWEEN(1945,2018)-1901,0,1,1) -> 0.04810095 | AB53: =OFFSET($AF$2,$AC$44+ROW($A10)-1901,0,1,1) -> 0.25080809 | AE53: =AE52+1 -> 1951 | AF53: 0.14358539 | AG53: =AG52*(1+AF53) -> 5.2567858 | AH53: =POWER(AG$120/AG52,1/ROWS(AG52:AG$119))-1 -> 0.069926239
A54: =A53+1 -> 106 | B54: =B53+1 -> 2070 | D54: =D53*(1+W$3) -> 218268.19 | E54: =E53*(1+W$3) -> 84872.421 | F54: =D54-E54 -> 133395.77 | H54: =SUM(F55:F56) -> 278917.22 | I54: =SUM(F57:F59) -> 450545.53 | K54: =MIN(F54, L53+M54) -> 0 | L54: =(L53+M54-K54)*(1+W$10) -> 0 | M54: =MIN(H54-L53+F54,N53+O54) -> 0 | N54: =(N53+O54-M54)*(1+W$9) -> 0 | O54: =MIN(I54-N53+(H54-L53+F54),R53)-P54 -> 0 | Q54: 0.17867198 | R54: =(R53-O54)*(1+W$8+Q54) -> 0 | S54: =L54+N54+R54 -> 0 | T54: =K54/(MAX(S53,0.001)) -> 0 | Y54: =_xlfn.NORM.INV(RAND(), 0,0.04775) -> 0.04630711 | Z54: =OFFSET($AF$2,$Z$13+ROW($A41)-1901,0,1,1) -> -0.15331808 | AA54: =OFFSET($AF$3,RANDBETWEEN(1945,2018)-1901,0,1,1) -> 0.43965824 | AB54: =OFFSET($AF$2,$AC$54+ROW($A1)-1901,0,1,1) -> -0.031520693 | AC54: =RANDBETWEEN(1945, 2009) -> 1978 | AE54: =AE53+1 -> 1952 | AF54: 0.084323923 | AG54: =AG53*(1+AF54) -> 5.7000586 | AH54: =POWER(AG$120/AG53,1/ROWS(AG53:AG$119))-1 -> 0.068863568
A55: =A54+1 -> 107 | B55: =B54+1 -> 2071 | D55: =D54*(1+W$3) -> 224816.24 | E55: =E54*(1+W$3) -> 87418.593 | F55: =D55-E55 -> 137397.64 | H55: =SUM(F56:F57) -> 287284.73 | I55: =SUM(F58:F60) -> 464061.9 | K55: =MIN(F55, L54+M55) -> 0 | L55: =(L54+M55-K55)*(1+W$10) -> 0 | M55: =MIN(H55-L54+F55,N54+O55) -> 0 | N55: =(N54+O55-M55)*(1+W$9) -> 0 | O55: =MIN(I55-N54+(H55-L54+F55),R54)-P55 -> 0 | Q55: -0.17268836 | R55: =(R54-O55)*(1+W$8+Q55) -> 0 | S55: =L55+N55+R55 -> 0 | T55: =K55/(MAX(S54,0.001)) -> 0 | Y55: =_xlfn.NORM.INV(RAND(), 0,0.04775) -> 0.019378824 | Z55: =OFFSET($AF$2,$Z$13+ROW($A42)-1901,0,1,1) -> 0.075675676 | AA55: =OFFSET($AF$3,RANDBETWEEN(1945,2018)-1901,0,1,1) -> 0.18704335 | AB55: =OFFSET($AF$2,$AC$54+ROW($A2)-1901,0,1,1) -> 0.041863354 | AE55: =AE54+1 -> 1953 | AF55: -0.037684138 | AG55: =AG54*(1+AF55) -> 5.4852568 | AH55: =POWER(AG$120/AG54,1/ROWS(AG54:AG$119))-1 -> 0.068631024
A56: =A55+1 -> 108 | B56: =B55+1 -> 2072 | D56: =D55*(1+W$3) -> 231560.72 | E56: =E55*(1+W$3) -> 90041.151 | F56: =D56-E56 -> 141519.57 | H56: =SUM(F57:F58) -> 295903.27 | I56: =SUM(F59:F61) -> 477983.76 | K56: =MIN(F56, L55+M56) -> 0 | L56: =(L55+M56-K56)*(1+W$10) -> 0 | M56: =MIN(H56-L55+F56,N55+O56) -> 0 | N56: =(N55+O56-M56)*(1+W$9) -> 0 | O56: =MIN(I56-N55+(H56-L55+F56),R55)-P56 -> 0 | Q56: -0.031520693 | R56: =(R55-O56)*(1+W$8+Q56) -> 0 | S56: =L56+N56+R56 -> 0 | T56: =K56/(MAX(S55,0.001)) -> 0 | Y56: =_xlfn.NORM.INV(RAND(), 0,0.04775) -> 0.030154027 | Z56: =OFFSET($AF$2,$Z$13+ROW($A43)-1901,0,1,1) -> 0.13819095 | AA56: =OFFSET($AF$3,RANDBETWEEN(1945,2018)-1901,0,1,1) -> -0.33836997 | AB56: =OFFSET($AF$2,$AC$54+ROW($A3)-1901,0,1,1) -> 0.14939788 | AE56: =AE55+1 -> 1954 | AF56: 0.43965824 | AG56: =AG55*(1+AF56) -> 7.8968951 | AH56: =POWER(AG$120/AG55,1/ROWS(AG55:AG$119))-1 -> 0.070355227
A57: =A56+1 -> 109 | B57: =B56+1 -> 2073 | D57: =D56*(1+W$3) -> 238507.55 | E57: =E56*(1+W$3) -> 92742.385 | F57: =D57-E57 -> 145765.16 | H57: =SUM(F58:F59) -> 304780.37 | I57: =SUM(F60:F62) -> 492323.27 | K57: =MIN(F57, L56+M57) -> 0 | L57: =(L56+M57-K57)*(1+W$10) -> 0 | M57: =MIN(H57-L56+F57,N56+O57) -> 0 | N57: =(N56+O57-M57)*(1+W$9) -> 0 | O57: =MIN(I57-N56+(H57-L56+F57),R56)-P57 -> 0 | Q57: 0.041863354 | R57: =(R56-O57)*(1+W$8+Q57) -> 0 | S57: =L57+N57+R57 -> 0 | T57: =K57/(MAX(S56,0.001)) -> 0 | Y57: =_xlfn.NORM.INV(RAND(), 0,0.04775) -> 0.014018203 | Z57: =OFFSET($AF$2,$Z$13+ROW($A44)-1901,0,1,1) -> 0.12067697 | AA57: =OFFSET($AF$3,RANDBETWEEN(1945,2018)-1901,0,1,1) -> -0.16578431 | AB57: =OFFSET($AF$2,$AC$54+ROW($A4)-1901,0,1,1) -> -0.092323651 | AE57: =AE56+1 -> 1955 | AF57: 0.20771513 | AG57: =AG56*(1+AF57) -> 9.5371998 | AH57: =POWER(AG$120/AG56,1/ROWS(AG56:AG$119))-1 -> 0.065409352
A58: =A57+1 -> 110 | B58: =B57+1 -> 2074 | D58: =D57*(1+W$3) -> 245662.77 | E58: =E57*(1+W$3) -> 95524.657 | F58: =D58-E58 -> 150138.11 | H58: =SUM(F59:F60) -> 313923.78 | I58: =SUM(F61:F63) -> 507092.97 | K58: =MIN(F58, L57+M58) -> 0 | L58: =(L57+M58-K58)*(1+W$10) -> 0 | M58: =MIN(H58-L57+F58,N57+O58) -> 0 | N58: =(N57+O58-M58)*(1+W$9) -> 0 | O58: =MIN(I58-N57+(H58-L57+F58),R57)-P58 -> 0 | Q58: 0.14939788 | R58: =(R57-O58)*(1+W$8+Q58) -> 0 | S58: =L58+N58+R58 -> 0 | T58: =K58/(MAX(S57,0.001)) -> 0 | Y58: =_xlfn.NORM.INV(RAND(), 0,0.04775) -> 0.12040481 | Z58: =OFFSET($AF$2,$Z$13+ROW($A45)-1901,0,1,1) -> 0.26657912 | AA58: =OFFSET($AF$3,RANDBETWEEN(1945,2018)-1901,0,1,1) -> -0.16578431 | AB58: =OFFSET($AF$2,$AC$54+ROW($A5)-1901,0,1,1) -> 0.196 | AE58: =AE57+1 -> 1956 | AF58: 0.022727273 | AG58: =AG57*(1+AF58) -> 9.7539543 | AH58: =POWER(AG$120/AG57,1/ROWS(AG57:AG$119))-1 -> 0.063291276
A59: =A58+1 -> 111 | B59: =B58+1 -> 2075 | D59: =D58*(1+W$3) -> 253032.65 | E59: =E58*(1+W$3) -> 98390.397 | F59: =D59-E59 -> 154642.26 | H59: =SUM(F60:F61) -> 323341.5 | I59: =SUM(F62:F64) -> 522305.76 | K59: =MIN(F59, L58+M59) -> 0 | L59: =(L58+M59-K59)*(1+W$10) -> 0 | M59: =MIN(H59-L58+F59,N58+O59) -> 0 | N59: =(N58+O59-M59)*(1+W$9) -> 0 | O59: =MIN(I59-N58+(H59-L58+F59),R58)-P59 -> 0 | Q59: -0.092323651 | R59: =(R58-O59)*(1+W$8+Q59) -> 0 | S59: =L59+N59+R59 -> 0 | T59: =K59/(MAX(S58,0.001)) -> 0 | Y59: =_xlfn.NORM.INV(RAND(), 0,0.04775) -> -0.019647678 | Z59: =OFFSET($AF$2,$Z$13+ROW($A46)-1901,0,1,1) -> -0.081389321 | AA59: =OFFSET($AF$3,RANDBETWEEN(1945,2018)-1901,0,1,1) -> 0.22641626 | AB59: =OFFSET($AF$2,$AC$54+ROW($A6)-1901,0,1,1) -> 0.20267559 | AE59: =AE58+1 -> 1957 | AF59: -0.12772773 | AG59: =AG58*(1+AF59) -> 8.5081039 | AH59: =POWER(AG$120/AG58,1/ROWS(AG58:AG$119))-1 -> 0.06395855
A60: =A59+1 -> 112 | B60: =B59+1 -> 2076 | D60: =D59*(1+W$3) -> 260623.63 | E60: =E59*(1+W$3) -> 101342.11 | F60: =D60-E60 -> 159281.53 | H60: =SUM(F61:F62) -> 333041.74 | I60: =SUM(F63:F65) -> 537974.93 | K60: =MIN(F60, L59+M60) -> 0 | L60: =(L59+M60-K60)*(1+W$10) -> 0 | M60: =MIN(H60-L59+F60,N59+O60) -> 0 | N60: =(N59+O60-M60)*(1+W$9) -> 0 | O60: =MIN(I60-N59+(H60-L59+F60),R59)-P60 -> 0 | Q60: 0.196 | R60: =(R59-O60)*(1+W$8+Q60) -> 0 | S60: =L60+N60+R60 -> 0 | T60: =K60/(MAX(S59,0.001)) -> 0 | Y60: =_xlfn.NORM.INV(RAND(), 0,0.04775) -> 0.00040035076 | Z60: =OFFSET($AF$2,$Z$13+ROW($A47)-1901,0,1,1) -> 0.022573363 | AA60: =OFFSET($AF$3,RANDBETWEEN(1945,2018)-1901,0,1,1) -> 0.25322029 | AB60: =OFFSET($AF$2,$AC$54+ROW($A7)-1901,0,1,1) -> -0.03734308 | AE60: =AE59+1 -> 1958 | AF60: 0.33968327 | AG60: =AG59*(1+AF60) -> 11.398164 | AH60: =POWER(AG$120/AG59,1/ROWS(AG59:AG$119))-1 -> 0.067429042
A61: =A60+1 -> 113 | B61: =B60+1 -> 2077 | D61: =D60*(1+W$3) -> 268442.34 | E61: =E60*(1+W$3) -> 104382.37 | F61: =D61-E61 -> 164059.97 | H61: =SUM(F62:F63) -> 343032.99 | I61: =SUM(F64:F66) -> 554114.18 | K61: =MIN(F61, L60+M61) -> 0 | L61: =(L60+M61-K61)*(1+W$10) -> 0 | M61: =MIN(H61-L60+F61,N60+O61) -> 0 | N61: =(N60+O61-M61)*(1+W$9) -> 0 | O61: =MIN(I61-N60+(H61-L60+F61),R60)-P61 -> 0 | Q61: 0.20267559 | R61: =(R60-O61)*(1+W$8+Q61) -> 0 | S61: =L61+N61+R61 -> 0 | T61: =K61/(MAX(S60,0.001)) -> 0 | Y61: =_xlfn.NORM.INV(RAND(), 0,0.04775) -> -0.020658579 | Z61: =OFFSET($AF$2,$Z$13+ROW($A48)-1901,0,1,1) -> -0.021523179 | AA61: =OFFSET($AF$3,RANDBETWEEN(1945,2018)-1901,0,1,1) -> 0.17006594 | AB61: =OFFSET($AF$2,$AC$54+ROW($A8)-1901,0,1,1) -> 0.27657643 | AE61: =AE60+1 -> 1959 | AF61: 0.16395409 | AG61: =AG60*(1+AF61) -> 13.26694 | AH61: =POWER(AG$120/AG60,1/ROWS(AG60:AG$119))-1 -> 0.063395038
A62: =A61+1 -> 114 | B62: =B61+1 -> 2078 | D62: =D61*(1+W$3) -> 276495.61 | E62: =E61*(1+W$3) -> 107513.84 | F62: =D62-E62 -> 168981.77 | H62: =SUM(F63:F64) -> 353323.98 | I62: =SUM(F65:F67) -> 570737.6 | K62: =MIN(F62, L61+M62) -> 0 | L62: =(L61+M62-K62)*(1+W$10) -> 0 | M62: =MIN(H62-L61+F62,N61+O62) -> 0 | N62: =(N61+O62-M62)*(1+W$9) -> 0 | O62: =MIN(I62-N61+(H62-L61+F62),R61)-P62 -> 0 | Q62: -0.03734308 | R62: =(R61-O62)*(1+W$8+Q62) -> 0 | S62: =L62+N62+R62 -> 0 | T62: =K62/(MAX(S61,0.001)) -> 0 | Y62: =_xlfn.NORM.INV(RAND(), 0,0.04775) -> 0.058909059 | Z62: =OFFSET($AF$2,$Z$13+ROW($A49)-1901,0,1,1) -> 0.1285956 | AA62: =OFFSET($AF$3,RANDBETWEEN(1945,2018)-1901,0,1,1) -> -0.093464822 | AB62: =OFFSET($AF$2,$AC$54+ROW($A9)-1901,0,1,1) -> 0.22583565 | AE62: =AE61+1 -> 1960 | AF62: -0.093464822 | AG62: =AG61*(1+AF62) -> 12.026948 | AH62: =POWER(AG$120/AG61,1/ROWS(AG61:AG$119))-1 -> 0.061767735
A63: =A62+1 -> 115 | B63: =B62+1 -> 2079 | D63: =D62*(1+W$3) -> 284790.48 | E63: =E62*(1+W$3) -> 110739.26 | F63: =D63-E63 -> 174051.22 | H63: =SUM(F64:F65) -> 363923.7 | I63: =SUM(F66:F68) -> 587859.73 | K63: =MIN(F63, L62+M63) -> 0 | L63: =(L62+M63-K63)*(1+W$10) -> 0 | M63: =MIN(H63-L62+F63,N62+O63) -> 0 | N63: =(N62+O63-M63)*(1+W$9) -> 0 | O63: =MIN(I63-N62+(H63-L62+F63),R62)-P63 -> 0 | Q63: -0.093464822 | R63: =(R62-O63)*(1+W$8+Q63) -> 0 | S63: =L63+N63+R63 -> 0 | T63: =K63/(MAX(S62,0.001)) -> 0 | Y63: =_xlfn.NORM.INV(RAND(), 0,0.04775) -> -0.054511583 | Z63: =OFFSET($AF$2,$Z$13+ROW($A50)-1901,0,1,1) -> 0.17641179 | AA63: =OFFSET($AF$3,RANDBETWEEN(1945,2018)-1901,0,1,1) -> 0.14580993 | AB63: =OFFSET($AF$2,$AC$54+ROW($A10)-1901,0,1,1) -> 0.02257384 | AE63: =AE62+1 -> 1961 | AF63: 0.18704335 | AG63: =AG62*(1+AF63) -> 14.276508 | AH63: =POWER(AG$120/AG62,1/ROWS(AG62:AG$119))-1 -> 0.064665193
A64: =A63+1 -> 116 | B64: =B63+1 -> 2080 | D64: =D63*(1+W$3) -> 293334.2 | E64: =E63*(1+W$3) -> 114061.44 | F64: =D64-E64 -> 179272.76 | H64: =SUM(F65:F66) -> 374841.42 | I64: =SUM(F67:F69) -> 605495.52 | K64: =MIN(F64, L63+M64) -> 0 | L64: =(L63+M64-K64)*(1+W$10) -> 0 | M64: =MIN(H64-L63+F64,N63+O64) -> 0 | N64: =(N63+O64-M64)*(1+W$9) -> 0 | O64: =MIN(I64-N63+(H64-L63+F64),R63)-P64 -> 0 | Q64: 0.18704335 | R64: =(R63-O64)*(1+W$8+Q64) -> 0 | S64: =L64+N64+R64 -> 0 | T64: =K64/(MAX(S63,0.001)) -> 0 | Y64: =_xlfn.NORM.INV(RAND(), 0,0.04775) -> -0.0059881097 | Z64: =OFFSET($AF$2,$Z$13+ROW($A51)-1901,0,1,1) -> 0.14358539 | AA64: =OFFSET($AF$3,RANDBETWEEN(1945,2018)-1901,0,1,1) -> 0.041863354 | AB64: =OFFSET($AF$2,$AC$64+ROW($A1)-1901,0,1,1) -> 0.33968327 | AC64: =RANDBETWEEN(1945, 2009) -> 1958 | AE64: =AE63+1 -> 1962 | AF64: -0.10805635 | AG64: =AG63*(1+AF64) -> 12.733841 | AH64: =POWER(AG$120/AG63,1/ROWS(AG63:AG$119))-1 -> 0.06263483
A65: =A64+1 -> 117 | B65: =B64+1 -> 2081 | D65: =D64*(1+W$3) -> 302134.22 | E65: =E64*(1+W$3) -> 117483.28 | F65: =D65-E65 -> 184650.94 | H65: =SUM(F66:F67) -> 386086.66 | I65: =SUM(F68:F70) -> 623660.39 | K65: =MIN(F65, L64+M65) -> 0 | L65: =(L64+M65-K65)*(1+W$10) -> 0 | M65: =MIN(H65-L64+F65,N64+O65) -> 0 | N65: =(N64+O65-M65)*(1+W$9) -> 0 | O65: =MIN(I65-N64+(H65-L64+F65),R64)-P65 -> 0 | Q65: -0.10805635 | R65: =(R64-O65)*(1+W$8+Q65) -> 0 | S65: =L65+N65+R65 -> 0 | T65: =K65/(MAX(S64,0.001)) -> 0 | Y65: =_xlfn.NORM.INV(RAND(), 0,0.04775) -> -0.010544824 | Z65: =OFFSET($AF$2,$Z$13+ROW($A52)-1901,0,1,1) -> 0.084323923 | AA65: =OFFSET($AF$3,RANDBETWEEN(1945,2018)-1901,0,1,1) -> 0.1285956 | AB65: =OFFSET($AF$2,$AC$64+ROW($A2)-1901,0,1,1) -> 0.16395409 | AE65: =AE64+1 -> 1963 | AF65: 0.17006594 | AG65: =AG64*(1+AF65) -> 14.899434 | AH65: =POWER(AG$120/AG64,1/ROWS(AG64:AG$119))-1 -> 0.065962735
A66: =A65+1 -> 118 | B66: =B65+1 -> 2082 | D66: =D65*(1+W$3) -> 311198.25 | E66: =E65*(1+W$3) -> 121007.78 | F66: =D66-E66 -> 190190.47 | H66: =SUM(F67:F68) -> 397669.26 | I66: =SUM(F69:F71) -> 642370.2 | K66: =MIN(F66, L65+M66) -> 0 | L66: =(L65+M66-K66)*(1+W$10) -> 0 | M66: =MIN(H66-L65+F66,N65+O66) -> 0 | N66: =(N65+O66-M66)*(1+W$9) -> 0 | O66: =MIN(I66-N65+(H66-L65+F66),R65)-P66 -> 0 | Q66: 0.17006594 | R66: =(R65-O66)*(1+W$8+Q66) -> 0 | S66: =L66+N66+R66 -> 0 | T66: =K66/(MAX(S65,0.001)) -> 0 | Y66: =_xlfn.NORM.INV(RAND(), 0,0.04775) -> -0.039313157 | Z66: =OFFSET($AF$2,$Z$13+ROW($A53)-1901,0,1,1) -> -0.037684138 | AA66: =OFFSET($AF$3,RANDBETWEEN(1945,2018)-1901,0,1,1) -> 0.27657643 | AB66: =OFFSET($AF$2,$AC$64+ROW($A3)-1901,0,1,1) -> -0.093464822 | AE66: =AE65+1 -> 1964 | AF66: 0.14560944 | AG66: =AG65*(1+AF66) -> 17.068932 | AH66: =POWER(AG$120/AG65,1/ROWS(AG65:AG$119))-1 -> 0.064158295
A67: =A66+1 -> 119 | B67: =B66+1 -> 2083 | D67: =D66*(1+W$3) -> 320534.2 | E67: =E66*(1+W$3) -> 124638.01 | F67: =D67-E67 -> 195896.19 | H67: =SUM(F68:F69) -> 409599.34 | I67: =SUM(F70:F72) -> 661641.3 | K67: =MIN(F67, L66+M67) -> 0 | L67: =(L66+M67-K67)*(1+W$10) -> 0 | M67: =MIN(H67-L66+F67,N66+O67) -> 0 | N67: =(N66+O67-M67)*(1+W$9) -> 0 | O67: =MIN(I67-N66+(H67-L66+F67),R66)-P67 -> 0 | Q67: 0.14560944 | R67: =(R66-O67)*(1+W$8+Q67) -> 0 | S67: =L67+N67+R67 -> 0 | T67: =K67/(MAX(S66,0.001)) -> 0 | Y67: =_xlfn.NORM.INV(RAND(), 0,0.04775) -> 0.015961975 | Z67: =OFFSET($AF$2,$Z$13+ROW($A54)-1901,0,1,1) -> 0.43965824 | AA67: =OFFSET($AF$3,RANDBETWEEN(1945,2018)-1901,0,1,1) -> 0.26014735 | AB67: =OFFSET($AF$2,$AC$64+ROW($A4)-1901,0,1,1) -> 0.18704335 | AE67: =AE66+1 -> 1965 | AF67: 0.10891202 | AG67: =AG66*(1+AF67) -> 18.927944 | AH67: =POWER(AG$120/AG66,1/ROWS(AG66:AG$119))-1 -> 0.062705872
A68: =A67+1 -> 120 | B68: =B67+1 -> 2084 | D68: =D67*(1+W$3) -> 330150.22 | E68: =E67*(1+W$3) -> 128377.15 | F68: =D68-E68 -> 201773.07 | H68: =SUM(F69:F70) -> 421887.32 | I68: =SUM(F71:F73) -> 681490.54 | K68: =MIN(F68, L67+M68) -> 0 | L68: =(L67+M68-K68)*(1+W$10) -> 0 | M68: =MIN(H68-L67+F68,N67+O68) -> 0 | N68: =(N67+O68-M68)*(1+W$9) -> 0 | O68: =MIN(I68-N67+(H68-L67+F68),R67)-P68 -> 0 | Q68: 0.10891202 | R68: =(R67-O68)*(1+W$8+Q68) -> 0 | S68: =L68+N68+R68 -> 0 | T68: =K68/(MAX(S67,0.001)) -> 0 | Y68: =_xlfn.NORM.INV(RAND(), 0,0.04775) -> -0.05421355 | Z68: =OFFSET($AF$2,$Z$13+ROW($A55)-1901,0,1,1) -> 0.20771513 | AA68: =OFFSET($AF$3,RANDBETWEEN(1945,2018)-1901,0,1,1) -> 0.25322029 | AB68: =OFFSET($AF$2,$AC$64+ROW($A5)-1901,0,1,1) -> -0.10805635 | AE68: =AE67+1 -> 1966 | AF68: -0.18941504 | AG68: =AG67*(1+AF68) -> 15.342707 | AH68: =POWER(AG$120/AG67,1/ROWS(AG67:AG$119))-1 -> 0.061852821
A69: =A68+1 -> 121 | B69: =B68+1 -> 2085 | D69: =D68*(1+W$3) -> 340054.73 | E69: =E68*(1+W$3) -> 132228.47 | F69: =D69-E69 -> 207826.26 | H69: =SUM(F70:F71) -> 434543.93 | I69: =SUM(F72:F74) -> 701935.26 | K69: =MIN(F69, L68+M69) -> 0 | L69: =(L68+M69-K69)*(1+W$10) -> 0 | M69: =MIN(H69-L68+F69,N68+O69) -> 0 | N69: =(N68+O69-M69)*(1+W$9) -> 0 | O69: =MIN(I69-N68+(H69-L68+F69),R68)-P69 -> 0 | Q69: -0.18941504 | R69: =(R68-O69)*(1+W$8+Q69) -> 0 | S69: =L69+N69+R69 -> 0 | T69: =K69/(MAX(S68,0.001)) -> 0 | Y69: =_xlfn.NORM.INV(RAND(), 0,0.04775) -> -0.030837956 | Z69: =OFFSET($AF$2,$Z$13+ROW($A56)-1901,0,1,1) -> 0.022727273 | AA69: =OFFSET($AF$3,RANDBETWEEN(1945,2018)-1901,0,1,1) -> 0.11023303 | AB69: =OFFSET($AF$2,$AC$64+ROW($A6)-1901,0,1,1) -> 0.17006594 | AE69: =AE68+1 -> 1967 | AF69: 0.1519664 | AG69: =AG68*(1+AF69) -> 17.674282 | AH69: =POWER(AG$120/AG68,1/ROWS(AG68:AG$119))-1 -> 0.067380923
A70: =A69+1 -> 122 | B70: =B69+1 -> 2086 | D70: =D69*(1+W$3) -> 350256.37 | E70: =E69*(1+W$3) -> 136195.32 | F70: =D70-E70 -> 214061.05 | H70: =SUM(F71:F72) -> 447580.25 | I70: =SUM(F73:F75) -> 722993.32 | K70: =MIN(F70, L69+M70) -> 0 | L70: =(L69+M70-K70)*(1+W$10) -> 0 | M70: =MIN(H70-L69+F70,N69+O70) -> 0 | N70: =(N69+O70-M70)*(1+W$9) -> 0 | O70: =MIN(I70-N69+(H70-L69+F70),R69)-P70 -> 0 | Q70: 0.1519664 | R70: =(R69-O70)*(1+W$8+Q70) -> 0 | S70: =L70+N70+R70 -> 0 | T70: =K70/(MAX(S69,0.001)) -> 0 | Y70: =_xlfn.NORM.INV(RAND(), 0,0.04775) -> -0.019124242 | Z70: =OFFSET($AF$2,$Z$13+ROW($A57)-1901,0,1,1) -> -0.12772773 | AA70: =OFFSET($AF$3,RANDBETWEEN(1945,2018)-1901,0,1,1) -> 0.031481074 | AB70: =OFFSET($AF$2,$AC$64+ROW($A7)-1901,0,1,1) -> 0.14560944 | AE70: =AE69+1 -> 1968 | AF70: 0.042757706 | AG70: =AG69*(1+AF70) -> 18.429994 | AH70: =POWER(AG$120/AG69,1/ROWS(AG69:AG$119))-1 -> 0.065786015
A71: =A70+1 -> 123 | B71: =B70+1 -> 2087 | D71: =D70*(1+W$3) -> 360764.06 | E71: =E70*(1+W$3) -> 140281.18 | F71: =D71-E71 -> 220482.88 | H71: =SUM(F72:F73) -> 461007.66 | I71: =SUM(F74:F76) -> 744683.12 | K71: =MIN(F71, L70+M71) -> 0 | L71: =(L70+M71-K71)*(1+W$10) -> 0 | M71: =MIN(H71-L70+F71,N70+O71) -> 0 | N71: =(N70+O71-M71)*(1+W$9) -> 0 | O71: =MIN(I71-N70+(H71-L70+F71),R70)-P71 -> 0 | Q71: 0.042757706 | R71: =(R70-O71)*(1+W$8+Q71) -> 0 | S71: =L71+N71+R71 -> 0 | T71: =K71/(MAX(S70,0.001)) -> 0 | Y71: =_xlfn.NORM.INV(RAND(), 0,0.04775) -> 0.062849334 | Z71: =OFFSET($AF$2,$Z$13+ROW($A58)-1901,0,1,1) -> 0.33968327 | AA71: =OFFSET($AF$3,RANDBETWEEN(1945,2018)-1901,0,1,1) -> -0.2758256 | AB71: =OFFSET($AF$2,$AC$64+ROW($A8)-1901,0,1,1) -> 0.10891202 | AE71: =AE70+1 -> 1969 | AF71: -0.15193897 | AG71: =AG70*(1+AF71) -> 15.62976 | AH71: =POWER(AG$120/AG70,1/ROWS(AG70:AG$119))-1 -> 0.066251732
A72: =A71+1 -> 124 | B72: =B71+1 -> 2088 | D72: =D71*(1+W$3) -> 371586.98 | E72: =E71*(1+W$3) -> 144489.61 | F72: =D72-E72 -> 227097.37 | H72: =SUM(F73:F74) -> 474837.89 | I72: =SUM(F75:F77) -> 767023.61 | K72: =MIN(F72, L71+M72) -> 0 | L72: =(L71+M72-K72)*(1+W$10) -> 0 | M72: =MIN(H72-L71+F72,N71+O72) -> 0 | N72: =(N71+O72-M72)*(1+W$9) -> 0 | O72: =MIN(I72-N71+(H72-L71+F72),R71)-P72 -> 0 | Q72: -0.15193897 | R72: =(R71-O72)*(1+W$8+Q72) -> 0 | S72: =L72+N72+R72 -> 0 | T72: =K72/(MAX(S71,0.001)) -> 0 | Y72: =_xlfn.NORM.INV(RAND(), 0,0.04775) -> 0.059065972 | Z72: =OFFSET($AF$2,$Z$13+ROW($A59)-1901,0,1,1) -> 0.16395409 | AA72: =OFFSET($AF$3,RANDBETWEEN(1945,2018)-1901,0,1,1) -> 0.17867198 | AB72: =OFFSET($AF$2,$AC$64+ROW($A9)-1901,0,1,1) -> -0.18941504 | AE72: =AE71+1 -> 1970 | AF72: 0.04810095 | AG72: =AG71*(1+AF72) -> 16.381566 | AH72: =POWER(AG$120/AG71,1/ROWS(AG71:AG$119))-1 -> 0.071245442
A73: =A72+1 -> 125 | B73: =B72+1 -> 2089 | D73: =D72*(1+W$3) -> 382734.59 | E73: =E72*(1+W$3) -> 148824.3 | F73: =D73-E73 -> 233910.29 | H73: =SUM(F74:F75) -> 489083.03 | I73: =SUM(F76:F78) -> 790034.32 | K73: =MIN(F73, L72+M73) -> 0 | L73: =(L72+M73-K73)*(1+W$10) -> 0 | M73: =MIN(H73-L72+F73,N72+O73) -> 0 | N73: =(N72+O73-M73)*(1+W$9) -> 0 | O73: =MIN(I73-N72+(H73-L72+F73),R72)-P73 -> 0 | Q73: -0.16578431 | R73: =(R72-O73)*(1+W$8+Q73) -> 0 | S73: =L73+N73+R73 -> 0 | T73: =K73/(MAX(S72,0.001)) -> 0 | Y73: =_xlfn.NORM.INV(RAND(), 0,0.04775) -> 0.044197337 | Z73: =OFFSET($AF$2,$Z$13+ROW($A60)-1901,0,1,1) -> -0.093464822 | AA73: =OFFSET($AF$3,RANDBETWEEN(1945,2018)-1901,0,1,1) -> 0.18704335 | AB73: =OFFSET($AF$2,$AC$64+ROW($A10)-1901,0,1,1) -> 0.1519664 | AE73: =AE72+1 -> 1971 | AF73: 0.061151508 | AG73: =AG72*(1+AF73) -> 17.383324 | AH73: =POWER(AG$120/AG72,1/ROWS(AG72:AG$119))-1 -> 0.071733015
D74: =D73*(1+W$3) -> 394216.63 | E74: =E73*(1+W$3) -> 153289.03 | F74: =D74-E74 -> 240927.6 | Q74: -0.2758256 | T74: =K74/(MAX(S73,0.001)) -> 0 | Y74: =_xlfn.NORM.INV(RAND(), 0,0.04775) -> -0.060296631 | Z74: =OFFSET($AF$2,$Z$13+ROW($A89)-1901,0,1,1) -> 0.26957484 | AA74: =OFFSET($AF$3,RANDBETWEEN(1945,2018)-1901,0,1,1) -> 0.021389947 | AB74: =OFFSET($AF$2,$AC$74+ROW($A1)-1901,0,1,1) -> 0.26014735 | AC74: =RANDBETWEEN(1945, 2009) -> 1996 | AE74: =AE73+1 -> 1972 | AF74: 0.14580993 | AG74: =AG73*(1+AF74) -> 19.917985 | AH74: =POWER(AG$120/AG73,1/ROWS(AG73:AG$119))-1 -> 0.071959296
D75: =D74*(1+W$3) -> 406043.13 | E75: =E74*(1+W$3) -> 157887.7 | F75: =D75-E75 -> 248155.43 | Q75: 0.3833171 | T75: =K75/(MAX(S74,0.001)) -> 0 | Y75: =_xlfn.NORM.INV(RAND(), 0,0.04775) -> -0.062357734 | Z75: =OFFSET($AF$2,$Z$13+ROW($A90)-1901,0,1,1) -> -0.043404039 | AA75: =OFFSET($AF$3,RANDBETWEEN(1945,2018)-1901,0,1,1) -> -0.17268836 | AB75: =OFFSET($AF$2,$AC$74+ROW($A2)-1901,0,1,1) -> 0.22641626 | AE75: =AE74+1 -> 1973 | AF75: -0.16578431 | AG75: =AG74*(1+AF75) -> 16.615895 | AH75: =POWER(AG$120/AG74,1/ROWS(AG74:AG$119))-1 -> 0.070407858
D76: =D75*(1+W$3) -> 418224.42 | E76: =E75*(1+W$3) -> 162624.33 | F76: =D76-E76 -> 255600.09 | Q76: 0.17867198 | T76: =K76/(MAX(S75,0.001)) -> 0 | Y76: =_xlfn.NORM.INV(RAND(), 0,0.04775) -> 0.034112549 | Z76: =OFFSET($AF$2,$Z$13+ROW($A91)-1901,0,1,1) -> 0.20317424 | AA76: =OFFSET($AF$3,RANDBETWEEN(1945,2018)-1901,0,1,1) -> 0.06431735 | AB76: =OFFSET($AF$2,$AC$74+ROW($A3)-1901,0,1,1) -> 0.16098276 | AE76: =AE75+1 -> 1974 | AF76: -0.2758256 | AG76: =AG75*(1+AF76) -> 12.032806 | AH76: =POWER(AG$120/AG75,1/ROWS(AG75:AG$119))-1 -> 0.076354447
D77: =D76*(1+W$3) -> 430771.16 | E77: =E76*(1+W$3) -> 167503.06 | F77: =D77-E77 -> 263268.09 | Q77: -0.17268836 | T77: =K77/(MAX(S76,0.001)) -> 0 | Y77: =_xlfn.NORM.INV(RAND(), 0,0.04775) -> -0.029880051 | Z77: =OFFSET($AF$2,$Z$13+ROW($A92)-1901,0,1,1) -> 0.04175082 | AA77: =OFFSET($AF$3,RANDBETWEEN(1945,2018)-1901,0,1,1) -> 0.22641626 | AB77: =OFFSET($AF$2,$AC$74+ROW($A4)-1901,0,1,1) -> 0.25221644 | AE77: =AE76+1 -> 1975 | AF77: 0.3833171 | AG77: =AG76*(1+AF77) -> 16.645186 | AH77: =POWER(AG$120/AG76,1/ROWS(AG76:AG$119))-1 -> 0.086092836
D78: =D77*(1+W$3) -> 443694.29 | E78: =E77*(1+W$3) -> 172528.16 | F78: =D78-E78 -> 271166.14 | Q78: -0.031520693 | T78: =K78/(MAX(S77,0.001)) -> 0 | Y78: =_xlfn.NORM.INV(RAND(), 0,0.04775) -> 0.039248598 | Z78: =OFFSET($AF$2,$Z$13+ROW($A93)-1901,0,1,1) -> 0.13722698 | AA78: =OFFSET($AF$3,RANDBETWEEN(1945,2018)-1901,0,1,1) -> -0.070947825 | AB78: =OFFSET($AF$2,$AC$74+ROW($A5)-1901,0,1,1) -> -0.061780797 | AE78: =AE77+1 -> 1976 | AF78: 0.17867198 | AG78: =AG77*(1+AF78) -> 19.619215 | AH78: =POWER(AG$120/AG77,1/ROWS(AG77:AG$119))-1 -> 0.080000146
T79: =K79/(MAX(S78,0.001)) -> 0 | Y79: =_xlfn.NORM.INV(RAND(), 0,0.04775) -> 0.020585447 | Z79: =OFFSET($AF$2,$Z$13+ROW($A94)-1901,0,1,1) -> 0.021389947 | AA79: =OFFSET($AF$3,RANDBETWEEN(1945,2018)-1901,0,1,1) -> 0.021389947 | AB79: =OFFSET($AF$2,$AC$74+ROW($A6)-1901,0,1,1) -> -0.070947825 | AE79: =AE78+1 -> 1977 | AF79: -0.17268836 | AG79: =AG78*(1+AF79) -> 16.231205 | AH79: =POWER(AG$120/AG78,1/ROWS(AG78:AG$119))-1 -> 0.077754356
T80: =K80/(MAX(S79,0.001)) -> 0 | AE80: =AE79+1 -> 1978 | AF80: -0.031520693 | AG80: =AG79*(1+AF80) -> 15.719586 | AH80: =POWER(AG$120/AG79,1/ROWS(AG79:AG$119))-1 -> 0.084728429
T81: =K81/(MAX(S80,0.001)) -> 0 | AE81: =AE80+1 -> 1979 | AF81: 0.041863354 | AG81: =AG80*(1+AF81) -> 16.377661 | AH81: =POWER(AG$120/AG80,1/ROWS(AG80:AG$119))-1 -> 0.08780685
T82: =K82/(MAX(S81,0.001)) -> 0 | AE82: =AE81+1 -> 1980 | AF82: 0.14939788 | AG82: =AG81*(1+AF82) -> 18.824448 | AH82: =POWER(AG$120/AG81,1/ROWS(AG81:AG$119))-1 -> 0.089011155
R83: =(R82-O83)*(1+W$8+Q83) -> 0 | S83: =L83+N83+R83 -> 0 | T83: =K83/(MAX(S82,0.001)) -> 0 | AE83: =AE82+1 -> 1981 | AF83: -0.092323651 | AG83: =AG82*(1+AF83) -> 17.086507 | AH83: =POWER(AG$120/AG82,1/ROWS(AG82:AG$119))-1 -> 0.087465624
R84: =(R83-O84)*(1+W$8+Q84) -> 0 | S84: =L84+N84+R84 -> 0 | T84: =K84/(MAX(S83,0.001)) -> 0 | AE84: =AE83+1 -> 1982 | AF84: 0.196 | AG84: =AG83*(1+AF84) -> 20.435462 | AH84: =POWER(AG$120/AG83,1/ROWS(AG83:AG$119))-1 -> 0.092790071
R85: =(R84-O85)*(1+W$8+Q85) -> 0 | S85: =L85+N85+R85 -> 0 | T85: =K85/(MAX(S84,0.001)) -> 0 | AE85: =AE84+1 -> 1983 | AF85: 0.20267559 | AG85: =AG84*(1+AF85) -> 24.577231 | AH85: =POWER(AG$120/AG84,1/ROWS(AG84:AG$119))-1 -> 0.090053983
AE86: =AE85+1 -> 1984 | AF86: -0.03734308 | AG86: =AG85*(1+AF86) -> 23.659442 | AH86: =POWER(AG$120/AG85,1/ROWS(AG85:AG$119))-1 -> 0.086996116
AE87: =AE86+1 -> 1985 | AF87: 0.27657643 | AG87: =AG86*(1+AF87) -> 30.203085 | AH87: =POWER(AG$120/AG86,1/ROWS(AG86:AG$119))-1 -> 0.090886714
AE88: =AE87+1 -> 1986 | AF88: 0.22583565 | AG88: =AG87*(1+AF88) -> 37.024019 | AH88: =POWER(AG$120/AG87,1/ROWS(AG87:AG$119))-1 -> 0.085702782
A89: Age and Date This shows the age I turn each year and starts with the current year. You'll need to adjust this by insert or deleting rows for your current age and planned retirement year. | D89: Income Goals These columns calculate the inflation adjusted amount of income you'll need from social security and savings from the values filled in in Parameters. Note that the Before Tax Income column has an adjustment at age 80 assuming you slow down and need less money at that point. You'll need to move that adjustment to another row if you want to change that age. | H89: Bucket Goals These columns calculate the goals for the Cash and Bonds buckets from the Cash Draw Needed column. The Cash Goal is the draw needed in the first and second following years. The Bonds goals are sum of the third through fifth following years. | K89: Cash Bucket At the beginning of each year, the amount defined in Cash Draw Needed is deducted from the Cash balance until there's no more cash left. The final draw will probably fall short of the needed amount. A very small amount of interest defined in the parameters is added to Cash at the end of the year. | M89: Bonds Bucket After cash is drawn from the Cash bucket, enough money is transferred from Bonds to Cash to bring the cash balance back up to its goal. This is done until the money in Bonds is depleted. Interest defined in the parameters is added to Bonds at the end of the year. | O89: Stocks Bucket After money is transferred from the Bonds bucket, enough money is transferred from Stocks to Bonds to bring the Bonds balance back up to its goal. This will be done until the money in Stocks is depleted. When the marget is down, you can defer transfering money from Stocks to Bonds by entering values in the Deferred Transfer column. When money is deffered in a given year, it will be transferred the following year unless deferred again then. When copy-pasting values from the transfer column to the deferred column, be sure to paste the value in as a value, otherwise unpredictable results may occur. Stocks grow by the percentage defined in the Parameters each year. Additionally, or instead, a value may be specified in the Stock Variation column to simulate stock volitility. Set the percentage in the parameters to zero to enter the specific growth rates. Or leave a non-zero value there to specify a deviation from that percentage. | AE89: =AE88+1 -> 1987 | AF89: 0.02257384 | AG89: =AG88*(1+AF89) -> 37.859793 | AH89: =POWER(AG$120/AG88,1/ROWS(AG88:AG$119))-1 -> 0.08159186
AE90: =AE89+1 -> 1988 | AF90: 0.11852692 | AG90: =AG89*(1+AF90) -> 42.347198 | AH90: =POWER(AG$120/AG89,1/ROWS(AG89:AG$119))-1 -> 0.083551351
AE91: =AE90+1 -> 1989 | AF91: 0.26957484 | AG91: =AG90*(1+AF91) -> 53.762937 | AH91: =POWER(AG$120/AG90,1/ROWS(AG90:AG$119))-1 -> 0.082404527
AE92: =AE91+1 -> 1990 | AF92: -0.043404039 | AG92: =AG91*(1+AF92) -> 51.429408 | AH92: =POWER(AG$120/AG91,1/ROWS(AG91:AG$119))-1 -> 0.076467751
AE93: =AE92+1 -> 1991 | AF93: 0.20317424 | AG93: =AG92*(1+AF93) -> 61.878539 | AH93: =POWER(AG$120/AG92,1/ROWS(AG92:AG$119))-1 -> 0.081016154
AE94: =AE93+1 -> 1992 | AF94: 0.04175082 | AG94: =AG93*(1+AF94) -> 64.462019 | AH94: =POWER(AG$120/AG93,1/ROWS(AG93:AG$119))-1 -> 0.076738141
AE95: =AE94+1 -> 1993 | AF95: 0.13722698 | AG95: =AG94*(1+AF95) -> 73.307948 | AH95: =POWER(AG$120/AG94,1/ROWS(AG94:AG$119))-1 -> 0.078107025
AE96: =AE95+1 -> 1994 | AF96: 0.021389947 | AG96: =AG95*(1+AF96) -> 74.876001 | AH96: =POWER(AG$120/AG95,1/ROWS(AG95:AG$119))-1 -> 0.075807245
AE97: =AE96+1 -> 1995 | AF97: 0.33452431 | AG97: =AG96*(1+AF97) -> 99.923843 | AH97: =POWER(AG$120/AG96,1/ROWS(AG96:AG$119))-1 -> 0.078136506
AE98: =AE97+1 -> 1996 | AF98: 0.26014735 | AG98: =AG97*(1+AF98) -> 125.91877 | AH98: =POWER(AG$120/AG97,1/ROWS(AG97:AG$119))-1 -> 0.068182286
AE99: =AE98+1 -> 1997 | AF99: 0.22641626 | AG99: =AG98*(1+AF99) -> 154.42882 | AH99: =POWER(AG$120/AG98,1/ROWS(AG98:AG$119))-1 -> 0.060187863
AE100: =AE99+1 -> 1998 | AF100: 0.16098276 | AG100: =AG99*(1+AF100) -> 179.2892 | AH100: =POWER(AG$120/AG99,1/ROWS(AG99:AG$119))-1 -> 0.052860134
...

Sheet Random Decades (Deferred)
A1: Time | D1: Income Goals | H1: Bucket Goals | K1: Buckets | V1: Parameters | Y1: Stochastic Data | AE1: Historic Dow
A2: Age | B2: Year | D2: Income Before Tax | E2: Social Security | F2: Cash Draw Needed | H2: Cash (2 years) | I2: Bonds (3 years) | K2: Draw <- | L2: Cash | M2: <- Transfer <- | N2: Bonds | O2: <- Transfer <- | P2: Deferred Transfer | Q2: Stock Variation | R2: Stocks | S2: Total Assets | T2: Draw Percentage | V2: Variables | Y2: Random Variation | Z2: Historic Variation | AA2: Random Year | AB2: Random Decade | AE2: Dow | AG2: 1
A3: 55 | B3: 2019 | D3: =W5/(1-W7) -> 48338.369 | V3: Inflation | W3: ='[1]Retirement (70)'!$T$4 -> 0.03 | AE3: 1901 | AF3: -0.08689709 | AG3: =AG2*(1+AF3) -> 0.91310291 | AH3: =POWER(AG$120/AG2,1/ROWS(AG2:AG$119))-1 -> 0.053245879
A4: =A3+1 -> 56 | B4: =B3+1 -> 2020 | D4: =D3*(1+W$3) -> 49788.52 | V4: Social Security (2019) | W4: 22000 | AE4: =AE3+1 -> 1902 | AF4: -0.00427716 | AG4: =AG3*(1+AF4) -> 0.90919742 | AH4: =POWER(AG$120/AG3,1/ROWS(AG3:AG$119))-1 -> 0.054532014
A5: =A4+1 -> 57 | B5: =B4+1 -> 2021 | D5: =D4*(1+W$3) -> 51282.175 | V5: After Tax income | W5: 40000 | AE5: =AE4+1 -> 1903 | AF5: -0.23603952 | AG5: =AG4*(1+AF5) -> 0.6945909 | AH5: =POWER(AG$120/AG4,1/ROWS(AG4:AG$119))-1 -> 0.055053804
A6: =A5+1 -> 58 | B6: =B5+1 -> 2022 | D6: =D5*(1+W$3) -> 52820.64 | V6: After Tax income @ 80 | W6: =$W$5 -> 40000 | AE6: =AE5+1 -> 1904 | AF6: 0.42620186 | AG6: =AG5*(1+AF6) -> 0.99062683 | AH6: =POWER(AG$120/AG5,1/ROWS(AG5:AG$119))-1 -> 0.058019739
A7: =A6+1 -> 59 | B7: =B6+1 -> 2023 | D7: =D6*(1+W$3) -> 54405.26 | V7: Tax Rate | W7: ='[1]Retirement (70)'!$T$7 -> 0.1725 | AE7: =AE6+1 -> 1905 | AF7: 0.37847428 | AG7: =AG6*(1+AF7) -> 1.3655536 | AH7: =POWER(AG$120/AG6,1/ROWS(AG6:AG$119))-1 -> 0.055251949
A8: =A7+1 -> 60 | B8: =B7+1 -> 2024 | D8: =D7*(1+W$3) -> 56037.417 | V8: Stock Return | W8: 0.01 | AE8: =AE7+1 -> 1906 | AF8: -0.022880023 | AG8: =AG7*(1+AF8) -> 1.3343097 | AH8: =POWER(AG$120/AG7,1/ROWS(AG7:AG$119))-1 -> 0.052759668
A9: =A8+1 -> 61 | B9: =B8+1 -> 2025 | D9: =D8*(1+W$3) -> 57718.54 | V9: Bond Return | W9: 0.02 | AE9: =AE8+1 -> 1907 | AF9: -0.3772867 | AG9: =AG8*(1+AF9) -> 0.8308924 | AH9: =POWER(AG$120/AG8,1/ROWS(AG8:AG$119))-1 -> 0.053460746
A10: =A9+1 -> 62 | B10: =B9+1 -> 2026 | D10: =D9*(1+W$3) -> 59450.096 | V10: Cash Return | W10: 0.001 | AE10: =AE9+1 -> 1908 | AF10: 0.46627497 | AG10: =AG9*(1+AF10) -> 1.2183167 | AH10: =POWER(AG$120/AG9,1/ROWS(AG9:AG$119))-1 -> 0.058462281
A11: =A10+1 -> 63 | B11: =B10+1 -> 2027 | D11: =D10*(1+W$3) -> 61233.599 | V11: Initial 401(k) Balance | W11: 1000000 | AE11: =AE10+1 -> 1909 | AF11: 0.14986376 | AG11: =AG10*(1+AF11) -> 1.4008983 | AH11: =POWER(AG$120/AG10,1/ROWS(AG10:AG$119))-1 -> 0.055330911
A12: =A11+1 -> 64 | B12: =B11+1 -> 2028 | D12: =D11*(1+W$3) -> 63070.607 | H12: =SUM(F13:F14) -> 131874.33 | I12: =SUM(F15:F17) -> 213021.6 | L12: =M12 -> 131874.33 | M12: =H12 -> 131874.33 | N12: =O12-M12 -> 213021.6 | O12: =H12+I12 -> 344895.93 | R12: =W$11-O12 -> 655104.07 | S12: =L12+N12+R12 -> 1000000 | AE12: =AE11+1 -> 1910 | AF12: -0.1781433 | AG12: =AG11*(1+AF12) -> 1.1513376 | AH12: =POWER(AG$120/AG11,1/ROWS(AG11:AG$119))-1 -> 0.054500633
A13: =A12+1 -> 65 | B13: =B12+1 -> 2029 | D13: =D12*(1+W$3) -> 64962.725 | F13: =D13-E13 -> 64962.725 | H13: =SUM(F14:F15) -> 135830.56 | I13: =SUM(F16:F18) -> 204331.12 | K13: =MIN(F13, L12+M13) -> 64962.725 | L13: =(L12+M13-K13)*(1+W$10) -> 135966.39 | M13: =MIN(H13-L12+F13,N12+O13) -> 68918.955 | N13: =(N12+O13-M13)*(1+W$9) -> 208417.74 | O13: =MIN(I13-N12+(H13-L12+F13),R12)-P13 -> 60228.479 | Q13: ='Random Decades'!Q13 -> 0.04810095 | R13: =(R12-O13)*(1+W$8+Q13) -> 629438.43 | S13: =L13+N13+R13 -> 973822.56 | T13: =K13/(MAX(S12,0.001)) -> 0.064962725 | V13: Social Security (July 2034 $) | W13: =$W$4*POWER(1+$W$3, 15) -> 34275.283 | Z13: 1901 | AE13: =AE12+1 -> 1911 | AF13: 0.0020352782 | AG13: =AG12*(1+AF13) -> 1.1536809 | AH13: =POWER(AG$120/AG12,1/ROWS(AG12:AG$119))-1 -> 0.056937158
A14: =A13+1 -> 66 | B14: =B13+1 -> 2030 | D14: =D13*(1+W$3) -> 66911.607 | F14: =D14-E14 -> 66911.607 | H14: =SUM(F15:F16) -> 139905.48 | I14: =SUM(F17:F19) -> 180751.24 | K14: =MIN(F14, L13+M14) -> 66911.607 | L14: =(L13+M14-K14)*(1+W$10) -> 140045.38 | M14: =MIN(H14-L13+F14,N13+O14) -> 70850.693 | N14: =(N13+O14-M14)*(1+W$9) -> 184366.27 | O14: =MIN(I14-N13+(H14-L13+F14),R13)-P14 -> 43184.189 | Q14: ='Random Decades'!Q14 -> 0.061151508 | R14: =(R13-O14)*(1+W$8+Q14) -> 627967.11 | S14: =L14+N14+R14 -> 952378.76 | T14: =K14/(MAX(S13,0.001)) -> 0.068710266 | V14: Multiplier | W14: 0.88 | Y14: =_xlfn.NORM.INV(RAND(), 0,0.04775) -> 0.035093782 | Z14: =OFFSET($AF$2,$Z$13+ROW($A1)-1901,0,1,1) -> -0.08689709 | AA14: =OFFSET($AF$3,RANDBETWEEN(1945,2018)-1901,0,1,1) -> -0.12772773 | AB14: =OFFSET($AF$2,$AC$14+ROW($A1)-1901,0,1,1) -> 0.27657643 | AC14: =RANDBETWEEN(1945, 2009) -> 1985 | AE14: =AE13+1 -> 1912 | AF14: 0.07718348 | AG14: =AG13*(1+AF14) -> 1.242726 | AH14: =POWER(AG$120/AG13,1/ROWS(AG13:AG$119))-1 -> 0.057464198
A15: =A14+1 -> 67 | B15: =B14+1 -> 2031 | D15: =D14*(1+W$3) -> 68918.955 | F15: =D15-E15 -> 68918.955 | H15: =SUM(F16:F17) -> 144102.64 | I15: =SUM(F18:F20) -> 156463.96 | K15: =MIN(F15, L14+M15) -> 68918.955 | L15: =(L14+M15-K15)*(1+W$10) -> 144246.75 | M15: =MIN(H15-L14+F15,N14+O15) -> 72976.214 | N15: =(N14+O15-M15)*(1+W$9) -> 159593.24 | O15: =MIN(I15-N14+(H15-L14+F15),R14)-P15 -> 45073.911 | Q15: ='Random Decades'!Q15 -> 0.14580993 | R15: =(R14-O15)*(1+W$8+Q15) -> 673713.75 | S15: =L15+N15+R15 -> 977553.74 | T15: =K15/(MAX(S14,0.001)) -> 0.07236507 | V15: Social Security (2034) | W15: =$W$13*$W$14 -> 30162.249 | Y15: =_xlfn.NORM.INV(RAND(), 0,0.04775) -> 0.018551011 | Z15: =OFFSET($AF$2,$Z$13+ROW($A2)-1901,0,1,1) -> -0.00427716 | AA15: =OFFSET($AF$3,RANDBETWEEN(1945,2018)-1901,0,1,1) -> -0.12772773 | AB15: =OFFSET($AF$2,$AC$14+ROW($A2)-1901,0,1,1) -> 0.22583565 | AE15: =AE14+1 -> 1913 | AF15: -0.10339409 | AG15: =AG14*(1+AF15) -> 1.1142355 | AH15: =POWER(AG$120/AG14,1/ROWS(AG14:AG$119))-1 -> 0.057279896
A16: =A15+1 -> 68 | B16: =B15+1 -> 2032 | D16: =D15*(1+W$3) -> 70986.524 | F16: =D16-E16 -> 70986.524 | H16: =SUM(F17:F18) -> 133344.6 | I16: =SUM(F19:F21) -> 146529.19 | K16: =MIN(F16, L15+M16) -> 70986.524 | L16: =(L15+M16-K16)*(1+W$10) -> 133477.94 | M16: =MIN(H16-L15+F16,N15+O16) -> 60084.376 | N16: =(N15+O16-M16)*(1+W$9) -> 149459.77 | O16: =MIN(I16-N15+(H16-L15+F16),R15)-P16 -> 47020.325 | Q16: ='Random Decades'!Q16 -> -0.16578431 | R16: =(R15-O16)*(1+W$8+Q16) -> 529064.42 | S16: =L16+N16+R16 -> 812002.14 | T16: =K16/(MAX(S15,0.001)) -> 0.072616493 | Y16: =_xlfn.NORM.INV(RAND(), 0,0.04775) -> 0.056549635 | Z16: =OFFSET($AF$2,$Z$13+ROW($A3)-1901,0,1,1) -> -0.23603952 | AA16: =OFFSET($AF$3,RANDBETWEEN(1945,2018)-1901,0,1,1) -> -0.081389321 | AB16: =OFFSET($AF$2,$AC$14+ROW($A3)-1901,0,1,1) -> 0.02257384 | AE16: =AE15+1 -> 1914 | AF16: -0.043463021 | AG16: =AG15*(1+AF16) -> 1.0658075 | AH16: =POWER(AG$120/AG15,1/ROWS(AG15:AG$119))-1 -> 0.058941012
A17: =A16+1 -> 69 | B17: =B16+1 -> 2033 | D17: =D16*(1+W$3) -> 73116.12 | F17: =D17-E17 -> 73116.12 | H17: =SUM(F18:F19) -> 107635.12 | I17: =SUM(F20:F22) -> 150925.07 | K17: =MIN(F17, L16+M17) -> 73116.12 | L17: =(L16+M17-K17)*(1+W$10) -> 107742.76 | M17: =MIN(H17-L16+F17,N16+O17) -> 47273.298 | N17: =(N16+O17-M17)*(1+W$9) -> 104230.21 | O17: =MIN(I17-N16+(H17-L16+F17),R16)-P17 -> 0 | P17: 48738.589 | Q17: ='Random Decades'!Q17 -> -0.2758256 | R17: =(R16-O17)*(1+W$8+Q17) -> 388425.55 | S17: =L17+N17+R17 -> 600398.52 | T17: =K17/(MAX(S16,0.001)) -> 0.090044245 | V17: Transfers Take place at beginning of year | Y17: =_xlfn.NORM.INV(RAND(), 0,0.04775) -> 0.078470561 | Z17: =OFFSET($AF$2,$Z$13+ROW($A4)-1901,0,1,1) -> 0.42620186 | AA17: =OFFSET($AF$3,RANDBETWEEN(1945,2018)-1901,0,1,1) -> 0.06431735 | AB17: =OFFSET($AF$2,$AC$14+ROW($A4)-1901,0,1,1) -> 0.11852692 | AE17: =AE16+1 -> 1915 | AF17: 0.81659949 | AG17: =AG16*(1+AF17) -> 1.9361453 | AH17: =POWER(AG$120/AG16,1/ROWS(AG16:AG$119))-1 -> 0.059977093
A18: =A17+1 -> 70 | B18: =B17+1 -> 2034 | D18: =D17*(1+W$3) -> 75309.603 | E18: =W$15/2 -> 15081.125 | F18: =D18-E18 -> 60228.479 | H18: =SUM(F19:F20) -> 96235.484 | I18: =SUM(F21:F23) -> 155452.82 | K18: =MIN(F18, L17+M18) -> 60228.479 | L18: =(L17+M18-K18)*(1+W$10) -> 96331.719 | M18: =MIN(H18-L17+F18,N17+O18) -> 48721.206 | N18: =(N17+O18-M18)*(1+W$9) -> 56619.18 | O18: =MIN(I18-N17+(H18-L17+F18),R17)-P18 -> 0 | P18: 99943.818 | Q18: ='Random Decades'!Q18 -> 0.3833171 | R18: =(R17-O18)*(1+W$8+Q18) -> 541199.97 | S18: =L18+N18+R18 -> 694150.87 | T18: =K18/(MAX(S17,0.001)) -> 0.10031417 | V18: Transfers/Draw take place right to left | Y18: =_xlfn.NORM.INV(RAND(), 0,0.04775) -> 0.011438639 | Z18: =OFFSET($AF$2,$Z$13+ROW($A5)-1901,0,1,1) -> 0.37847428 | AA18: =OFFSET($AF$3,RANDBETWEEN(1945,2018)-1901,0,1,1) -> -0.081389321 | AB18: =OFFSET($AF$2,$AC$14+ROW($A5)-1901,0,1,1) -> 0.26957484 | AE18: =AE17+1 -> 1916 | AF18: -0.041855774 | AG18: =AG17*(1+AF18) -> 1.8551064 | AH18: =POWER(AG$120/AG17,1/ROWS(AG17:AG$119))-1 -> 0.054447587
A19: =A18+1 -> 71 | B19: =B18+1 -> 2035 | D19: =D18*(1+W$3) -> 77568.891 | E19: =W$15*(1+W$2) -> 30162.249 | F19: =D19-E19 -> 47406.642 | H19: =SUM(F20:F21) -> 99122.548 | I19: =SUM(F22:F24) -> 160116.4 | K19: =MIN(F19, L18+M19) -> 47406.642 | L19: =(L18+M19-K19)*(1+W$10) -> 99221.671 | M19: =MIN(H19-L18+F19,N18+O19) -> 50197.471 | N19: =(N18+O19-M19)*(1+W$9) -> 6550.1427 | O19: =MIN(I19-N18+(H19-L18+F19),R18)-P19 -> 0 | P19: 153694.69 | Q19: ='Random Decades'!Q19 -> 0.17867198 | R19: =(R18-O19)*(1+W$8+Q19) -> 643309.24 | S19: =L19+N19+R19 -> 749081.05 | T19: =K19/(MAX(S18,0.001)) -> 0.068294436 | V19: Balance at end of year includes return gains | Y19: =_xlfn.NORM.INV(RAND(), 0,0.04775) -> -0.021150849 | Z19: =OFFSET($AF$2,$Z$13+ROW($A6)-1901,0,1,1) -> -0.022880023 | AA19: =OFFSET($AF$3,RANDBETWEEN(1945,2018)-1901,0,1,1) -> 0.14939788 | AB19: =OFFSET($AF$2,$AC$14+ROW($A6)-1901,0,1,1) -> -0.043404039 | AE19: =AE18+1 -> 1917 | AF19: -0.21705263 | AG19: =AG18*(1+AF19) -> 1.4524507 | AH19: =POWER(AG$120/AG18,1/ROWS(AG18:AG$119))-1 -> 0.055438137
A20: =A19+1 -> 72 | B20: =B19+1 -> 2036 | D20: =D19*(1+W$3) -> 79895.958 | E20: =E19*(1+W$3) -> 31067.117 | F20: =D20-E20 -> 48828.841 | H20: =SUM(F21:F22) -> 102096.22 | I20: =SUM(F23:F25) -> 164919.89 | K20: =MIN(F20, L19+M20) -> 48828.841 | L20: =(L19+M20-K20)*(1+W$10) -> 102198.32 | M20: =MIN(H20-L19+F20,N19+O20) -> 51703.395 | N20: =(N19+O20-M20)*(1+W$9) -> 168218.29 | O20: =MIN(I20-N19+(H20-L19+F20),R19)-P20 -> 210073.15 | Q20: ='Random Decades'!Q20 -> -0.17268836 | R20: =(R19-O20)*(1+W$8+Q20) -> 362753.62 | S20: =L20+N20+R20 -> 633170.24 | T20: =K20/(MAX(S19,0.001)) -> 0.06518499 | Y20: =_xlfn.NORM.INV(RAND(), 0,0.04775) -> 0.073634276 | Z20: =OFFSET($AF$2,$Z$13+ROW($A7)-1901,0,1,1) -> -0.3772867 | AA20: =OFFSET($AF$3,RANDBETWEEN(1945,2018)-1901,0,1,1) -> 0.14939788 | AB20: =OFFSET($AF$2,$AC$14+ROW($A7)-1901,0,1,1) -> 0.20317424 | AE20: =AE19+1 -> 1918 | AF20: 0.10513579 | AG20: =AG19*(1+AF20) -> 1.6051552 | AH20: =POWER(AG$120/AG19,1/ROWS(AG19:AG$119))-1 -> 0.058563569
A21: =A20+1 -> 73 | B21: =B20+1 -> 2037 | D21: =D20*(1+W$3) -> 82292.837 | E21: =E20*(1+W$3) -> 31999.13 | F21: =D21-E21 -> 50293.707 | H21: =SUM(F22:F23) -> 105159.11 | I21: =SUM(F24:F26) -> 169867.49 | K21: =MIN(F21, L20+M21) -> 50293.707 | L21: =(L20+M21-K21)*(1+W$10) -> 105264.27 | M21: =MIN(H21-L20+F21,N20+O21) -> 53254.497 | N21: =(N20+O21-M21)*(1+W$9) -> 117263.07 | O21: =MIN(I21-N20+(H21-L20+F21),R20)-P21 -> 0 | P21: 54903.696 | Q21: ='Random Decades'!Q21 -> -0.031520693 | R21: =(R20-O21)*(1+W$8+Q21) -> 354946.91 | S21: =L21+N21+R21 -> 577474.25 | T21: =K21/(MAX(S20,0.001)) -> 0.079431571 | Y21: =_xlfn.NORM.INV(RAND(), 0,0.04775) -> 0.021372497 | Z21: =OFFSET($AF$2,$Z$13+ROW($A8)-1901,0,1,1) -> 0.46627497 | AA21: =OFFSET($AF$3,RANDBETWEEN(1945,2018)-1901,0,1,1) -> 0.43965824 | AB21: =OFFSET($AF$2,$AC$14+ROW($A8)-1901,0,1,1) -> 0.04175082 | AE21: =AE20+1 -> 1919 | AF21: 0.30450122 | AG21: =AG20*(1+AF21) -> 2.093927 | AH21: =POWER(AG$120/AG20,1/ROWS(AG20:AG$119))-1 -> 0.058107899
A22: =A21+1 -> 74 | B22: =B21+1 -> 2038 | D22: =D21*(1+W$3) -> 84761.622 | E22: =E21*(1+W$3) -> 32959.104 | F22: =D22-E22 -> 51802.518 | H22: =SUM(F23:F24) -> 108313.88 | I22: =SUM(F25:F27) -> 174963.52 | K22: =MIN(F22, L21+M22) -> 51802.518 | L22: =(L21+M22-K22)*(1+W$10) -> 108422.2 | M22: =MIN(H22-L21+F22,N21+O22) -> 54852.132 | N22: =(N21+O22-M22)*(1+W$9) -> 63659.158 | O22: =MIN(I22-N21+(H22-L21+F22),R21)-P22 -> 0 | P22: 112552.58 | Q22: ='Random Decades'!Q22 -> 0.041863354 | R22: =(R21-O22)*(1+W$8+Q22) -> 373355.65 | S22: =L22+N22+R22 -> 545437.01 | T22: =K22/(MAX(S21,0.001)) -> 0.089705329 | V22: Parameters Adjust the parameters to make different assumptions about needed income, social security, taxes, and investment returns. Since social security will only be able to pay 77 cents on the dollar if nothing is done to fix it, an adjustment can be made to your expected social security. It will likely be fixed by a combination of tax increases and benefit cuts. Stock volitility can be simulated by filling in values in the Stock Variation column. A column of normally distributed random numbers and historic stock data are provided to the right for this purpose. Copy and paste the cells as values, else the random values will keep getting recomputed while you're trying to tweak other parameters. | Y22: =_xlfn.NORM.INV(RAND(), 0,0.04775) -> 0.11492699 | Z22: =OFFSET($AF$2,$Z$13+ROW($A9)-1901,0,1,1) -> 0.14986376 | AA22: =OFFSET($AF$3,RANDBETWEEN(1945,2018)-1901,0,1,1) -> 0.11852692 | AB22: =OFFSET($AF$2,$AC$14+ROW($A9)-1901,0,1,1) -> 0.13722698 | AE22: =AE21+1 -> 1920 | AF22: -0.3290124 | AG22: =AG21*(1+AF22) -> 1.404999 | AH22: =POWER(AG$120/AG21,1/ROWS(AG21:AG$119))-1 -> 0.055872862
A23: =A22+1 -> 75 | B23: =B22+1 -> 2039 | D23: =D22*(1+W$3) -> 87304.471 | E23: =E22*(1+W$3) -> 33947.877 | F23: =D23-E23 -> 53356.593 | H23: =SUM(F24:F25) -> 111563.3 | I23: =SUM(F26:F28) -> 180212.42 | K23: =MIN(F23, L22+M23) -> 53356.593 | L23: =(L22+M23-K23)*(1+W$10) -> 111674.86 | M23: =MIN(H23-L22+F23,N22+O23) -> 56497.696 | N23: =(N22+O23-M23)*(1+W$9) -> 7304.691 | O23: =MIN(I23-N22+(H23-L22+F23),R22)-P23 -> 0 | P23: 173050.96 | Q23: ='Random Decades'!Q23 -> 0.22583565 | R23: =(R22-O23)*(1+W$8+Q23) -> 461406.22 | S23: =L23+N23+R23 -> 580385.78 | T23: =K23/(MAX(S22,0.001)) -> 0.097823567 | Y23: =_xlfn.NORM.INV(RAND(), 0,0.04775) -> -0.010510026 | Z23: =OFFSET($AF$2,$Z$13+ROW($A10)-1901,0,1,1) -> -0.1781433 | AA23: =OFFSET($AF$3,RANDBETWEEN(1945,2018)-1901,0,1,1) -> 0.084323923 | AB23: =OFFSET($AF$2,$AC$14+ROW($A10)-1901,0,1,1) -> 0.021389947 | AE23: =AE22+1 -> 1921 | AF23: 0.12300208 | AG23: =AG22*(1+AF23) -> 1.5778168 | AH23: =POWER(AG$120/AG22,1/ROWS(AG22:AG$119))-1 -> 0.060768909
A24: =A23+1 -> 76 | B24: =B23+1 -> 2040 | D24: =D23*(1+W$3) -> 89923.605 | E24: =E23*(1+W$3) -> 34966.314 | F24: =D24-E24 -> 54957.291 | H24: =SUM(F25:F26) -> 114910.2 | I24: =SUM(F27:F29) -> 185618.79 | K24: =MIN(F24, L23+M24) -> 54957.291 | L24: =(L23+M24-K24)*(1+W$10) -> 115025.11 | M24: =MIN(H24-L23+F24,N23+O24) -> 58192.627 | N24: =(N23+O24-M24)*(1+W$9) -> 189331.17 | O24: =MIN(I24-N23+(H24-L23+F24),R23)-P24 -> 236506.73 | Q24: ='Random Decades'!Q24 -> 0.02257384 | R24: =(R23-O24)*(1+W$8+Q24) -> 232225.33 | S24: =L24+N24+R24 -> 536581.61 | T24: =K24/(MAX(S23,0.001)) -> 0.094690968 | Y24: =_xlfn.NORM.INV(RAND(), 0,0.04775) -> 0.023966016 | Z24: =OFFSET($AF$2,$Z$13+ROW($A11)-1901,0,1,1) -> 0.0020352782 | AA24: =OFFSET($AF$3,RANDBETWEEN(1945,2018)-1901,0,1,1) -> 0.17867198 | AB24: =OFFSET($AF$2,$AC$24+ROW($A1)-1901,0,1,1) -> -0.037684138 | AC24: =RANDBETWEEN(1945, 2009) -> 1953 | AE24: =AE23+1 -> 1922 | AF24: 0.21497525 | AG24: =AG23*(1+AF24) -> 1.9170084 | AH24: =POWER(AG$120/AG23,1/ROWS(AG23:AG$119))-1 -> 0.060145628
A25: =A24+1 -> 77 | B25: =B24+1 -> 2041 | D25: =D24*(1+W$3) -> 92621.313 | E25: =E24*(1+W$3) -> 36015.303 | F25: =D25-E25 -> 56606.01 | H25: =SUM(F26:F27) -> 118357.51 | I25: =SUM(F28:F30) -> 191187.36 | K25: =MIN(F25, L24+M25) -> 56606.01 | L25: =(L24+M25-K25)*(1+W$10) -> 118475.86 | M25: =MIN(H25-L24+F25,N24+O25) -> 59938.406 | N25: =(N24+O25-M25)*(1+W$9) -> 195011.11 | O25: =MIN(I25-N24+(H25-L24+F25),R24)-P25 -> 61794.594 | Q25: ='Random Decades'!Q25 -> 0.11852692 | R25: =(R24-O25)*(1+W$8+Q25) -> 192335.68 | S25: =L25+N25+R25 -> 505822.65 | T25: =K25/(MAX(S24,0.001)) -> 0.10549376 | Y25: =_xlfn.NORM.INV(RAND(), 0,0.04775) -> -0.079512388 | Z25: =OFFSET($AF$2,$Z$13+ROW($A12)-1901,0,1,1) -> 0.07718348 | AA25: =OFFSET($AF$3,RANDBETWEEN(1945,2018)-1901,0,1,1) -> 0.14358539 | AB25: =OFFSET($AF$2,$AC$24+ROW($A2)-1901,0,1,1) -> 0.43965824 | AE25: =AE24+1 -> 1923 | AF25: -0.02699399 | AG25: =AG24*(1+AF25) -> 1.8652607 | AH25: =POWER(AG$120/AG24,1/ROWS(AG24:AG$119))-1 -> 0.058641318
A26: =A25+1 -> 78 | B26: =B25+1 -> 2042 | D26: =D25*(1+W$3) -> 95399.952 | E26: =E25*(1+W$3) -> 37095.762 | F26: =D26-E26 -> 58304.19 | H26: =SUM(F27:F28) -> 121908.23 | I26: =SUM(F29:F31) -> 196922.98 | K26: =MIN(F26, L25+M26) -> 58304.19 | L26: =(L25+M26-K26)*(1+W$10) -> 122030.14 | M26: =MIN(H26-L25+F26,N25+O26) -> 61736.558 | N26: =(N25+O26-M26)*(1+W$9) -> 200861.44 | O26: =MIN(I26-N25+(H26-L25+F26),R25)-P26 -> 63648.431 | Q26: ='Random Decades'!Q26 -> 0.26957484 | R26: =(R25-O26)*(1+W$8+Q26) -> 164664.96 | S26: =L26+N26+R26 -> 487556.54 | T26: =K26/(MAX(S25,0.001)) -> 0.11526607 | Y26: =_xlfn.NORM.INV(RAND(), 0,0.04775) -> -0.031205458 | Z26: =OFFSET($AF$2,$Z$13+ROW($A13)-1901,0,1,1) -> -0.10339409 | AA26: =OFFSET($AF$3,RANDBETWEEN(1945,2018)-1901,0,1,1) -> 0.25080809 | AB26: =OFFSET($AF$2,$AC$24+ROW($A3)-1901,0,1,1) -> 0.20771513 | AE26: =AE25+1 -> 1924 | AF26: 0.2616206 | AG26: =AG25*(1+AF26) -> 2.3532513 | AH26: =POWER(AG$120/AG25,1/ROWS(AG25:AG$119))-1 -> 0.059581712
A27: =A26+1 -> 79 | B27: =B26+1 -> 2043 | D27: =D26*(1+W$3) -> 98261.951 | E27: =E26*(1+W$3) -> 38208.635 | F27: =D27-E27 -> 60053.316 | H27: =SUM(F28:F29) -> 125565.48 | I27: =SUM(F30:F32) -> 202830.67 | K27: =MIN(F27, L26+M27) -> 60053.316 | L27: =(L26+M27-K27)*(1+W$10) -> 125691.04 | M27: =MIN(H27-L26+F27,N26+O27) -> 63588.655 | N27: =(N26+O27-M27)*(1+W$9) -> 206887.28 | O27: =MIN(I27-N26+(H27-L26+F27),R26)-P27 -> 65557.884 | Q27: ='Random Decades'!Q27 -> -0.043404039 | R27: =(R26-O27)*(1+W$8+Q27) -> 95796.502 | S27: =L27+N27+R27 -> 428374.83 | T27: =K27/(MAX(S26,0.001)) -> 0.123172 | Y27: =_xlfn.NORM.INV(RAND(), 0,0.04775) -> 0.043003159 | Z27: =OFFSET($AF$2,$Z$13+ROW($A14)-1901,0,1,1) -> -0.043463021 | AA27: =OFFSET($AF$3,RANDBETWEEN(1945,2018)-1901,0,1,1) -> -0.043404039 | AB27: =OFFSET($AF$2,$AC$24+ROW($A4)-1901,0,1,1) -> 0.022727273 | AE27: =AE26+1 -> 1925 | AF27: 0.29997511 | AG27: =AG26*(1+AF27) -> 3.0591681 | AH27: =POWER(AG$120/AG26,1/ROWS(AG26:AG$119))-1 -> 0.05761629
A28: =A27+1 -> 80 | B28: =B27+1 -> 2044 | D28: =D27*(1+W$3)*W$6/W$5 -> 101209.81 | E28: =E27*(1+W$3) -> 39354.894 | F28: =D28-E28 -> 61854.915 | H28: =SUM(F29:F30) -> 129332.44 | I28: =SUM(F31:F33) -> 208915.59 | K28: =MIN(F28, L27+M28) -> 61854.915 | L28: =(L27+M28-K28)*(1+W$10) -> 129461.78 | M28: =MIN(H28-L27+F28,N27+O28) -> 65496.314 | N28: =(N27+O28-M28)*(1+W$9) -> 144218.79 | O28: =MIN(I28-N27+(H28-L27+F28),R27)-P28 -> 0 | P28: 67524.621 | Q28: ='Random Decades'!Q28 -> 0.20317424 | R28: =(R27-O28)*(1+W$8+Q28) -> 116217.85 | S28: =L28+N28+R28 -> 389898.41 | T28: =K28/(MAX(S27,0.001)) -> 0.14439438 | Y28: =_xlfn.NORM.INV(RAND(), 0,0.04775) -> -0.043219847 | Z28: =OFFSET($AF$2,$Z$13+ROW($A15)-1901,0,1,1) -> 0.81659949 | AA28: =OFFSET($AF$3,RANDBETWEEN(1945,2018)-1901,0,1,1) -> 0.02257384 | AB28: =OFFSET($AF$2,$AC$24+ROW($A5)-1901,0,1,1) -> -0.12772773 | AE28: =AE27+1 -> 1926 | AF28: 0.0034469552 | AG28: =AG27*(1+AF28) -> 3.0697129 | AH28: =POWER(AG$120/AG27,1/ROWS(AG27:AG$119))-1 -> 0.05527249
A29: =A28+1 -> 81 | B29: =B28+1 -> 2045 | D29: =D28*(1+W$3) -> 104246.1 | E29: =E28*(1+W$3) -> 40535.541 | F29: =D29-E29 -> 63710.563 | H29: =SUM(F30:F31) -> 133212.42 | I29: =SUM(F32:F34) -> 215183.06 | K29: =MIN(F29, L28+M29) -> 63710.563 | L29: =(L28+M29-K29)*(1+W$10) -> 133345.63 | M29: =MIN(H29-L28+F29,N28+O29) -> 67461.204 | N29: =(N28+O29-M29)*(1+W$9) -> 196834.94 | O29: =MIN(I29-N28+(H29-L28+F29),R28)-P29 -> 116217.85 | Q29: ='Random Decades'!Q29 -> 0.04175082 | R29: =(R28-O29)*(1+W$8+Q29) -> 0 | S29: =L29+N29+R29 -> 330180.57 | T29: =K29/(MAX(S28,0.001)) -> 0.16340298 | Y29: =_xlfn.NORM.INV(RAND(), 0,0.04775) -> -0.0053076607 | Z29: =OFFSET($AF$2,$Z$13+ROW($A16)-1901,0,1,1) -> -0.041855774 | AA29: =OFFSET($AF$3,RANDBETWEEN(1945,2018)-1901,0,1,1) -> 0.021389947 | AB29: =OFFSET($AF$2,$AC$24+ROW($A6)-1901,0,1,1) -> 0.33968327 | AE29: =AE28+1 -> 1927 | AF29: 0.27671756 | AG29: =AG28*(1+AF29) -> 3.9191564 | AH29: =POWER(AG$120/AG28,1/ROWS(AG28:AG$119))-1 -> 0.055850272
A30: =A29+1 -> 82 | B30: =B29+1 -> 2046 | D30: =D29*(1+W$3) -> 107373.49 | E30: =E29*(1+W$3) -> 41751.607 | F30: =D30-E30 -> 65621.88 | H30: =SUM(F31:F32) -> 137208.79 | I30: =SUM(F33:F35) -> 221638.55 | K30: =MIN(F30, L29+M30) -> 65621.88 | L30: =(L29+M30-K30)*(1+W$10) -> 137346 | M30: =MIN(H30-L29+F30,N29+O30) -> 69485.04 | N30: =(N29+O30-M30)*(1+W$9) -> 129896.9 | O30: =MIN(I30-N29+(H30-L29+F30),R29)-P30 -> 0 | Q30: ='Random Decades'!Q30 -> 0.13722698 | R30: =(R29-O30)*(1+W$8+Q30) -> 0 | S30: =L30+N30+R30 -> 267242.9 | T30: =K30/(MAX(S29,0.001)) -> 0.19874543 | Y30: =_xlfn.NORM.INV(RAND(), 0,0.04775) -> -0.082973346 | Z30: =OFFSET($AF$2,$Z$13+ROW($A17)-1901,0,1,1) -> -0.21705263 | AA30: =OFFSET($AF$3,RANDBETWEEN(1945,2018)-1901,0,1,1) -> 0.27657643 | AB30: =OFFSET($AF$2,$AC$24+ROW($A7)-1901,0,1,1) -> 0.16395409 | AE30: =AE29+1 -> 1928 | AF30: 0.49476831 | AG30: =AG29*(1+AF30) -> 5.8582308 | AH30: =POWER(AG$120/AG29,1/ROWS(AG29:AG$119))-1 -> 0.053648674
A31: =A30+1 -> 83 | B31: =B30+1 -> 2047 | D31: =D30*(1+W$3) -> 110594.69 | E31: =E30*(1+W$3) -> 43004.155 | F31: =D31-E31 -> 67590.536 | H31: =SUM(F32:F33) -> 141325.05 | I31: =SUM(F34:F36) -> 228287.7 | K31: =MIN(F31, L30+M31) -> 67590.536 | L31: =(L30+M31-K31)*(1+W$10) -> 141466.38 | M31: =MIN(H31-L30+F31,N30+O31) -> 71569.591 | N31: =(N30+O31-M31)*(1+W$9) -> 59493.853 | O31: =MIN(I31-N30+(H31-L30+F31),R30)-P31 -> 0 | Q31: ='Random Decades'!Q31 -> 0.021389947 | R31: =(R30-O31)*(1+W$8+Q31) -> 0 | S31: =L31+N31+R31 -> 200960.23 | T31: =K31/(MAX(S30,0.001)) -> 0.25291799 | Y31: =_xlfn.NORM.INV(RAND(), 0,0.04775) -> -0.020793317 | Z31: =OFFSET($AF$2,$Z$13+ROW($A18)-1901,0,1,1) -> 0.10513579 | AA31: =OFFSET($AF$3,RANDBETWEEN(1945,2018)-1901,0,1,1) -> -0.031520693 | AB31: =OFFSET($AF$2,$AC$24+ROW($A8)-1901,0,1,1) -> -0.093464822 | AE31: =AE30+1 -> 1929 | AF31: -0.17166667 | AG31: =AG30*(1+AF31) -> 4.8525679 | AH31: =POWER(AG$120/AG30,1/ROWS(AG30:AG$119))-1 -> 0.049562466
A32: =A31+1 -> 84 | B32: =B31+1 -> 2048 | D32: =D31*(1+W$3) -> 113912.53 | E32: =E31*(1+W$3) -> 44294.28 | F32: =D32-E32 -> 69618.252 | H32: =SUM(F33:F34) -> 145564.8 | I32: =SUM(F35:F37) -> 235136.33 | K32: =MIN(F32, L31+M32) -> 69618.252 | L32: =(L31+M32-K32)*(1+W$10) -> 131473.32 | M32: =MIN(H32-L31+F32,N31+O32) -> 59493.853 | N32: =(N31+O32-M32)*(1+W$9) -> 0 | O32: =MIN(I32-N31+(H32-L31+F32),R31)-P32 -> 0 | Q32: ='Random Decades'!Q32 -> 0.33452431 | R32: =(R31-O32)*(1+W$8+Q32) -> 0 | S32: =L32+N32+R32 -> 131473.32 | T32: =K32/(MAX(S31,0.001)) -> 0.34642801 | Y32: =_xlfn.NORM.INV(RAND(), 0,0.04775) -> -0.0025325891 | Z32: =OFFSET($AF$2,$Z$13+ROW($A19)-1901,0,1,1) -> 0.30450122 | AA32: =OFFSET($AF$3,RANDBETWEEN(1945,2018)-1901,0,1,1) -> 0.021389947 | AB32: =OFFSET($AF$2,$AC$24+ROW($A9)-1901,0,1,1) -> 0.18704335 | AE32: =AE31+1 -> 1930 | AF32: -0.33762575 | AG32: =AG31*(1+AF32) -> 3.214216 | AH32: =POWER(AG$120/AG31,1/ROWS(AG31:AG$119))-1 -> 0.052357699
A33: =A32+1 -> 85 | B33: =B32+1 -> 2049 | D33: =D32*(1+W$3) -> 117329.91 | E33: =E32*(1+W$3) -> 45623.108 | F33: =D33-E33 -> 71706.8 | H33: =SUM(F34:F35) -> 149931.75 | I33: =SUM(F36:F38) -> 242190.43 | K33: =MIN(F33, L32+M33) -> 71706.8 | L33: =(L32+M33-K33)*(1+W$10) -> 59826.287 | M33: =MIN(H33-L32+F33,N32+O33) -> 0 | N33: =(N32+O33-M33)*(1+W$9) -> 0 | O33: =MIN(I33-N32+(H33-L32+F33),R32)-P33 -> 0 | Q33: ='Random Decades'!Q33 -> 0.25221644 | R33: =(R32-O33)*(1+W$8+Q33) -> 0 | S33: =L33+N33+R33 -> 59826.287 | T33: =K33/(MAX(S32,0.001)) -> 0.54540952 | Y33: =_xlfn.NORM.INV(RAND(), 0,0.04775) -> -0.090615705 | Z33: =OFFSET($AF$2,$Z$13+ROW($A20)-1901,0,1,1) -> -0.3290124 | AA33: =OFFSET($AF$3,RANDBETWEEN(1945,2018)-1901,0,1,1) -> -0.043404039 | AB33: =OFFSET($AF$2,$AC$24+ROW($A10)-1901,0,1,1) -> -0.10805635 | AE33: =AE32+1 -> 1931 | AF33: -0.52673147 | AG33: =AG32*(1+AF33) -> 1.5211873 | AH33: =POWER(AG$120/AG32,1/ROWS(AG32:AG$119))-1 -> 0.057908617
A34: =A33+1 -> 86 | B34: =B33+1 -> 2050 | D34: =D33*(1+W$3) -> 120849.81 | E34: =E33*(1+W$3) -> 46991.801 | F34: =D34-E34 -> 73858.004 | H34: =SUM(F35:F36) -> 154429.7 | I34: =SUM(F37:F39) -> 249456.14 | K34: =MIN(F34, L33+M34) -> 59826.287 | L34: =(L33+M34-K34)*(1+W$10) -> 0 | M34: =MIN(H34-L33+F34,N33+O34) -> 0 | N34: =(N33+O34-M34)*(1+W$9) -> 0 | O34: =MIN(I34-N33+(H34-L33+F34),R33)-P34 -> 0 | Q34: ='Random Decades'!Q34 -> -0.061780797 | R34: =(R33-O34)*(1+W$8+Q34) -> 0 | S34: =L34+N34+R34 -> 0 | T34: =K34/(MAX(S33,0.001)) -> 1 | Y34: =_xlfn.NORM.INV(RAND(), 0,0.04775) -> -0.024155697 | Z34: =OFFSET($AF$2,$Z$13+ROW($A21)-1901,0,1,1) -> 0.12300208 | AA34: =OFFSET($AF$3,RANDBETWEEN(1945,2018)-1901,0,1,1) -> -0.33836997 | AB34: =OFFSET($AF$2,$AC$34+ROW($A1)-1901,0,1,1) -> -0.031520693 | AC34: =RANDBETWEEN(1945, 2009) -> 1978 | AE34: =AE33+1 -> 1932 | AF34: -0.23106547 | AG34: =AG33*(1+AF34) -> 1.1696934 | AH34: =POWER(AG$120/AG33,1/ROWS(AG33:AG$119))-1 -> 0.067735207
A35: =A34+1 -> 87 | B35: =B34+1 -> 2051 | D35: =D34*(1+W$3) -> 124475.3 | E35: =E34*(1+W$3) -> 48401.555 | F35: =D35-E35 -> 76073.744 | H35: =SUM(F36:F37) -> 159062.59 | I35: =SUM(F38:F40) -> 256939.82 | K35: =MIN(F35, L34+M35) -> 0 | L35: =(L34+M35-K35)*(1+W$10) -> 0 | M35: =MIN(H35-L34+F35,N34+O35) -> 0 | N35: =(N34+O35-M35)*(1+W$9) -> 0 | O35: =MIN(I35-N34+(H35-L34+F35),R34)-P35 -> 0 | Q35: ='Random Decades'!Q35 -> -0.070947825 | R35: =(R34-O35)*(1+W$8+Q35) -> 0 | S35: =L35+N35+R35 -> 0 | T35: =K35/(MAX(S34,0.001)) -> 0 | Y35: =_xlfn.NORM.INV(RAND(), 0,0.04775) -> 0.016998719 | Z35: =OFFSET($AF$2,$Z$13+ROW($A22)-1901,0,1,1) -> 0.21497525 | AA35: =OFFSET($AF$3,RANDBETWEEN(1945,2018)-1901,0,1,1) -> 0.11852692 | AB35: =OFFSET($AF$2,$AC$34+ROW($A2)-1901,0,1,1) -> 0.041863354 | AE35: =AE34+1 -> 1933 | AF35: 0.66777963 | AG35: =AG34*(1+AF35) -> 1.9507909 | AH35: =POWER(AG$120/AG34,1/ROWS(AG34:AG$119))-1 -> 0.07181888
A36: =A35+1 -> 88 | B36: =B35+1 -> 2052 | D36: =D35*(1+W$3) -> 128209.56 | E36: =E35*(1+W$3) -> 49853.602 | F36: =D36-E36 -> 78355.956 | H36: =SUM(F37:F38) -> 163834.47 | I36: =SUM(F39:F41) -> 264648.02 | K36: =MIN(F36, L35+M36) -> 0 | L36: =(L35+M36-K36)*(1+W$10) -> 0 | M36: =MIN(H36-L35+F36,N35+O36) -> 0 | N36: =(N35+O36-M36)*(1+W$9) -> 0 | O36: =MIN(I36-N35+(H36-L35+F36),R35)-P36 -> 0 | Q36: ='Random Decades'!Q36 -> -0.1676266 | R36: =(R35-O36)*(1+W$8+Q36) -> 0 | S36: =L36+N36+R36 -> 0 | T36: =K36/(MAX(S35,0.001)) -> 0 | Y36: =_xlfn.NORM.INV(RAND(), 0,0.04775) -> 0.10167986 | Z36: =OFFSET($AF$2,$Z$13+ROW($A23)-1901,0,1,1) -> -0.02699399 | AA36: =OFFSET($AF$3,RANDBETWEEN(1945,2018)-1901,0,1,1) -> 0.33452431 | AB36: =OFFSET($AF$2,$AC$34+ROW($A3)-1901,0,1,1) -> 0.14939788 | AE36: =AE35+1 -> 1934 | AF36: 0.041041041 | AG36: =AG35*(1+AF36) -> 2.0308533 | AH36: =POWER(AG$120/AG35,1/ROWS(AG35:AG$119))-1 -> 0.06625818
A37: =A36+1 -> 89 | B37: =B36+1 -> 2053 | D37: =D36*(1+W$3) -> 132055.85 | E37: =E36*(1+W$3) -> 51349.21 | F37: =D37-E37 -> 80706.635 | H37: =SUM(F38:F39) -> 168749.5 | I37: =SUM(F40:F42) -> 272587.46 | K37: =MIN(F37, L36+M37) -> 0 | L37: =(L36+M37-K37)*(1+W$10) -> 0 | M37: =MIN(H37-L36+F37,N36+O37) -> 0 | N37: =(N36+O37-M37)*(1+W$9) -> 0 | O37: =MIN(I37-N36+(H37-L36+F37),R36)-P37 -> 0 | Q37: ='Random Decades'!Q37 -> 0.25322029 | R37: =(R36-O37)*(1+W$8+Q37) -> 0 | S37: =L37+N37+R37 -> 0 | T37: =K37/(MAX(S36,0.001)) -> 0 | Y37: =_xlfn.NORM.INV(RAND(), 0,0.04775) -> 0.045133246 | Z37: =OFFSET($AF$2,$Z$13+ROW($A24)-1901,0,1,1) -> 0.2616206 | AA37: =OFFSET($AF$3,RANDBETWEEN(1945,2018)-1901,0,1,1) -> 0.1285956 | AB37: =OFFSET($AF$2,$AC$34+ROW($A4)-1901,0,1,1) -> -0.092323651 | AE37: =AE36+1 -> 1935 | AF37: 0.38557692 | AG37: =AG36*(1+AF37) -> 2.8139035 | AH37: =POWER(AG$120/AG36,1/ROWS(AG36:AG$119))-1 -> 0.066562034
A38: =A37+1 -> 90 | B38: =B37+1 -> 2054 | D38: =D37*(1+W$3) -> 136017.52 | E38: =E37*(1+W$3) -> 52889.687 | F38: =D38-E38 -> 83127.834 | H38: =SUM(F39:F40) -> 173811.99 | I38: =SUM(F41:F43) -> 280765.08 | K38: =MIN(F38, L37+M38) -> 0 | L38: =(L37+M38-K38)*(1+W$10) -> 0 | M38: =MIN(H38-L37+F38,N37+O38) -> 0 | N38: =(N37+O38-M38)*(1+W$9) -> 0 | O38: =MIN(I38-N37+(H38-L37+F38),R37)-P38 -> 0 | Q38: ='Random Decades'!Q38 -> 0.031481074 | R38: =(R37-O38)*(1+W$8+Q38) -> 0 | S38: =L38+N38+R38 -> 0 | T38: =K38/(MAX(S37,0.001)) -> 0 | Y38: =_xlfn.NORM.INV(RAND(), 0,0.04775) -> 0.084270331 | Z38: =OFFSET($AF$2,$Z$13+ROW($A25)-1901,0,1,1) -> 0.29997511 | AA38: =OFFSET($AF$3,RANDBETWEEN(1945,2018)-1901,0,1,1) -> -0.12772773 | AB38: =OFFSET($AF$2,$AC$34+ROW($A5)-1901,0,1,1) -> 0.196 | AE38: =AE37+1 -> 1936 | AF38: 0.24843858 | AG38: =AG37*(1+AF38) -> 3.5129857 | AH38: =POWER(AG$120/AG37,1/ROWS(AG37:AG$119))-1 -> 0.063204753
A39: =A38+1 -> 91 | B39: =B38+1 -> 2055 | D39: =D38*(1+W$3) -> 140098.05 | E39: =E38*(1+W$3) -> 54476.377 | F39: =D39-E39 -> 85621.669 | H39: =SUM(F40:F41) -> 179026.35 | I39: =SUM(F42:F44) -> 289188.03 | K39: =MIN(F39, L38+M39) -> 0 | L39: =(L38+M39-K39)*(1+W$10) -> 0 | M39: =MIN(H39-L38+F39,N38+O39) -> 0 | N39: =(N38+O39-M39)*(1+W$9) -> 0 | O39: =MIN(I39-N38+(H39-L38+F39),R38)-P39 -> 0 | Q39: ='Random Decades'!Q39 -> -0.0060743763 | R39: =(R38-O39)*(1+W$8+Q39) -> 0 | S39: =L39+N39+R39 -> 0 | T39: =K39/(MAX(S38,0.001)) -> 0 | Y39: =_xlfn.NORM.INV(RAND(), 0,0.04775) -> 0.0043164838 | Z39: =OFFSET($AF$2,$Z$13+ROW($A26)-1901,0,1,1) -> 0.0034469552 | AA39: =OFFSET($AF$3,RANDBETWEEN(1945,2018)-1901,0,1,1) -> -0.043404039 | AB39: =OFFSET($AF$2,$AC$34+ROW($A6)-1901,0,1,1) -> 0.20267559 | AE39: =AE38+1 -> 1937 | AF39: -0.32795998 | AG39: =AG38*(1+AF39) -> 2.360867 | AH39: =POWER(AG$120/AG38,1/ROWS(AG38:AG$119))-1 -> 0.061124388
A40: =A39+1 -> 92 | B40: =B39+1 -> 2056 | D40: =D39*(1+W$3) -> 144300.99 | E40: =E39*(1+W$3) -> 56110.668 | F40: =D40-E40 -> 88190.319 | H40: =SUM(F41:F42) -> 184397.14 | I40: =SUM(F43:F45) -> 297863.67 | K40: =MIN(F40, L39+M40) -> 0 | L40: =(L39+M40-K40)*(1+W$10) -> 0 | M40: =MIN(H40-L39+F40,N39+O40) -> 0 | N40: =(N39+O40-M40)*(1+W$9) -> 0 | O40: =MIN(I40-N39+(H40-L39+F40),R39)-P40 -> 0 | Q40: ='Random Decades'!Q40 -> 0.16288314 | R40: =(R39-O40)*(1+W$8+Q40) -> 0 | S40: =L40+N40+R40 -> 0 | T40: =K40/(MAX(S39,0.001)) -> 0 | Y40: =_xlfn.NORM.INV(RAND(), 0,0.04775) -> 0.075647581 | Z40: =OFFSET($AF$2,$Z$13+ROW($A27)-1901,0,1,1) -> 0.27671756 | AA40: =OFFSET($AF$3,RANDBETWEEN(1945,2018)-1901,0,1,1) -> -0.03734308 | AB40: =OFFSET($AF$2,$AC$34+ROW($A7)-1901,0,1,1) -> -0.03734308 | AE40: =AE39+1 -> 1938 | AF40: 0.28039702 | AG40: =AG39*(1+AF40) -> 3.0228471 | AH40: =POWER(AG$120/AG39,1/ROWS(AG39:AG$119))-1 -> 0.06712507
A41: =A40+1 -> 93 | B41: =B40+1 -> 2057 | D41: =D40*(1+W$3) -> 148630.02 | E41: =E40*(1+W$3) -> 57793.988 | F41: =D41-E41 -> 90836.029 | H41: =SUM(F42:F43) -> 189929.05 | I41: =SUM(F44:F46) -> 306799.58 | K41: =MIN(F41, L40+M41) -> 0 | L41: =(L40+M41-K41)*(1+W$10) -> 0 | M41: =MIN(H41-L40+F41,N40+O41) -> 0 | N41: =(N40+O41-M41)*(1+W$9) -> 0 | O41: =MIN(I41-N40+(H41-L40+F41),R40)-P41 -> 0 | Q41: ='Random Decades'!Q41 -> 0.06431735 | R41: =(R40-O41)*(1+W$8+Q41) -> 0 | S41: =L41+N41+R41 -> 0 | T41: =K41/(MAX(S40,0.001)) -> 0 | Y41: =_xlfn.NORM.INV(RAND(), 0,0.04775) -> -0.052584673 | Z41: =OFFSET($AF$2,$Z$13+ROW($A28)-1901,0,1,1) -> 0.49476831 | AA41: =OFFSET($AF$3,RANDBETWEEN(1945,2018)-1901,0,1,1) -> 0.084323923 | AB41: =OFFSET($AF$2,$AC$34+ROW($A8)-1901,0,1,1) -> 0.27657643 | AE41: =AE40+1 -> 1939 | AF41: -0.029715762 | AG41: =AG40*(1+AF41) -> 2.9330209 | AH41: =POWER(AG$120/AG40,1/ROWS(AG40:AG$119))-1 -> 0.064697431
A42: =A41+1 -> 94 | B42: =B41+1 -> 2058 | D42: =D41*(1+W$3) -> 153088.92 | E42: =E41*(1+W$3) -> 59527.808 | F42: =D42-E42 -> 93561.109 | H42: =SUM(F43:F44) -> 195626.92 | I42: =SUM(F45:F47) -> 316003.57 | K42: =MIN(F42, L41+M42) -> 0 | L42: =(L41+M42-K42)*(1+W$10) -> 0 | M42: =MIN(H42-L41+F42,N41+O42) -> 0 | N42: =(N41+O42-M42)*(1+W$9) -> 0 | O42: =MIN(I42-N41+(H42-L41+F42),R41)-P42 -> 0 | Q42: ='Random Decades'!Q42 -> -0.33836997 | R42: =(R41-O42)*(1+W$8+Q42) -> 0 | S42: =L42+N42+R42 -> 0 | T42: =K42/(MAX(S41,0.001)) -> 0 | Y42: =_xlfn.NORM.INV(RAND(), 0,0.04775) -> -0.048720521 | Z42: =OFFSET($AF$2,$Z$13+ROW($A29)-1901,0,1,1) -> -0.17166667 | AA42: =OFFSET($AF$3,RANDBETWEEN(1945,2018)-1901,0,1,1) -> 0.022727273 | AB42: =OFFSET($AF$2,$AC$34+ROW($A9)-1901,0,1,1) -> 0.22583565 | AE42: =AE41+1 -> 1940 | AF42: -0.12716378 | AG42: =AG41*(1+AF42) -> 2.5600469 | AH42: =POWER(AG$120/AG41,1/ROWS(AG41:AG$119))-1 -> 0.065949616
A43: =A42+1 -> 95 | B43: =B42+1 -> 2059 | D43: =D42*(1+W$3) -> 157681.59 | E43: =E42*(1+W$3) -> 61313.642 | F43: =D43-E43 -> 96367.943 | H43: =SUM(F44:F45) -> 201495.73 | I43: =SUM(F46:F48) -> 325483.68 | K43: =MIN(F43, L42+M43) -> 0 | L43: =(L42+M43-K43)*(1+W$10) -> 0 | M43: =MIN(H43-L42+F43,N42+O43) -> 0 | N43: =(N42+O43-M43)*(1+W$9) -> 0 | O43: =MIN(I43-N42+(H43-L42+F43),R42)-P43 -> 0 | Q43: ='Random Decades'!Q43 -> -0.10805635 | R43: =(R42-O43)*(1+W$8+Q43) -> 0 | S43: =L43+N43+R43 -> 0 | T43: =K43/(MAX(S42,0.001)) -> 0 | Y43: =_xlfn.NORM.INV(RAND(), 0,0.04775) -> 0.0035325409 | Z43: =OFFSET($AF$2,$Z$13+ROW($A30)-1901,0,1,1) -> -0.33762575 | AA43: =OFFSET($AF$3,RANDBETWEEN(1945,2018)-1901,0,1,1) -> 0.07519066 | AB43: =OFFSET($AF$2,$AC$34+ROW($A10)-1901,0,1,1) -> 0.02257384 | AE43: =AE42+1 -> 1941 | AF43: -0.15331808 | AG43: =AG42*(1+AF43) -> 2.1675454 | AH43: =POWER(AG$120/AG42,1/ROWS(AG42:AG$119))-1 -> 0.068684593
A44: =A43+1 -> 96 | B44: =B43+1 -> 2060 | D44: =D43*(1+W$3) -> 162412.03 | E44: =E43*(1+W$3) -> 63153.052 | F44: =D44-E44 -> 99258.981 | H44: =SUM(F45:F46) -> 207540.6 | I44: =SUM(F47:F49) -> 335248.19 | K44: =MIN(F44, L43+M44) -> 0 | L44: =(L43+M44-K44)*(1+W$10) -> 0 | M44: =MIN(H44-L43+F44,N43+O44) -> 0 | N44: =(N43+O44-M44)*(1+W$9) -> 0 | O44: =MIN(I44-N43+(H44-L43+F44),R43)-P44 -> 0 | Q44: ='Random Decades'!Q44 -> 0.17006594 | R44: =(R43-O44)*(1+W$8+Q44) -> 0 | S44: =L44+N44+R44 -> 0 | T44: =K44/(MAX(S43,0.001)) -> 0 | Y44: =_xlfn.NORM.INV(RAND(), 0,0.04775) -> -0.0011245695 | Z44: =OFFSET($AF$2,$Z$13+ROW($A31)-1901,0,1,1) -> -0.52673147 | AA44: =OFFSET($AF$3,RANDBETWEEN(1945,2018)-1901,0,1,1) -> 0.11023303 | AB44: =OFFSET($AF$2,$AC$44+ROW($A1)-1901,0,1,1) -> -0.081389321 | AC44: =RANDBETWEEN(1945, 2009) -> 1946 | AE44: =AE43+1 -> 1942 | AF44: 0.075675676 | AG44: =AG43*(1+AF44) -> 2.3315759 | AH44: =POWER(AG$120/AG43,1/ROWS(AG43:AG$119))-1 -> 0.071921336
A45: =A44+1 -> 97 | B45: =B44+1 -> 2061 | D45: =D44*(1+W$3) -> 167284.39 | E45: =E44*(1+W$3) -> 65047.643 | F45: =D45-E45 -> 102236.75 | H45: =SUM(F46:F47) -> 213766.82 | I45: =SUM(F48:F50) -> 345305.64 | K45: =MIN(F45, L44+M45) -> 0 | L45: =(L44+M45-K45)*(1+W$10) -> 0 | M45: =MIN(H45-L44+F45,N44+O45) -> 0 | N45: =(N44+O45-M45)*(1+W$9) -> 0 | O45: =MIN(I45-N44+(H45-L44+F45),R44)-P45 -> 0 | Q45: ='Random Decades'!Q45 -> 0.14560944 | R45: =(R44-O45)*(1+W$8+Q45) -> 0 | S45: =L45+N45+R45 -> 0 | T45: =K45/(MAX(S44,0.001)) -> 0 | Y45: =_xlfn.NORM.INV(RAND(), 0,0.04775) -> 0.032826291 | Z45: =OFFSET($AF$2,$Z$13+ROW($A32)-1901,0,1,1) -> -0.23106547 | AA45: =OFFSET($AF$3,RANDBETWEEN(1945,2018)-1901,0,1,1) -> 0.055283908 | AB45: =OFFSET($AF$2,$AC$44+ROW($A2)-1901,0,1,1) -> 0.022573363 | AE45: =AE44+1 -> 1943 | AF45: 0.13819095 | AG45: =AG44*(1+AF45) -> 2.6537786 | AH45: =POWER(AG$120/AG44,1/ROWS(AG44:AG$119))-1 -> 0.071872024
A46: =A45+1 -> 98 | B46: =B45+1 -> 2062 | D46: =D45*(1+W$3) -> 172302.93 | E46: =E45*(1+W$3) -> 66999.072 | F46: =D46-E46 -> 105303.85 | H46: =SUM(F47:F48) -> 220179.83 | I46: =SUM(F49:F51) -> 355664.8 | K46: =MIN(F46, L45+M46) -> 0 | L46: =(L45+M46-K46)*(1+W$10) -> 0 | M46: =MIN(H46-L45+F46,N45+O46) -> 0 | N46: =(N45+O46-M46)*(1+W$9) -> 0 | O46: =MIN(I46-N45+(H46-L45+F46),R45)-P46 -> 0 | Q46: ='Random Decades'!Q46 -> 0.10891202 | R46: =(R45-O46)*(1+W$8+Q46) -> 0 | S46: =L46+N46+R46 -> 0 | T46: =K46/(MAX(S45,0.001)) -> 0 | Y46: =_xlfn.NORM.INV(RAND(), 0,0.04775) -> -0.03450949 | Z46: =OFFSET($AF$2,$Z$13+ROW($A33)-1901,0,1,1) -> 0.66777963 | AA46: =OFFSET($AF$3,RANDBETWEEN(1945,2018)-1901,0,1,1) -> -0.061780797 | AB46: =OFFSET($AF$2,$AC$44+ROW($A3)-1901,0,1,1) -> -0.021523179 | AE46: =AE45+1 -> 1944 | AF46: 0.12067697 | AG46: =AG45*(1+AF46) -> 2.9740285 | AH46: =POWER(AG$120/AG45,1/ROWS(AG45:AG$119))-1 -> 0.071014392
A47: =A46+1 -> 99 | B47: =B46+1 -> 2063 | D47: =D46*(1+W$3) -> 177472.01 | E47: =E46*(1+W$3) -> 69009.045 | F47: =D47-E47 -> 108462.97 | H47: =SUM(F48:F49) -> 226785.22 | I47: =SUM(F50:F52) -> 366334.75 | K47: =MIN(F47, L46+M47) -> 0 | L47: =(L46+M47-K47)*(1+W$10) -> 0 | M47: =MIN(H47-L46+F47,N46+O47) -> 0 | N47: =(N46+O47-M47)*(1+W$9) -> 0 | O47: =MIN(I47-N46+(H47-L46+F47),R46)-P47 -> 0 | Q47: ='Random Decades'!Q47 -> -0.18941504 | R47: =(R46-O47)*(1+W$8+Q47) -> 0 | S47: =L47+N47+R47 -> 0 | T47: =K47/(MAX(S46,0.001)) -> 0 | Y47: =_xlfn.NORM.INV(RAND(), 0,0.04775) -> -0.12869547 | Z47: =OFFSET($AF$2,$Z$13+ROW($A34)-1901,0,1,1) -> 0.041041041 | AA47: =OFFSET($AF$3,RANDBETWEEN(1945,2018)-1901,0,1,1) -> 0.022727273 | AB47: =OFFSET($AF$2,$AC$44+ROW($A4)-1901,0,1,1) -> 0.1285956 | AE47: =AE46+1 -> 1945 | AF47: 0.26657912 | AG47: =AG46*(1+AF47) -> 3.7668424 | AH47: =POWER(AG$120/AG46,1/ROWS(AG46:AG$119))-1 -> 0.070358571
A48: =A47+1 -> 100 | B48: =B47+1 -> 2064 | D48: =D47*(1+W$3) -> 182796.17 | E48: =E47*(1+W$3) -> 71079.316 | F48: =D48-E48 -> 111716.86 | H48: =SUM(F49:F50) -> 233588.78 | I48: =SUM(F51:F53) -> 377324.79 | K48: =MIN(F48, L47+M48) -> 0 | L48: =(L47+M48-K48)*(1+W$10) -> 0 | M48: =MIN(H48-L47+F48,N47+O48) -> 0 | N48: =(N47+O48-M48)*(1+W$9) -> 0 | O48: =MIN(I48-N47+(H48-L47+F48),R47)-P48 -> 0 | Q48: ='Random Decades'!Q48 -> 0.1519664 | R48: =(R47-O48)*(1+W$8+Q48) -> 0 | S48: =L48+N48+R48 -> 0 | T48: =K48/(MAX(S47,0.001)) -> 0 | Y48: =_xlfn.NORM.INV(RAND(), 0,0.04775) -> 0.062990176 | Z48: =OFFSET($AF$2,$Z$13+ROW($A35)-1901,0,1,1) -> 0.38557692 | AA48: =OFFSET($AF$3,RANDBETWEEN(1945,2018)-1901,0,1,1) -> 0.33452431 | AB48: =OFFSET($AF$2,$AC$44+ROW($A5)-1901,0,1,1) -> 0.17641179 | AE48: =AE47+1 -> 1946 | AF48: -0.081389321 | AG48: =AG47*(1+AF48) -> 3.4602617 | AH48: =POWER(AG$120/AG47,1/ROWS(AG47:AG$119))-1 -> 0.067893344
A49: =A48+1 -> 101 | B49: =B48+1 -> 2065 | D49: =D48*(1+W$3) -> 188280.06 | E49: =E48*(1+W$3) -> 73211.695 | F49: =D49-E49 -> 115068.36 | H49: =SUM(F50:F51) -> 240596.44 | I49: =SUM(F52:F54) -> 388644.53 | K49: =MIN(F49, L48+M49) -> 0 | L49: =(L48+M49-K49)*(1+W$10) -> 0 | M49: =MIN(H49-L48+F49,N48+O49) -> 0 | N49: =(N48+O49-M49)*(1+W$9) -> 0 | O49: =MIN(I49-N48+(H49-L48+F49),R48)-P49 -> 0 | Q49: ='Random Decades'!Q49 -> 0.042757706 | R49: =(R48-O49)*(1+W$8+Q49) -> 0 | S49: =L49+N49+R49 -> 0 | T49: =K49/(MAX(S48,0.001)) -> 0 | Y49: =_xlfn.NORM.INV(RAND(), 0,0.04775) -> 0.027455934 | Z49: =OFFSET($AF$2,$Z$13+ROW($A36)-1901,0,1,1) -> 0.24843858 | AA49: =OFFSET($AF$3,RANDBETWEEN(1945,2018)-1901,0,1,1) -> 0.10891202 | AB49: =OFFSET($AF$2,$AC$44+ROW($A6)-1901,0,1,1) -> 0.14358539 | AE49: =AE48+1 -> 1947 | AF49: 0.022573363 | AG49: =AG48*(1+AF49) -> 3.5383714 | AH49: =POWER(AG$120/AG48,1/ROWS(AG48:AG$119))-1 -> 0.070129073
A50: =A49+1 -> 102 | B50: =B49+1 -> 2066 | D50: =D49*(1+W$3) -> 193928.46 | E50: =E49*(1+W$3) -> 75408.046 | F50: =D50-E50 -> 118520.41 | H50: =SUM(F51:F52) -> 247814.33 | I50: =SUM(F53:F55) -> 400303.87 | K50: =MIN(F50, L49+M50) -> 0 | L50: =(L49+M50-K50)*(1+W$10) -> 0 | M50: =MIN(H50-L49+F50,N49+O50) -> 0 | N50: =(N49+O50-M50)*(1+W$9) -> 0 | O50: =MIN(I50-N49+(H50-L49+F50),R49)-P50 -> 0 | Q50: ='Random Decades'!Q50 -> -0.15193897 | R50: =(R49-O50)*(1+W$8+Q50) -> 0 | S50: =L50+N50+R50 -> 0 | T50: =K50/(MAX(S49,0.001)) -> 0 | Y50: =_xlfn.NORM.INV(RAND(), 0,0.04775) -> -0.0027469519 | Z50: =OFFSET($AF$2,$Z$13+ROW($A37)-1901,0,1,1) -> -0.32795998 | AA50: =OFFSET($AF$3,RANDBETWEEN(1945,2018)-1901,0,1,1) -> 0.02257384 | AB50: =OFFSET($AF$2,$AC$44+ROW($A7)-1901,0,1,1) -> 0.084323923 | AE50: =AE49+1 -> 1948 | AF50: -0.021523179 | AG50: =AG49*(1+AF50) -> 3.4622144 | AH50: =POWER(AG$120/AG49,1/ROWS(AG49:AG$119))-1 -> 0.07081443
A51: =A50+1 -> 103 | B51: =B50+1 -> 2067 | D51: =D50*(1+W$3) -> 199746.31 | E51: =E50*(1+W$3) -> 77670.288 | F51: =D51-E51 -> 122076.03 | H51: =SUM(F52:F53) -> 255248.76 | I51: =SUM(F54:F56) -> 412312.99 | K51: =MIN(F51, L50+M51) -> 0 | L51: =(L50+M51-K51)*(1+W$10) -> 0 | M51: =MIN(H51-L50+F51,N50+O51) -> 0 | N51: =(N50+O51-M51)*(1+W$9) -> 0 | O51: =MIN(I51-N50+(H51-L50+F51),R50)-P51 -> 0 | Q51: ='Random Decades'!Q51 -> 0.04810095 | R51: =(R50-O51)*(1+W$8+Q51) -> 0 | S51: =L51+N51+R51 -> 0 | T51: =K51/(MAX(S50,0.001)) -> 0 | Y51: =_xlfn.NORM.INV(RAND(), 0,0.04775) -> 0.01305477 | Z51: =OFFSET($AF$2,$Z$13+ROW($A38)-1901,0,1,1) -> 0.28039702 | AA51: =OFFSET($AF$3,RANDBETWEEN(1945,2018)-1901,0,1,1) -> 0.14358539 | AB51: =OFFSET($AF$2,$AC$44+ROW($A8)-1901,0,1,1) -> -0.037684138 | AE51: =AE50+1 -> 1949 | AF51: 0.1285956 | AG51: =AG50*(1+AF51) -> 3.90744 | AH51: =POWER(AG$120/AG50,1/ROWS(AG50:AG$119))-1 -> 0.072194798
A52: =A51+1 -> 104 | B52: =B51+1 -> 2068 | D52: =D51*(1+W$3) -> 205738.7 | E52: =E51*(1+W$3) -> 80000.396 | F52: =D52-E52 -> 125738.31 | H52: =SUM(F53:F54) -> 262906.23 | I52: =SUM(F55:F57) -> 424682.38 | K52: =MIN(F52, L51+M52) -> 0 | L52: =(L51+M52-K52)*(1+W$10) -> 0 | M52: =MIN(H52-L51+F52,N51+O52) -> 0 | N52: =(N51+O52-M52)*(1+W$9) -> 0 | O52: =MIN(I52-N51+(H52-L51+F52),R51)-P52 -> 0 | Q52: ='Random Decades'!Q52 -> 0.061151508 | R52: =(R51-O52)*(1+W$8+Q52) -> 0 | S52: =L52+N52+R52 -> 0 | T52: =K52/(MAX(S51,0.001)) -> 0 | Y52: =_xlfn.NORM.INV(RAND(), 0,0.04775) -> -0.042735854 | Z52: =OFFSET($AF$2,$Z$13+ROW($A39)-1901,0,1,1) -> -0.029715762 | AA52: =OFFSET($AF$3,RANDBETWEEN(1945,2018)-1901,0,1,1) -> 0.061151508 | AB52: =OFFSET($AF$2,$AC$44+ROW($A9)-1901,0,1,1) -> 0.43965824 | AE52: =AE51+1 -> 1950 | AF52: 0.17641179 | AG52: =AG51*(1+AF52) -> 4.5967584 | AH52: =POWER(AG$120/AG51,1/ROWS(AG51:AG$119))-1 -> 0.071398465
A53: =A52+1 -> 105 | B53: =B52+1 -> 2069 | D53: =D52*(1+W$3) -> 211910.86 | E53: =E52*(1+W$3) -> 82400.408 | F53: =D53-E53 -> 129510.46 | H53: =SUM(F54:F55) -> 270793.41 | I53: =SUM(F56:F58) -> 437422.85 | K53: =MIN(F53, L52+M53) -> 0 | L53: =(L52+M53-K53)*(1+W$10) -> 0 | M53: =MIN(H53-L52+F53,N52+O53) -> 0 | N53: =(N52+O53-M53)*(1+W$9) -> 0 | O53: =MIN(I53-N52+(H53-L52+F53),R52)-P53 -> 0 | Q53: ='Random Decades'!Q53 -> 0.3833171 | R53: =(R52-O53)*(1+W$8+Q53) -> 0 | S53: =L53+N53+R53 -> 0 | T53: =K53/(MAX(S52,0.001)) -> 0 | Y53: =_xlfn.NORM.INV(RAND(), 0,0.04775) -> -0.029550902 | Z53: =OFFSET($AF$2,$Z$13+ROW($A40)-1901,0,1,1) -> -0.12716378 | AA53: =OFFSET($AF$3,RANDBETWEEN(1945,2018)-1901,0,1,1) -> 0.022573363 | AB53: =OFFSET($AF$2,$AC$44+ROW($A10)-1901,0,1,1) -> 0.20771513 | AE53: =AE52+1 -> 1951 | AF53: 0.14358539 | AG53: =AG52*(1+AF53) -> 5.2567858 | AH53: =POWER(AG$120/AG52,1/ROWS(AG52:AG$119))-1 -> 0.069926239
A54: =A53+1 -> 106 | B54: =B53+1 -> 2070 | D54: =D53*(1+W$3) -> 218268.19 | E54: =E53*(1+W$3) -> 84872.421 | F54: =D54-E54 -> 133395.77 | H54: =SUM(F55:F56) -> 278917.22 | I54: =SUM(F57:F59) -> 450545.53 | K54: =MIN(F54, L53+M54) -> 0 | L54: =(L53+M54-K54)*(1+W$10) -> 0 | M54: =MIN(H54-L53+F54,N53+O54) -> 0 | N54: =(N53+O54-M54)*(1+W$9) -> 0 | O54: =MIN(I54-N53+(H54-L53+F54),R53)-P54 -> 0 | Q54: ='Random Decades'!Q54 -> 0.17867198 | R54: =(R53-O54)*(1+W$8+Q54) -> 0 | S54: =L54+N54+R54 -> 0 | T54: =K54/(MAX(S53,0.001)) -> 0 | Y54: =_xlfn.NORM.INV(RAND(), 0,0.04775) -> 0.022931902 | Z54: =OFFSET($AF$2,$Z$13+ROW($A41)-1901,0,1,1) -> -0.15331808 | AA54: =OFFSET($AF$3,RANDBETWEEN(1945,2018)-1901,0,1,1) -> 0.22583565 | AB54: =OFFSET($AF$2,$AC$54+ROW($A1)-1901,0,1,1) -> 0.021389947 | AC54: =RANDBETWEEN(1945, 2009) -> 1994 | AE54: =AE53+1 -> 1952 | AF54: 0.084323923 | AG54: =AG53*(1+AF54) -> 5.7000586 | AH54: =POWER(AG$120/AG53,1/ROWS(AG53:AG$119))-1 -> 0.068863568
A55: =A54+1 -> 107 | B55: =B54+1 -> 2071 | D55: =D54*(1+W$3) -> 224816.24 | E55: =E54*(1+W$3) -> 87418.593 | F55: =D55-E55 -> 137397.64 | H55: =SUM(F56:F57) -> 287284.73 | I55: =SUM(F58:F60) -> 464061.9 | K55: =MIN(F55, L54+M55) -> 0 | L55: =(L54+M55-K55)*(1+W$10) -> 0 | M55: =MIN(H55-L54+F55,N54+O55) -> 0 | N55: =(N54+O55-M55)*(1+W$9) -> 0 | O55: =MIN(I55-N54+(H55-L54+F55),R54)-P55 -> 0 | Q55: ='Random Decades'!Q55 -> -0.17268836 | R55: =(R54-O55)*(1+W$8+Q55) -> 0 | S55: =L55+N55+R55 -> 0 | T55: =K55/(MAX(S54,0.001)) -> 0 | Y55: =_xlfn.NORM.INV(RAND(), 0,0.04775) -> 0.014838835 | Z55: =OFFSET($AF$2,$Z$13+ROW($A42)-1901,0,1,1) -> 0.075675676 | AA55: =OFFSET($AF$3,RANDBETWEEN(1945,2018)-1901,0,1,1) -> 0.3833171 | AB55: =OFFSET($AF$2,$AC$54+ROW($A2)-1901,0,1,1) -> 0.33452431 | AE55: =AE54+1 -> 1953 | AF55: -0.037684138 | AG55: =AG54*(1+AF55) -> 5.4852568 | AH55: =POWER(AG$120/AG54,1/ROWS(AG54:AG$119))-1 -> 0.068631024
A56: =A55+1 -> 108 | B56: =B55+1 -> 2072 | D56: =D55*(1+W$3) -> 231560.72 | E56: =E55*(1+W$3) -> 90041.151 | F56: =D56-E56 -> 141519.57 | H56: =SUM(F57:F58) -> 295903.27 | I56: =SUM(F59:F61) -> 477983.76 | K56: =MIN(F56, L55+M56) -> 0 | L56: =(L55+M56-K56)*(1+W$10) -> 0 | M56: =MIN(H56-L55+F56,N55+O56) -> 0 | N56: =(N55+O56-M56)*(1+W$9) -> 0 | O56: =MIN(I56-N55+(H56-L55+F56),R55)-P56 -> 0 | Q56: ='Random Decades'!Q56 -> -0.031520693 | R56: =(R55-O56)*(1+W$8+Q56) -> 0 | S56: =L56+N56+R56 -> 0 | T56: =K56/(MAX(S55,0.001)) -> 0 | Y56: =_xlfn.NORM.INV(RAND(), 0,0.04775) -> 0.06544147 | Z56: =OFFSET($AF$2,$Z$13+ROW($A43)-1901,0,1,1) -> 0.13819095 | AA56: =OFFSET($AF$3,RANDBETWEEN(1945,2018)-1901,0,1,1) -> 0.06431735 | AB56: =OFFSET($AF$2,$AC$54+ROW($A3)-1901,0,1,1) -> 0.26014735 | AE56: =AE55+1 -> 1954 | AF56: 0.43965824 | AG56: =AG55*(1+AF56) -> 7.8968951 | AH56: =POWER(AG$120/AG55,1/ROWS(AG55:AG$119))-1 -> 0.070355227
A57: =A56+1 -> 109 | B57: =B56+1 -> 2073 | D57: =D56*(1+W$3) -> 238507.55 | E57: =E56*(1+W$3) -> 92742.385 | F57: =D57-E57 -> 145765.16 | H57: =SUM(F58:F59) -> 304780.37 | I57: =SUM(F60:F62) -> 492323.27 | K57: =MIN(F57, L56+M57) -> 0 | L57: =(L56+M57-K57)*(1+W$10) -> 0 | M57: =MIN(H57-L56+F57,N56+O57) -> 0 | N57: =(N56+O57-M57)*(1+W$9) -> 0 | O57: =MIN(I57-N56+(H57-L56+F57),R56)-P57 -> 0 | Q57: ='Random Decades'!Q57 -> 0.041863354 | R57: =(R56-O57)*(1+W$8+Q57) -> 0 | S57: =L57+N57+R57 -> 0 | T57: =K57/(MAX(S56,0.001)) -> 0 | Y57: =_xlfn.NORM.INV(RAND(), 0,0.04775) -> -0.0093882364 | Z57: =OFFSET($AF$2,$Z$13+ROW($A44)-1901,0,1,1) -> 0.12067697 | AA57: =OFFSET($AF$3,RANDBETWEEN(1945,2018)-1901,0,1,1) -> 0.14358539 | AB57: =OFFSET($AF$2,$AC$54+ROW($A4)-1901,0,1,1) -> 0.22641626 | AE57: =AE56+1 -> 1955 | AF57: 0.20771513 | AG57: =AG56*(1+AF57) -> 9.5371998 | AH57: =POWER(AG$120/AG56,1/ROWS(AG56:AG$119))-1 -> 0.065409352
A58: =A57+1 -> 110 | B58: =B57+1 -> 2074 | D58: =D57*(1+W$3) -> 245662.77 | E58: =E57*(1+W$3) -> 95524.657 | F58: =D58-E58 -> 150138.11 | H58: =SUM(F59:F60) -> 313923.78 | I58: =SUM(F61:F63) -> 507092.97 | K58: =MIN(F58, L57+M58) -> 0 | L58: =(L57+M58-K58)*(1+W$10) -> 0 | M58: =MIN(H58-L57+F58,N57+O58) -> 0 | N58: =(N57+O58-M58)*(1+W$9) -> 0 | O58: =MIN(I58-N57+(H58-L57+F58),R57)-P58 -> 0 | Q58: ='Random Decades'!Q58 -> 0.14939788 | R58: =(R57-O58)*(1+W$8+Q58) -> 0 | S58: =L58+N58+R58 -> 0 | T58: =K58/(MAX(S57,0.001)) -> 0 | Y58: =_xlfn.NORM.INV(RAND(), 0,0.04775) -> 0.022264649 | Z58: =OFFSET($AF$2,$Z$13+ROW($A45)-1901,0,1,1) -> 0.26657912 | AA58: =OFFSET($AF$3,RANDBETWEEN(1945,2018)-1901,0,1,1) -> 0.27657643 | AB58: =OFFSET($AF$2,$AC$54+ROW($A5)-1901,0,1,1) -> 0.16098276 | AE58: =AE57+1 -> 1956 | AF58: 0.022727273 | AG58: =AG57*(1+AF58) -> 9.7539543 | AH58: =POWER(AG$120/AG57,1/ROWS(AG57:AG$119))-1 -> 0.063291276
A59: =A58+1 -> 111 | B59: =B58+1 -> 2075 | D59: =D58*(1+W$3) -> 253032.65 | E59: =E58*(1+W$3) -> 98390.397 | F59: =D59-E59 -> 154642.26 | H59: =SUM(F60:F61) -> 323341.5 | I59: =SUM(F62:F64) -> 522305.76 | K59: =MIN(F59, L58+M59) -> 0 | L59: =(L58+M59-K59)*(1+W$10) -> 0 | M59: =MIN(H59-L58+F59,N58+O59) -> 0 | N59: =(N58+O59-M59)*(1+W$9) -> 0 | O59: =MIN(I59-N58+(H59-L58+F59),R58)-P59 -> 0 | Q59: ='Random Decades'!Q59 -> -0.092323651 | R59: =(R58-O59)*(1+W$8+Q59) -> 0 | S59: =L59+N59+R59 -> 0 | T59: =K59/(MAX(S58,0.001)) -> 0 | Y59: =_xlfn.NORM.INV(RAND(), 0,0.04775) -> -0.045805769 | Z59: =OFFSET($AF$2,$Z$13+ROW($A46)-1901,0,1,1) -> -0.081389321 | AA59: =OFFSET($AF$3,RANDBETWEEN(1945,2018)-1901,0,1,1) -> 0.25221644 | AB59: =OFFSET($AF$2,$AC$54+ROW($A6)-1901,0,1,1) -> 0.25221644 | AE59: =AE58+1 -> 1957 | AF59: -0.12772773 | AG59: =AG58*(1+AF59) -> 8.5081039 | AH59: =POWER(AG$120/AG58,1/ROWS(AG58:AG$119))-1 -> 0.06395855
A60: =A59+1 -> 112 | B60: =B59+1 -> 2076 | D60: =D59*(1+W$3) -> 260623.63 | E60: =E59*(1+W$3) -> 101342.11 | F60: =D60-E60 -> 159281.53 | H60: =SUM(F61:F62) -> 333041.74 | I60: =SUM(F63:F65) -> 537974.93 | K60: =MIN(F60, L59+M60) -> 0 | L60: =(L59+M60-K60)*(1+W$10) -> 0 | M60: =MIN(H60-L59+F60,N59+O60) -> 0 | N60: =(N59+O60-M60)*(1+W$9) -> 0 | O60: =MIN(I60-N59+(H60-L59+F60),R59)-P60 -> 0 | Q60: ='Random Decades'!Q60 -> 0.196 | R60: =(R59-O60)*(1+W$8+Q60) -> 0 | S60: =L60+N60+R60 -> 0 | T60: =K60/(MAX(S59,0.001)) -> 0 | Y60: =_xlfn.NORM.INV(RAND(), 0,0.04775) -> 0.010368863 | Z60: =OFFSET($AF$2,$Z$13+ROW($A47)-1901,0,1,1) -> 0.022573363 | AA60: =OFFSET($AF$3,RANDBETWEEN(1945,2018)-1901,0,1,1) -> 0.33968327 | AB60: =OFFSET($AF$2,$AC$54+ROW($A7)-1901,0,1,1) -> -0.061780797 | AE60: =AE59+1 -> 1958 | AF60: 0.33968327 | AG60: =AG59*(1+AF60) -> 11.398164 | AH60: =POWER(AG$120/AG59,1/ROWS(AG59:AG$119))-1 -> 0.067429042
A61: =A60+1 -> 113 | B61: =B60+1 -> 2077 | D61: =D60*(1+W$3) -> 268442.34 | E61: =E60*(1+W$3) -> 104382.37 | F61: =D61-E61 -> 164059.97 | H61: =SUM(F62:F63) -> 343032.99 | I61: =SUM(F64:F66) -> 554114.18 | K61: =MIN(F61, L60+M61) -> 0 | L61: =(L60+M61-K61)*(1+W$10) -> 0 | M61: =MIN(H61-L60+F61,N60+O61) -> 0 | N61: =(N60+O61-M61)*(1+W$9) -> 0 | O61: =MIN(I61-N60+(H61-L60+F61),R60)-P61 -> 0 | Q61: ='Random Decades'!Q61 -> 0.20267559 | R61: =(R60-O61)*(1+W$8+Q61) -> 0 | S61: =L61+N61+R61 -> 0 | T61: =K61/(MAX(S60,0.001)) -> 0 | Y61: =_xlfn.NORM.INV(RAND(), 0,0.04775) -> -0.014380738 | Z61: =OFFSET($AF$2,$Z$13+ROW($A48)-1901,0,1,1) -> -0.021523179 | AA61: =OFFSET($AF$3,RANDBETWEEN(1945,2018)-1901,0,1,1) -> 0.042757706 | AB61: =OFFSET($AF$2,$AC$54+ROW($A8)-1901,0,1,1) -> -0.070947825 | AE61: =AE60+1 -> 1959 | AF61: 0.16395409 | AG61: =AG60*(1+AF61) -> 13.26694 | AH61: =POWER(AG$120/AG60,1/ROWS(AG60:AG$119))-1 -> 0.063395038
A62: =A61+1 -> 114 | B62: =B61+1 -> 2078 | D62: =D61*(1+W$3) -> 276495.61 | E62: =E61*(1+W$3) -> 107513.84 | F62: =D62-E62 -> 168981.77 | H62: =SUM(F63:F64) -> 353323.98 | I62: =SUM(F65:F67) -> 570737.6 | K62: =MIN(F62, L61+M62) -> 0 | L62: =(L61+M62-K62)*(1+W$10) -> 0 | M62: =MIN(H62-L61+F62,N61+O62) -> 0 | N62: =(N61+O62-M62)*(1+W$9) -> 0 | O62: =MIN(I62-N61+(H62-L61+F62),R61)-P62 -> 0 | Q62: ='Random Decades'!Q62 -> -0.03734308 | R62: =(R61-O62)*(1+W$8+Q62) -> 0 | S62: =L62+N62+R62 -> 0 | T62: =K62/(MAX(S61,0.001)) -> 0 | Y62: =_xlfn.NORM.INV(RAND(), 0,0.04775) -> 0.031920845 | Z62: =OFFSET($AF$2,$Z$13+ROW($A49)-1901,0,1,1) -> 0.1285956 | AA62: =OFFSET($AF$3,RANDBETWEEN(1945,2018)-1901,0,1,1) -> -0.022332853 | AB62: =OFFSET($AF$2,$AC$54+ROW($A9)-1901,0,1,1) -> -0.1676266 | AE62: =AE61+1 -> 1960 | AF62: -0.093464822 | AG62: =AG61*(1+AF62) -> 12.026948 | AH62: =POWER(AG$120/AG61,1/ROWS(AG61:AG$119))-1 -> 0.061767735
A63: =A62+1 -> 115 | B63: =B62+1 -> 2079 | D63: =D62*(1+W$3) -> 284790.48 | E63: =E62*(1+W$3) -> 110739.26 | F63: =D63-E63 -> 174051.22 | H63: =SUM(F64:F65) -> 363923.7 | I63: =SUM(F66:F68) -> 587859.73 | K63: =MIN(F63, L62+M63) -> 0 | L63: =(L62+M63-K63)*(1+W$10) -> 0 | M63: =MIN(H63-L62+F63,N62+O63) -> 0 | N63: =(N62+O63-M63)*(1+W$9) -> 0 | O63: =MIN(I63-N62+(H63-L62+F63),R62)-P63 -> 0 | Q63: ='Random Decades'!Q63 -> -0.093464822 | R63: =(R62-O63)*(1+W$8+Q63) -> 0 | S63: =L63+N63+R63 -> 0 | T63: =K63/(MAX(S62,0.001)) -> 0 | Y63: =_xlfn.NORM.INV(RAND(), 0,0.04775) -> 0.016958536 | Z63: =OFFSET($AF$2,$Z$13+ROW($A50)-1901,0,1,1) -> 0.17641179 | AA63: =OFFSET($AF$3,RANDBETWEEN(1945,2018)-1901,0,1,1) -> 0.022727273 | AB63: =OFFSET($AF$2,$AC$54+ROW($A10)-1901,0,1,1) -> 0.25322029 | AE63: =AE62+1 -> 1961 | AF63: 0.18704335 | AG63: =AG62*(1+AF63) -> 14.276508 | AH63: =POWER(AG$120/AG62,1/ROWS(AG62:AG$119))-1 -> 0.064665193
A64: =A63+1 -> 116 | B64: =B63+1 -> 2080 | D64: =D63*(1+W$3) -> 293334.2 | E64: =E63*(1+W$3) -> 114061.44 | F64: =D64-E64 -> 179272.76 | H64: =SUM(F65:F66) -> 374841.42 | I64: =SUM(F67:F69) -> 605495.52 | K64: =MIN(F64, L63+M64) -> 0 | L64: =(L63+M64-K64)*(1+W$10) -> 0 | M64: =MIN(H64-L63+F64,N63+O64) -> 0 | N64: =(N63+O64-M64)*(1+W$9) -> 0 | O64: =MIN(I64-N63+(H64-L63+F64),R63)-P64 -> 0 | Q64: ='Random Decades'!Q64 -> 0.18704335 | R64: =(R63-O64)*(1+W$8+Q64) -> 0 | S64: =L64+N64+R64 -> 0 | T64: =K64/(MAX(S63,0.001)) -> 0 | Y64: =_xlfn.NORM.INV(RAND(), 0,0.04775) -> 0.020786673 | Z64: =OFFSET($AF$2,$Z$13+ROW($A51)-1901,0,1,1) -> 0.14358539 | AA64: =OFFSET($AF$3,RANDBETWEEN(1945,2018)-1901,0,1,1) -> -0.070947825 | AB64: =OFFSET($AF$2,$AC$64+ROW($A1)-1901,0,1,1) -> 0.33968327 | AC64: =RANDBETWEEN(1945, 2009) -> 1958 | AE64: =AE63+1 -> 1962 | AF64: -0.10805635 | AG64: =AG63*(1+AF64) -> 12.733841 | AH64: =POWER(AG$120/AG63,1/ROWS(AG63:AG$119))-1 -> 0.06263483
A65: =A64+1 -> 117 | B65: =B64+1 -> 2081 | D65: =D64*(1+W$3) -> 302134.22 | E65: =E64*(1+W$3) -> 117483.28 | F65: =D65-E65 -> 184650.94 | H65: =SUM(F66:F67) -> 386086.66 | I65: =SUM(F68:F70) -> 623660.39 | K65: =MIN(F65, L64+M65) -> 0 | L65: =(L64+M65-K65)*(1+W$10) -> 0 | M65: =MIN(H65-L64+F65,N64+O65) -> 0 | N65: =(N64+O65-M65)*(1+W$9) -> 0 | O65: =MIN(I65-N64+(H65-L64+F65),R64)-P65 -> 0 | Q65: ='Random Decades'!Q65 -> -0.10805635 | R65: =(R64-O65)*(1+W$8+Q65) -> 0 | S65: =L65+N65+R65 -> 0 | T65: =K65/(MAX(S64,0.001)) -> 0 | Y65: =_xlfn.NORM.INV(RAND(), 0,0.04775) -> 0.00056740417 | Z65: =OFFSET($AF$2,$Z$13+ROW($A52)-1901,0,1,1) -> 0.084323923 | AA65: =OFFSET($AF$3,RANDBETWEEN(1945,2018)-1901,0,1,1) -> -0.0060743763 | AB65: =OFFSET($AF$2,$AC$64+ROW($A2)-1901,0,1,1) -> 0.16395409 | AE65: =AE64+1 -> 1963 | AF65: 0.17006594 | AG65: =AG64*(1+AF65) -> 14.899434 | AH65: =POWER(AG$120/AG64,1/ROWS(AG64:AG$119))-1 -> 0.065962735
A66: =A65+1 -> 118 | B66: =B65+1 -> 2082 | D66: =D65*(1+W$3) -> 311198.25 | E66: =E65*(1+W$3) -> 121007.78 | F66: =D66-E66 -> 190190.47 | H66: =SUM(F67:F68) -> 397669.26 | I66: =SUM(F69:F71) -> 642370.2 | K66: =MIN(F66, L65+M66) -> 0 | L66: =(L65+M66-K66)*(1+W$10) -> 0 | M66: =MIN(H66-L65+F66,N65+O66) -> 0 | N66: =(N65+O66-M66)*(1+W$9) -> 0 | O66: =MIN(I66-N65+(H66-L65+F66),R65)-P66 -> 0 | Q66: ='Random Decades'!Q66 -> 0.17006594 | R66: =(R65-O66)*(1+W$8+Q66) -> 0 | S66: =L66+N66+R66 -> 0 | T66: =K66/(MAX(S65,0.001)) -> 0 | Y66: =_xlfn.NORM.INV(RAND(), 0,0.04775) -> 0.031577853 | Z66: =OFFSET($AF$2,$Z$13+ROW($A53)-1901,0,1,1) -> -0.037684138 | AA66: =OFFSET($AF$3,RANDBETWEEN(1945,2018)-1901,0,1,1) -> 0.26499412 | AB66: =OFFSET($AF$2,$AC$64+ROW($A3)-1901,0,1,1) -> -0.093464822 | AE66: =AE65+1 -> 1964 | AF66: 0.14560944 | AG66: =AG65*(1+AF66) -> 17.068932 | AH66: =POWER(AG$120/AG65,1/ROWS(AG65:AG$119))-1 -> 0.064158295
A67: =A66+1 -> 119 | B67: =B66+1 -> 2083 | D67: =D66*(1+W$3) -> 320534.2 | E67: =E66*(1+W$3) -> 124638.01 | F67: =D67-E67 -> 195896.19 | H67: =SUM(F68:F69) -> 409599.34 | I67: =SUM(F70:F72) -> 661641.3 | K67: =MIN(F67, L66+M67) -> 0 | L67: =(L66+M67-K67)*(1+W$10) -> 0 | M67: =MIN(H67-L66+F67,N66+O67) -> 0 | N67: =(N66+O67-M67)*(1+W$9) -> 0 | O67: =MIN(I67-N66+(H67-L66+F67),R66)-P67 -> 0 | Q67: ='Random Decades'!Q67 -> 0.14560944 | R67: =(R66-O67)*(1+W$8+Q67) -> 0 | S67: =L67+N67+R67 -> 0 | T67: =K67/(MAX(S66,0.001)) -> 0 | Y67: =_xlfn.NORM.INV(RAND(), 0,0.04775) -> -0.00089412113 | Z67: =OFFSET($AF$2,$Z$13+ROW($A54)-1901,0,1,1) -> 0.43965824 | AA67: =OFFSET($AF$3,RANDBETWEEN(1945,2018)-1901,0,1,1) -> 0.25322029 | AB67: =OFFSET($AF$2,$AC$64+ROW($A4)-1901,0,1,1) -> 0.18704335 | AE67: =AE66+1 -> 1965 | AF67: 0.10891202 | AG67: =AG66*(1+AF67) -> 18.927944 | AH67: =POWER(AG$120/AG66,1/ROWS(AG66:AG$119))-1 -> 0.062705872
A68: =A67+1 -> 120 | B68: =B67+1 -> 2084 | D68: =D67*(1+W$3) -> 330150.22 | E68: =E67*(1+W$3) -> 128377.15 | F68: =D68-E68 -> 201773.07 | H68: =SUM(F69:F70) -> 421887.32 | I68: =SUM(F71:F73) -> 681490.54 | K68: =MIN(F68, L67+M68) -> 0 | L68: =(L67+M68-K68)*(1+W$10) -> 0 | M68: =MIN(H68-L67+F68,N67+O68) -> 0 | N68: =(N67+O68-M68)*(1+W$9) -> 0 | O68: =MIN(I68-N67+(H68-L67+F68),R67)-P68 -> 0 | Q68: ='Random Decades'!Q68 -> 0.10891202 | R68: =(R67-O68)*(1+W$8+Q68) -> 0 | S68: =L68+N68+R68 -> 0 | T68: =K68/(MAX(S67,0.001)) -> 0 | Y68: =_xlfn.NORM.INV(RAND(), 0,0.04775) -> -0.099230889 | Z68: =OFFSET($AF$2,$Z$13+ROW($A55)-1901,0,1,1) -> 0.20771513 | AA68: =OFFSET($AF$3,RANDBETWEEN(1945,2018)-1901,0,1,1) -> 0.26499412 | AB68: =OFFSET($AF$2,$AC$64+ROW($A5)-1901,0,1,1) -> -0.10805635 | AE68: =AE67+1 -> 1966 | AF68: -0.18941504 | AG68: =AG67*(1+AF68) -> 15.342707 | AH68: =POWER(AG$120/AG67,1/ROWS(AG67:AG$119))-1 -> 0.061852821
A69: =A68+1 -> 121 | B69: =B68+1 -> 2085 | D69: =D68*(1+W$3) -> 340054.73 | E69: =E68*(1+W$3) -> 132228.47 | F69: =D69-E69 -> 207826.26 | H69: =SUM(F70:F71) -> 434543.93 | I69: =SUM(F72:F74) -> 701935.26 | K69: =MIN(F69, L68+M69) -> 0 | L69: =(L68+M69-K69)*(1+W$10) -> 0 | M69: =MIN(H69-L68+F69,N68+O69) -> 0 | N69: =(N68+O69-M69)*(1+W$9) -> 0 | O69: =MIN(I69-N68+(H69-L68+F69),R68)-P69 -> 0 | Q69: ='Random Decades'!Q69 -> -0.18941504 | R69: =(R68-O69)*(1+W$8+Q69) -> 0 | S69: =L69+N69+R69 -> 0 | T69: =K69/(MAX(S68,0.001)) -> 0 | Y69: =_xlfn.NORM.INV(RAND(), 0,0.04775) -> 0.044457523 | Z69: =OFFSET($AF$2,$Z$13+ROW($A56)-1901,0,1,1) -> 0.022727273 | AA69: =OFFSET($AF$3,RANDBETWEEN(1945,2018)-1901,0,1,1) -> -0.056302747 | AB69: =OFFSET($AF$2,$AC$64+ROW($A6)-1901,0,1,1) -> 0.17006594 | AE69: =AE68+1 -> 1967 | AF69: 0.1519664 | AG69: =AG68*(1+AF69) -> 17.674282 | AH69: =POWER(AG$120/AG68,1/ROWS(AG68:AG$119))-1 -> 0.067380923
A70: =A69+1 -> 122 | B70: =B69+1 -> 2086 | D70: =D69*(1+W$3) -> 350256.37 | E70: =E69*(1+W$3) -> 136195.32 | F70: =D70-E70 -> 214061.05 | H70: =SUM(F71:F72) -> 447580.25 | I70: =SUM(F73:F75) -> 722993.32 | K70: =MIN(F70, L69+M70) -> 0 | L70: =(L69+M70-K70)*(1+W$10) -> 0 | M70: =MIN(H70-L69+F70,N69+O70) -> 0 | N70: =(N69+O70-M70)*(1+W$9) -> 0 | O70: =MIN(I70-N69+(H70-L69+F70),R69)-P70 -> 0 | Q70: ='Random Decades'!Q70 -> 0.1519664 | R70: =(R69-O70)*(1+W$8+Q70) -> 0 | S70: =L70+N70+R70 -> 0 | T70: =K70/(MAX(S69,0.001)) -> 0 | Y70: =_xlfn.NORM.INV(RAND(), 0,0.04775) -> 0.07862621 | Z70: =OFFSET($AF$2,$Z$13+ROW($A57)-1901,0,1,1) -> -0.12772773 | AA70: =OFFSET($AF$3,RANDBETWEEN(1945,2018)-1901,0,1,1) -> -0.16578431 | AB70: =OFFSET($AF$2,$AC$64+ROW($A7)-1901,0,1,1) -> 0.14560944 | AE70: =AE69+1 -> 1968 | AF70: 0.042757706 | AG70: =AG69*(1+AF70) -> 18.429994 | AH70: =POWER(AG$120/AG69,1/ROWS(AG69:AG$119))-1 -> 0.065786015
